Workbook
Name \0: #REF!
Name \0: #REF!
Name \0: #REF!
Name \c: '[1]Bm 8'!#REF!
Name \c: '[1]Bm 8'!#REF!
Name \c: '[1]Bm 8'!#REF!
Name \d: '[1]Bm 8'!#REF!
Name \d: '[1]Bm 8'!#REF!
Name \d: '[1]Bm 8'!#REF!
Name \f: #N/A
Name \p: #N/A
Name \q: '[1]Bm 8'!#REF!
Name \q: '[1]Bm 8'!#REF!
Name \q: '[1]Bm 8'!#REF!
Name \s: '[1]Bm 8'!#REF!
Name \s: '[1]Bm 8'!#REF!
Name \s: '[1]Bm 8'!#REF!
Name \x: '[1]Bm 8'!#REF!
Name \x: '[1]Bm 8'!#REF!
Name \x: '[1]Bm 8'!#REF!
Name ______TR2: #REF!
Name ______TR2: #REF!
Name _____BOR1: '[1]Bm 8'!#REF!
Name _____BOR1: '[1]Bm 8'!#REF!
Name _____TR2: #REF!
Name _____TR2: #REF!
Name _____TR2: #REF!
Name ____BOR1: '[1]Bm 8'!#REF!
Name ____BOR1: '[1]Bm 8'!#REF!
Name ____TR2: #REF!
Name ____TR2: #REF!
Name ____TR2: #REF!
Name ___BOR1: '[1]Bm 8'!#REF!
Name ___BOR1: '[1]Bm 8'!#REF!
Name ___MAT1: #REF!
Name ___MAT1: #REF!
Name ___TR2: #REF!
Name ___TR2: #REF!
Name ___TR2: #REF!
Name __BOR1: '[1]Bm 8'!#REF!
Name __BOR1: '[1]Bm 8'!#REF!
Name __MAT1: #REF!
Name __MAT1: #REF!
Name __TR2: #REF!
Name __TR2: #REF!
Name __TR2: #REF!
Name __wal1: #REF!
Name __wal1: #REF!
Name __wal10: #REF!
Name __wal10: #REF!
Name __wal11: #REF!
Name __wal11: #REF!
Name __wal12: #REF!
Name __wal12: #REF!
Name __wal13: #REF!
Name __wal13: #REF!
Name __wal14: #REF!
Name __wal14: #REF!
Name __wal15: #REF!
Name __wal15: #REF!

Sheet QUANT-SERV-DRE-R AZUL
A1: Sem escoramento | F1: H= | I1: 1.3
A2: Esc. Contínuo | F2: H> | I2: 2.6
A7: PROJETO DE DRENAGEM DE ÁGUAS PLUVIÁIS
A8: RONDON DO PARÁ - BAIRRO RECANTO AZUL | X8: DATA: | Y8: 42134
A9: Planilha de quantidades de serviços drenagem de águas pluviais
A11: TRECHO | C11: EXT | E11: DIÂMETRO | J11: C. TERRENO | L11: C. COLETOR | N11: L | O11: PROFUND. | P11: Vol. Esc | Q11: Apiloam. | R11: BERÇO | T11: PROFUND. | U11: vol tubo | V11: Vol. R | W11: Bota fora | X11: ESCORAMENTO
A12: PVm | B12: PVj | C12: m | E12: INTERNO (m) | I12: EXTERNO (m) | J12: MONT. | K12: JUS. | L12: MONT. | M12: JUS. | N12: (m) | O12: MÉDIA (HM) (m) | P12: m3 | Q12: m² | R12: HB(m) | S12: Vol. B (m3) | T12: MÉDIA (m) | U12: m3 | V12: m3 | W12: m3 | X12: SEM ESCORAM. H <1,30m | Y12: DESCONTINUO 1,30m< H <2,60m | Z12: CONTÍNUO H >2,60m
A14: =#REF! -> #REF! | B14: =#REF! -> #REF! | C14: =#REF! -> #REF! | D14: =IF(E14=0,C14,2*C14) -> #REF! | F14: =H14/1000 -> #REF! | H14: =#REF! -> #REF! | I14: =F14*1.2 -> #REF! | J14: =#REF! -> #REF! | K14: =#REF! -> #REF! | L14: =#REF! -> #REF! | M14: =#REF! -> #REF! | N14: =IF(E14=0,I14+0.6,2*I14+0.6+0.5) -> #REF! | O14: =((J14-L14)+(K14-M14))/2 -> #REF! | P14: =N14*(O14+R14)*C14 -> #REF! | Q14: =N14*C14 -> #REF! | R14: 0.2 | S14: =N14*R14*C14 -> #REF! | T14: 1.605 | U14: =((3.1416*(I14^2))/4*C14) -> #REF! | V14: =IF(E14=0,P14-(S14+U14),P14-(2*U14+S14)) -> #REF! | W14: =(P14-V14)*1.3 -> #REF! | X14: =IF((O14+R14)<=1.3,(O14+R14)*2*C14,0) -> #REF! | Y14: =IF((O14+R14)<=$I$2,(O14+R14)*2*C14,0)-X14 -> #REF! | Z14: =IF((O14+R14)>$I$2,(O14+R14)*2*C14,0) -> #REF!
A15: =#REF! -> #REF! | B15: =#REF! -> #REF! | C15: =#REF! -> #REF! | D15: =IF(E15=0,C15,2*C15) -> #REF! | F15: =H15/1000 -> #REF! | H15: =#REF! -> #REF! | I15: =F15*1.2 -> #REF! | J15: =#REF! -> #REF! | K15: =#REF! -> #REF! | L15: =#REF! -> #REF! | M15: =#REF! -> #REF! | N15: =IF(E15=0,I15+0.6,2*I15+0.6+0.5) -> #REF! | O15: =((J15-L15)+(K15-M15))/2 -> #REF! | P15: =N15*(O15+R15)*C15 -> #REF! | Q15: =N15*C15 -> #REF! | R15: 0.2 | S15: =N15*R15*C15 -> #REF! | T15: 1.605 | U15: =((3.1416*(I15^2))/4*C15) -> #REF! | V15: =IF(E15=0,P15-(S15+U15),P15-(2*U15+S15)) -> #REF! | W15: =(P15-V15)*1.3 -> #REF! | X15: =IF((O15+R15)<=1.3,(O15+R15)*2*C15,0) -> #REF! | Y15: =IF((O15+R15)<=$I$2,(O15+R15)*2*C15,0)-X15 -> #REF! | Z15: =IF((O15+R15)>$I$2,(O15+R15)*2*C15,0) -> #REF!
A16: =#REF! -> #REF! | B16: =#REF! -> #REF! | C16: =#REF! -> #REF! | D16: =IF(E16=0,C16,2*C16) -> #REF! | F16: =H16/1000 -> #REF! | H16: =#REF! -> #REF! | I16: =F16*1.2 -> #REF! | J16: =#REF! -> #REF! | K16: =#REF! -> #REF! | L16: =#REF! -> #REF! | M16: =#REF! -> #REF! | N16: =IF(E16=0,I16+0.6,2*I16+0.6+0.5) -> #REF! | O16: =((J16-L16)+(K16-M16))/2 -> #REF! | P16: =N16*(O16+R16)*C16 -> #REF! | Q16: =N16*C16 -> #REF! | R16: 0.2 | S16: =N16*R16*C16 -> #REF! | T16: 1.605 | U16: =((3.1416*(I16^2))/4*C16) -> #REF! | V16: =IF(E16=0,P16-(S16+U16),P16-(2*U16+S16)) -> #REF! | W16: =(P16-V16)*1.3 -> #REF! | X16: =IF((O16+R16)<=1.3,(O16+R16)*2*C16,0) -> #REF! | Y16: =IF((O16+R16)<=$I$2,(O16+R16)*2*C16,0)-X16 -> #REF! | Z16: =IF((O16+R16)>$I$2,(O16+R16)*2*C16,0) -> #REF!
A17: =#REF! -> #REF! | B17: =#REF! -> #REF! | C17: =#REF! -> #REF! | D17: =IF(E17=0,C17,2*C17) -> #REF! | F17: =H17/1000 -> #REF! | H17: =#REF! -> #REF! | I17: =F17*1.2 -> #REF! | J17: =#REF! -> #REF! | K17: =#REF! -> #REF! | L17: =#REF! -> #REF! | M17: =#REF! -> #REF! | N17: =IF(E17=0,I17+0.6,2*I17+0.6+0.5) -> #REF! | O17: =((J17-L17)+(K17-M17))/2 -> #REF! | P17: =N17*(O17+R17)*C17 -> #REF! | Q17: =N17*C17 -> #REF! | R17: 0.2 | S17: =N17*R17*C17 -> #REF! | T17: 1.605 | U17: =((3.1416*(I17^2))/4*C17) -> #REF! | V17: =IF(E17=0,P17-(S17+U17),P17-(2*U17+S17)) -> #REF! | W17: =(P17-V17)*1.3 -> #REF! | X17: =IF((O17+R17)<=1.3,(O17+R17)*2*C17,0) -> #REF! | Y17: =IF((O17+R17)<=$I$2,(O17+R17)*2*C17,0)-X17 -> #REF! | Z17: =IF((O17+R17)>$I$2,(O17+R17)*2*C17,0) -> #REF!
A18: =#REF! -> #REF! | B18: =#REF! -> #REF! | C18: =#REF! -> #REF! | D18: =IF(E18=0,C18,2*C18) -> #REF! | F18: =H18/1000 -> #REF! | H18: =#REF! -> #REF! | I18: =F18*1.2 -> #REF! | J18: =#REF! -> #REF! | K18: =#REF! -> #REF! | L18: =#REF! -> #REF! | M18: =#REF! -> #REF! | N18: =IF(E18=0,I18+0.6,2*I18+0.6+0.5) -> #REF! | O18: =((J18-L18)+(K18-M18))/2 -> #REF! | P18: =N18*(O18+R18)*C18 -> #REF! | Q18: =N18*C18 -> #REF! | R18: 0.2 | S18: =N18*R18*C18 -> #REF! | T18: 1.605 | U18: =((3.1416*(I18^2))/4*C18) -> #REF! | V18: =IF(E18=0,P18-(S18+U18),P18-(2*U18+S18)) -> #REF! | W18: =(P18-V18)*1.3 -> #REF! | X18: =IF((O18+R18)<=1.3,(O18+R18)*2*C18,0) -> #REF! | Y18: =IF((O18+R18)<=$I$2,(O18+R18)*2*C18,0)-X18 -> #REF! | Z18: =IF((O18+R18)>$I$2,(O18+R18)*2*C18,0) -> #REF!
A19: =#REF! -> #REF! | B19: =#REF! -> #REF! | C19: =#REF! -> #REF! | D19: =IF(E19=0,C19,2*C19) -> #REF! | F19: =H19/1000 -> #REF! | H19: =#REF! -> #REF! | I19: =F19*1.2 -> #REF! | J19: =#REF! -> #REF! | K19: =#REF! -> #REF! | L19: =#REF! -> #REF! | M19: =#REF! -> #REF! | N19: =IF(E19=0,I19+0.6,2*I19+0.6+0.5) -> #REF! | O19: =((J19-L19)+(K19-M19))/2 -> #REF! | P19: =N19*(O19+R19)*C19 -> #REF! | Q19: =N19*C19 -> #REF! | R19: 0.2 | S19: =N19*R19*C19 -> #REF! | T19: 1.605 | U19: =((3.1416*(I19^2))/4*C19) -> #REF! | V19: =IF(E19=0,P19-(S19+U19),P19-(2*U19+S19)) -> #REF! | W19: =(P19-V19)*1.3 -> #REF! | X19: =IF((O19+R19)<=1.3,(O19+R19)*2*C19,0) -> #REF! | Y19: =IF((O19+R19)<=$I$2,(O19+R19)*2*C19,0)-X19 -> #REF! | Z19: =IF((O19+R19)>$I$2,(O19+R19)*2*C19,0) -> #REF!
A20: =#REF! -> #REF! | B20: =#REF! -> #REF! | C20: =#REF! -> #REF! | D20: =IF(E20=0,C20,2*C20) -> #REF! | F20: =H20/1000 -> #REF! | H20: =#REF! -> #REF! | I20: =F20*1.2 -> #REF! | J20: =#REF! -> #REF! | K20: =#REF! -> #REF! | L20: =#REF! -> #REF! | M20: =#REF! -> #REF! | N20: =IF(E20=0,I20+0.6,2*I20+0.6+0.5) -> #REF! | O20: =((J20-L20)+(K20-M20))/2 -> #REF! | P20: =N20*(O20+R20)*C20 -> #REF! | Q20: =N20*C20 -> #REF! | R20: 0.2 | S20: =N20*R20*C20 -> #REF! | T20: 1.605 | U20: =((3.1416*(I20^2))/4*C20) -> #REF! | V20: =IF(E20=0,P20-(S20+U20),P20-(2*U20+S20)) -> #REF! | W20: =(P20-V20)*1.3 -> #REF! | X20: =IF((O20+R20)<=1.3,(O20+R20)*2*C20,0) -> #REF! | Y20: =IF((O20+R20)<=$I$2,(O20+R20)*2*C20,0)-X20 -> #REF! | Z20: =IF((O20+R20)>$I$2,(O20+R20)*2*C20,0) -> #REF!
A21: =#REF! -> #REF! | B21: =#REF! -> #REF! | C21: =#REF! -> #REF! | D21: =IF(E21=0,C21,2*C21) -> #REF! | F21: =H21/1000 -> #REF! | H21: =#REF! -> #REF! | I21: =F21*1.2 -> #REF! | J21: =#REF! -> #REF! | K21: =#REF! -> #REF! | L21: =#REF! -> #REF! | M21: =#REF! -> #REF! | N21: =IF(E21=0,I21+0.6,2*I21+0.6+0.5) -> #REF! | O21: =((J21-L21)+(K21-M21))/2 -> #REF! | P21: =N21*(O21+R21)*C21 -> #REF! | Q21: =N21*C21 -> #REF! | R21: 0.2 | S21: =N21*R21*C21 -> #REF! | T21: 1.605 | U21: =((3.1416*(I21^2))/4*C21) -> #REF! | V21: =IF(E21=0,P21-(S21+U21),P21-(2*U21+S21)) -> #REF! | W21: =(P21-V21)*1.3 -> #REF! | X21: =IF((O21+R21)<=1.3,(O21+R21)*2*C21,0) -> #REF! | Y21: =IF((O21+R21)<=$I$2,(O21+R21)*2*C21,0)-X21 -> #REF! | Z21: =IF((O21+R21)>$I$2,(O21+R21)*2*C21,0) -> #REF!
A22: =#REF! -> #REF! | B22: =#REF! -> #REF! | C22: =#REF! -> #REF! | D22: =IF(E22=0,C22,2*C22) -> #REF! | F22: =H22/1000 -> #REF! | H22: =#REF! -> #REF! | I22: =F22*1.2 -> #REF! | J22: =#REF! -> #REF! | K22: =#REF! -> #REF! | L22: =#REF! -> #REF! | M22: =#REF! -> #REF! | N22: =IF(E22=0,I22+0.6,2*I22+0.6+0.5) -> #REF! | O22: =((J22-L22)+(K22-M22))/2 -> #REF! | P22: =N22*(O22+R22)*C22 -> #REF! | Q22: =N22*C22 -> #REF! | R22: 0.2 | S22: =N22*R22*C22 -> #REF! | T22: 1.605 | U22: =((3.1416*(I22^2))/4*C22) -> #REF! | V22: =IF(E22=0,P22-(S22+U22),P22-(2*U22+S22)) -> #REF! | W22: =(P22-V22)*1.3 -> #REF! | X22: =IF((O22+R22)<=1.3,(O22+R22)*2*C22,0) -> #REF! | Y22: =IF((O22+R22)<=$I$2,(O22+R22)*2*C22,0)-X22 -> #REF! | Z22: =IF((O22+R22)>$I$2,(O22+R22)*2*C22,0) -> #REF!
A23: =#REF! -> #REF! | B23: =#REF! -> #REF! | C23: =#REF! -> #REF! | D23: =IF(E23=0,C23,2*C23) -> #REF! | F23: =H23/1000 -> #REF! | H23: =#REF! -> #REF! | I23: =F23*1.2 -> #REF! | J23: =#REF! -> #REF! | K23: =#REF! -> #REF! | L23: =#REF! -> #REF! | M23: =#REF! -> #REF! | N23: =IF(E23=0,I23+0.6,2*I23+0.6+0.5) -> #REF! | O23: =((J23-L23)+(K23-M23))/2 -> #REF! | P23: =N23*(O23+R23)*C23 -> #REF! | Q23: =N23*C23 -> #REF! | R23: 0.2 | S23: =N23*R23*C23 -> #REF! | T23: 1.605 | U23: =((3.1416*(I23^2))/4*C23) -> #REF! | V23: =IF(E23=0,P23-(S23+U23),P23-(2*U23+S23)) -> #REF! | W23: =(P23-V23)*1.3 -> #REF! | X23: =IF((O23+R23)<=1.3,(O23+R23)*2*C23,0) -> #REF! | Y23: =IF((O23+R23)<=$I$2,(O23+R23)*2*C23,0)-X23 -> #REF! | Z23: =IF((O23+R23)>$I$2,(O23+R23)*2*C23,0) -> #REF!
A24: =#REF! -> #REF! | B24: =#REF! -> #REF! | C24: =#REF! -> #REF! | D24: =IF(E24=0,C24,2*C24) -> #REF! | F24: =H24/1000 -> #REF! | H24: =#REF! -> #REF! | I24: =F24*1.2 -> #REF! | J24: =#REF! -> #REF! | K24: =#REF! -> #REF! | L24: =#REF! -> #REF! | M24: =#REF! -> #REF! | N24: =IF(E24=0,I24+0.6,2*I24+0.6+0.5) -> #REF! | O24: =((J24-L24)+(K24-M24))/2 -> #REF! | P24: =N24*(O24+R24)*C24 -> #REF! | Q24: =N24*C24 -> #REF! | R24: 0.2 | S24: =N24*R24*C24 -> #REF! | T24: 1.605 | U24: =((3.1416*(I24^2))/4*C24) -> #REF! | V24: =IF(E24=0,P24-(S24+U24),P24-(2*U24+S24)) -> #REF! | W24: =(P24-V24)*1.3 -> #REF! | X24: =IF((O24+R24)<=1.3,(O24+R24)*2*C24,0) -> #REF! | Y24: =IF((O24+R24)<=$I$2,(O24+R24)*2*C24,0)-X24 -> #REF! | Z24: =IF((O24+R24)>$I$2,(O24+R24)*2*C24,0) -> #REF!
A25: 4A | B25: 9 | C25: 74 | F25: 1 | I25: 1.2 | J25: =209.18 -> 209.18 | K25: 205 | L25: 208.3 | M25: 203.35 | N25: =IF(E25=0,I25+0.6,2*I25+0.6+0.5) -> 1.8 | O25: =((J25-L25)+(K25-M25))/2 -> 1.265 | P25: =N25*(O25+R25)*C25 -> 328.338 | Q25: =N25*C25 -> 133.2 | R25: 1.2 | S25: =N25*R25*C25 -> 159.84 | T25: 2.605 | U25: =((3.1416*(I25^2))/4*C25) -> 83.692224 | V25: =IF(E25=0,P25-(S25+U25),P25-(2*U25+S25)) -> 84.805776 | W25: =(P25-V25)*1.3 -> 316.59189 | X25: =IF((O25+R25)<=1.3,(O25+R25)*2*C25,0) -> 0 | Y25: =IF((O25+R25)<=$I$2,(O25+R25)*2*C25,0)-X25 -> 364.82 | Z25: =IF((O25+R25)>$I$2,(O25+R25)*2*C25,0) -> 0
A26: 6 | B26: 9 | C26: 67 | F26: 1 | I26: 1.2 | J26: 211 | K26: 205 | L26: 207.88 | M26: 203.35 | N26: =IF(E26=0,I26+0.6,2*I26+0.6+0.5) -> 1.8 | O26: =((J26-L26)+(K26-M26))/2 -> 2.385 | P26: =N26*(O26+R26)*C26 -> 552.951 | Q26: =N26*C26 -> 120.6 | R26: 2.2 | S26: =N26*R26*C26 -> 265.32 | T26: 3.605 | U26: =((3.1416*(I26^2))/4*C26) -> 75.775392 | V26: =IF(E26=0,P26-(S26+U26),P26-(2*U26+S26)) -> 211.85561 | W26: =(P26-V26)*1.3 -> 443.42401 | X26: =IF((O26+R26)<=1.3,(O26+R26)*2*C26,0) -> 0 | Y26: =IF((O26+R26)<=$I$2,(O26+R26)*2*C26,0)-X26 -> 0 | Z26: =IF((O26+R26)>$I$2,(O26+R26)*2*C26,0) -> 614.39
A27: 10 | B27: 11 | C27: 44 | F27: 1 | I27: 1.2 | J27: 206.25 | K27: 201.5 | L27: 203.28 | M27: 200.2 | N27: =IF(E27=0,I27+0.6,2*I27+0.6+0.5) -> 1.8 | O27: =((J27-L27)+(K27-M27))/2 -> 2.135 | P27: =N27*(O27+R27)*C27 -> 422.532 | Q27: =N27*C27 -> 79.2 | R27: 3.2 | S27: =N27*R27*C27 -> 253.44 | T27: 4.605 | U27: =((3.1416*(I27^2))/4*C27) -> 49.762944 | V27: =IF(E27=0,P27-(S27+U27),P27-(2*U27+S27)) -> 119.32906 | W27: =(P27-V27)*1.3 -> 394.16383 | X27: =IF((O27+R27)<=1.3,(O27+R27)*2*C27,0) -> 0 | Y27: =IF((O27+R27)<=$I$2,(O27+R27)*2*C27,0)-X27 -> 0 | Z27: =IF((O27+R27)>$I$2,(O27+R27)*2*C27,0) -> 469.48
A39: LIGAÇÃO BL/PV | C39: =#REF! -> #REF! | F39: 0.5 | H39: =#REF! -> #REF! | I39: =F39*1.2 -> 0.6 | N39: =I39+0.6 -> 1.2 | O39: 1.2 | P39: =N39*(O39+R39)*C39 -> #REF! | Q39: =N39*C39 -> #REF! | R39: 0.2 | S39: =N39*R39*C39 -> #REF! | T39: 1.4 | U39: =((3.1416*(I39^2))/4*C39) -> #REF! | V39: =IF(E39=0,P39-(S39+U39),P39-(2*U39+S39)) -> #REF! | W39: =(P39-V39)*1.3 -> #REF! | X39: =IF((O39+R39)<=1.3,(O39+R39)*2*C39,0) -> 0 | Y39: =IF((O39+R39)<=$I$2,(O39+R39)*2*C39,0)-X39 -> #REF! | Z39: =IF((O39+R39)>$I$2,(O39+R39)*2*C39,0) -> 0
B41: TOTAL | P41: =SUM(P13:P40) -> #REF! | Q41: =SUM(Q13:Q40) -> #REF! | S41: =SUM(S13:S40) -> #REF! | V41: =SUM(V13:V40) -> #REF! | W41: =SUM(W13:W40) -> #REF! | Y41: =SUM(Y14:Y40) -> #REF! | Z41: =SUM(Z13:Z40) -> #REF!
F43: PAGO | P43: =SUM(P15,P23,P25:P26) -> #REF! | Q43: =SUM(Q15,Q23,Q25:Q26) -> #REF! | S43: =SUM(S15,S23,S25:S26) -> #REF! | T43: =SUM(T15,T23,T25:T26) -> 9.42 | V43: =SUM(V15,V23,V25:V26) -> #REF! | W43: =SUM(W15,W23,W25:W26) -> #REF! | Y43: =SUM(Y15,Y23,Y25:Y26) -> #REF! | Z43: =SUM(Z15,Z23,Z25:Z26) -> #REF!
P45: =P41-P43 -> #REF! | Q45: =Q41-Q43 -> #REF! | S45: =S41-S43 -> #REF! | T45: =T41-T43 -> -9.42 | V45: =V41-V43 -> #REF! | W45: =W41-W43 -> #REF! | Y45: =Y41-Y43 -> #REF! | Z45: =Z41-Z43 -> #REF!

Sheet QUANT-MAT-DRE-R AZUL
A2: PROJETO DE DRENAGEM DE ÁGUAS PLUVIÁIS
A3: RONDON DO PARÁ - BAIRRO RECANTO AZUL
A4: Planilha de quantidades de materiais de drenagem de águas pluviais
A5: TRECHO | D5: BL | E5: EXTENSÃO POR DIÂMETRO | L5: PV POR DIÂMETRO | AH5: ALAS POR DIÂMETRO
A6: PVm | B6: PVj | C6: EXT | D6: un | E6: 400 | F6: 500 | G6: 600 | H6: 800 | I6: 1000 | J6: 1200 | K6: PV | L6: 400 | M6: 500 | N6: 600 | O6: 800 | P6: 1000 | Q6: 1200 | R6: PV | S6: 2x800 | T6: 2x1000 | U6: 2x1200 | V6: 400 | W6: 500 | X6: 600 | Y6: 800 | Z6: 1000 | AA6: 1200 | AB6: 2x800 | AC6: 2x1000 | AD6: 2x1200 | AH6: 400 | AI6: 500 | AJ6: 600 | AK6: 800 | AL6: 1000 | AM6: 1200 | AO6: 2x800 | AP6: 2x1000 | AQ6: 2x1200
A8: =#REF! -> #REF! | B8: =#REF! -> #REF! | C8: =IF(#REF!=0,#REF!,2*#REF!) -> #REF! | D8: =#REF! -> #REF! | E8: =IF(#REF!='QUANT-MAT-DRE-R AZUL'!E$6,$C8,0) -> #REF! | F8: =IF(#REF!='QUANT-MAT-DRE-R AZUL'!F$6,$C8,0) -> #REF! | G8: =IF(#REF!='QUANT-MAT-DRE-R AZUL'!G$6,$C8,0) -> #REF! | H8: =IF(#REF!='QUANT-MAT-DRE-R AZUL'!H$6,$C8,0) -> #REF! | I8: =IF(#REF!='QUANT-MAT-DRE-R AZUL'!I$6,$C8,0) -> #REF! | J8: =IF(#REF!='QUANT-MAT-DRE-R AZUL'!J$6,$C8,0) -> #REF! | K8: =IF(#REF!=0,1,0) -> #REF! | L8: =IF(#REF!='QUANT-MAT-DRE-R AZUL'!L$6,1*$K8,0) -> #REF! | M8: =IF(#REF!='QUANT-MAT-DRE-R AZUL'!M$6,1*$K8,0) -> #REF! | N8: =IF(#REF!='QUANT-MAT-DRE-R AZUL'!N$6,1*$K8,0) -> #REF! | O8: =IF(#REF!='QUANT-MAT-DRE-R AZUL'!O$6,1*$K8,0) -> #REF! | P8: =IF(#REF!='QUANT-MAT-DRE-R AZUL'!P$6,1*$K8,0) -> #REF! | Q8: =IF(#REF!='QUANT-MAT-DRE-R AZUL'!Q$6,1*$K8,0) -> #REF! | R8: =IF(#REF!=0,0,1) -> #REF! | S8: =IF(#REF!='QUANT-MAT-DRE-R AZUL'!O$6,1*$R8,0) -> #REF! | T8: =IF(#REF!='QUANT-MAT-DRE-R AZUL'!P$6,1*$R8,0) -> #REF! | U8: =IF(#REF!='QUANT-MAT-DRE-R AZUL'!Q$6,1*$R8,0) -> #REF! | V8: =IF(#REF!>2,L8,0) -> #REF! | W8: =IF(#REF!>2,M8,0) -> #REF! | X8: =IF(#REF!>2,N8,0) -> #REF! | Y8: =IF(#REF!>2,O8,0) -> #REF! | Z8: =IF(#REF!>23,P8,0) -> #REF! | AA8: =IF(#REF!>2,Q8,0) -> #REF! | AB8: =IF(#REF!>2,S8,0) -> #REF! | AC8: =IF(#REF!>2,T8,0) -> #REF! | AD8: =IF(#REF!>2,U8,0) -> #REF! | AF8: =IF(#REF!="L",1,0) -> #REF! | AG8: =IF(#REF!=0,1,0) -> #REF! | AH8: =IF(#REF!='QUANT-MAT-DRE-R AZUL'!AH$6,1*$AF8,0)*$AG8 -> #REF! | AI8: =IF(#REF!='QUANT-MAT-DRE-R AZUL'!AI$6,1*$AF8,0)*$AG8 -> #REF! | AJ8: =IF(#REF!='QUANT-MAT-DRE-R AZUL'!AJ$6,1*$AF8,0)*$AG8 -> #REF! | AK8: =IF(#REF!='QUANT-MAT-DRE-R AZUL'!AK$6,1*$AF8,0)*$AG8 -> #REF! | AL8: =IF(#REF!='QUANT-MAT-DRE-R AZUL'!AL$6,1*$AF8,0)*$AG8 -> #REF! | AM8: =IF(#REF!='QUANT-MAT-DRE-R AZUL'!AM$6,1*$AF8,0)*$AG8 -> #REF! | AN8: =IF(#REF!=0,0,1) -> #REF! | AO8: =IF(#REF!='QUANT-MAT-DRE-R AZUL'!AK$6,$AF8*$AN8,0) -> #REF! | AP8: =IF(#REF!='QUANT-MAT-DRE-R AZUL'!AL$6,$AF8*$AN8,0) -> #REF! | AQ8: =IF(#REF!='QUANT-MAT-DRE-R AZUL'!AM$6,$AF8*$AN8,0) -> #REF!
A9: =#REF! -> #REF! | B9: =#REF! -> #REF! | C9: =IF(#REF!=0,#REF!,2*#REF!) -> #REF! | D9: =#REF! -> #REF! | E9: =IF(#REF!='QUANT-MAT-DRE-R AZUL'!E$6,$C9,0) -> #REF! | F9: =IF(#REF!='QUANT-MAT-DRE-R AZUL'!F$6,$C9,0) -> #REF! | G9: =IF(#REF!='QUANT-MAT-DRE-R AZUL'!G$6,$C9,0) -> #REF! | H9: =IF(#REF!='QUANT-MAT-DRE-R AZUL'!H$6,$C9,0) -> #REF! | I9: =IF(#REF!='QUANT-MAT-DRE-R AZUL'!I$6,$C9,0) -> #REF! | J9: =IF(#REF!='QUANT-MAT-DRE-R AZUL'!J$6,$C9,0) -> #REF! | K9: =IF(#REF!=0,1,0) -> #REF! | L9: =IF(#REF!='QUANT-MAT-DRE-R AZUL'!L$6,1*$K9,0) -> #REF! | M9: =IF(#REF!='QUANT-MAT-DRE-R AZUL'!M$6,1*$K9,0) -> #REF! | N9: =IF(#REF!='QUANT-MAT-DRE-R AZUL'!N$6,1*$K9,0) -> #REF! | O9: =IF(#REF!='QUANT-MAT-DRE-R AZUL'!O$6,1*$K9,0) -> #REF! | P9: =IF(#REF!='QUANT-MAT-DRE-R AZUL'!P$6,1*$K9,0) -> #REF! | Q9: =IF(#REF!='QUANT-MAT-DRE-R AZUL'!Q$6,1*$K9,0) -> #REF! | R9: =IF(#REF!=0,0,1) -> #REF! | S9: =IF(#REF!='QUANT-MAT-DRE-R AZUL'!O$6,1*$R9,0) -> #REF! | T9: =IF(#REF!='QUANT-MAT-DRE-R AZUL'!P$6,1*$R9,0) -> #REF! | U9: =IF(#REF!='QUANT-MAT-DRE-R AZUL'!Q$6,1*$R9,0) -> #REF! | V9: =IF(#REF!>2,L9,0) -> #REF! | W9: =IF(#REF!>2,M9,0) -> #REF! | X9: =IF(#REF!>2,N9,0) -> #REF! | Y9: =IF(#REF!>2,O9,0) -> #REF! | Z9: =IF(#REF!>23,P9,0) -> #REF! | AA9: =IF(#REF!>2,Q9,0) -> #REF! | AB9: =IF(#REF!>2,S9,0) -> #REF! | AC9: =IF(#REF!>2,T9,0) -> #REF! | AD9: =IF(#REF!>2,U9,0) -> #REF! | AF9: =IF(#REF!="L",1,0) -> #REF! | AG9: =IF(#REF!=0,1,0) -> #REF! | AH9: =IF(#REF!='QUANT-MAT-DRE-R AZUL'!AH$6,1*$AF9,0)*$AG9 -> #REF! | AI9: =IF(#REF!='QUANT-MAT-DRE-R AZUL'!AI$6,1*$AF9,0)*$AG9 -> #REF! | AJ9: =IF(#REF!='QUANT-MAT-DRE-R AZUL'!AJ$6,1*$AF9,0)*$AG9 -> #REF! | AK9: =IF(#REF!='QUANT-MAT-DRE-R AZUL'!AK$6,1*$AF9,0)*$AG9 -> #REF! | AL9: =IF(#REF!='QUANT-MAT-DRE-R AZUL'!AL$6,1*$AF9,0)*$AG9 -> #REF! | AM9: =IF(#REF!='QUANT-MAT-DRE-R AZUL'!AM$6,1*$AF9,0)*$AG9 -> #REF! | AN9: =IF(#REF!=0,0,1) -> #REF! | AO9: =IF(#REF!='QUANT-MAT-DRE-R AZUL'!AK$6,$AF9*$AN9,0) -> #REF! | AP9: =IF(#REF!='QUANT-MAT-DRE-R AZUL'!AL$6,$AF9*$AN9,0) -> #REF! | AQ9: =IF(#REF!='QUANT-MAT-DRE-R AZUL'!AM$6,$AF9*$AN9,0) -> #REF!
A10: =#REF! -> #REF! | B10: =#REF! -> #REF! | C10: =IF(#REF!=0,#REF!,2*#REF!) -> #REF! | D10: =#REF! -> #REF! | E10: =IF(#REF!='QUANT-MAT-DRE-R AZUL'!E$6,$C10,0) -> #REF! | F10: =IF(#REF!='QUANT-MAT-DRE-R AZUL'!F$6,$C10,0) -> #REF! | G10: =IF(#REF!='QUANT-MAT-DRE-R AZUL'!G$6,$C10,0) -> #REF! | H10: =IF(#REF!='QUANT-MAT-DRE-R AZUL'!H$6,$C10,0) -> #REF! | I10: =IF(#REF!='QUANT-MAT-DRE-R AZUL'!I$6,$C10,0) -> #REF! | J10: =IF(#REF!='QUANT-MAT-DRE-R AZUL'!J$6,$C10,0) -> #REF! | K10: =IF(#REF!=0,1,0) -> #REF! | L10: =IF(#REF!='QUANT-MAT-DRE-R AZUL'!L$6,1*$K10,0) -> #REF! | M10: =IF(#REF!='QUANT-MAT-DRE-R AZUL'!M$6,1*$K10,0) -> #REF! | N10: =IF(#REF!='QUANT-MAT-DRE-R AZUL'!N$6,1*$K10,0) -> #REF! | O10: =IF(#REF!='QUANT-MAT-DRE-R AZUL'!O$6,1*$K10,0) -> #REF! | P10: =IF(#REF!='QUANT-MAT-DRE-R AZUL'!P$6,1*$K10,0) -> #REF! | Q10: =IF(#REF!='QUANT-MAT-DRE-R AZUL'!Q$6,1*$K10,0) -> #REF! | R10: =IF(#REF!=0,0,1) -> #REF! | S10: =IF(#REF!='QUANT-MAT-DRE-R AZUL'!O$6,1*$R10,0) -> #REF! | T10: =IF(#REF!='QUANT-MAT-DRE-R AZUL'!P$6,1*$R10,0) -> #REF! | U10: =IF(#REF!='QUANT-MAT-DRE-R AZUL'!Q$6,1*$R10,0) -> #REF! | V10: =IF(#REF!>2,L10,0) -> #REF! | W10: =IF(#REF!>2,M10,0) -> #REF! | X10: =IF(#REF!>2,N10,0) -> #REF! | Y10: =IF(#REF!>2,O10,0) -> #REF! | Z10: =IF(#REF!>23,P10,0) -> #REF! | AA10: =IF(#REF!>2,Q10,0) -> #REF! | AB10: =IF(#REF!>2,S10,0) -> #REF! | AC10: =IF(#REF!>2,T10,0) -> #REF! | AD10: =IF(#REF!>2,U10,0) -> #REF! | AF10: =IF(#REF!="L",1,0) -> #REF! | AG10: =IF(#REF!=0,1,0) -> #REF! | AH10: =IF(#REF!='QUANT-MAT-DRE-R AZUL'!AH$6,1*$AF10,0)*$AG10 -> #REF! | AI10: =IF(#REF!='QUANT-MAT-DRE-R AZUL'!AI$6,1*$AF10,0)*$AG10 -> #REF! | AJ10: =IF(#REF!='QUANT-MAT-DRE-R AZUL'!AJ$6,1*$AF10,0)*$AG10 -> #REF! | AK10: =IF(#REF!='QUANT-MAT-DRE-R AZUL'!AK$6,1*$AF10,0)*$AG10 -> #REF! | AL10: =IF(#REF!='QUANT-MAT-DRE-R AZUL'!AL$6,1*$AF10,0)*$AG10 -> #REF! | AM10: =IF(#REF!='QUANT-MAT-DRE-R AZUL'!AM$6,1*$AF10,0)*$AG10 -> #REF! | AN10: =IF(#REF!=0,0,1) -> #REF! | AO10: =IF(#REF!='QUANT-MAT-DRE-R AZUL'!AK$6,$AF10*$AN10,0) -> #REF! | AP10: =IF(#REF!='QUANT-MAT-DRE-R AZUL'!AL$6,$AF10*$AN10,0) -> #REF! | AQ10: =IF(#REF!='QUANT-MAT-DRE-R AZUL'!AM$6,$AF10*$AN10,0) -> #REF!
A11: =#REF! -> #REF! | B11: =#REF! -> #REF! | C11: =IF(#REF!=0,#REF!,2*#REF!) -> #REF! | D11: =#REF! -> #REF! | E11: =IF(#REF!='QUANT-MAT-DRE-R AZUL'!E$6,$C11,0) -> #REF! | F11: =IF(#REF!='QUANT-MAT-DRE-R AZUL'!F$6,$C11,0) -> #REF! | G11: =IF(#REF!='QUANT-MAT-DRE-R AZUL'!G$6,$C11,0) -> #REF! | H11: =IF(#REF!='QUANT-MAT-DRE-R AZUL'!H$6,$C11,0) -> #REF! | I11: =IF(#REF!='QUANT-MAT-DRE-R AZUL'!I$6,$C11,0) -> #REF! | J11: =IF(#REF!='QUANT-MAT-DRE-R AZUL'!J$6,$C11,0) -> #REF! | K11: =IF(#REF!=0,1,0) -> #REF! | L11: =IF(#REF!='QUANT-MAT-DRE-R AZUL'!L$6,1*$K11,0) -> #REF! | M11: =IF(#REF!='QUANT-MAT-DRE-R AZUL'!M$6,1*$K11,0) -> #REF! | N11: =IF(#REF!='QUANT-MAT-DRE-R AZUL'!N$6,1*$K11,0) -> #REF! | O11: =IF(#REF!='QUANT-MAT-DRE-R AZUL'!O$6,1*$K11,0) -> #REF! | P11: =IF(#REF!='QUANT-MAT-DRE-R AZUL'!P$6,1*$K11,0) -> #REF! | Q11: =IF(#REF!='QUANT-MAT-DRE-R AZUL'!Q$6,1*$K11,0) -> #REF! | R11: =IF(#REF!=0,0,1) -> #REF! | S11: =IF(#REF!='QUANT-MAT-DRE-R AZUL'!O$6,1*$R11,0) -> #REF! | T11: =IF(#REF!='QUANT-MAT-DRE-R AZUL'!P$6,1*$R11,0) -> #REF! | U11: =IF(#REF!='QUANT-MAT-DRE-R AZUL'!Q$6,1*$R11,0) -> #REF! | V11: =IF(#REF!>2,L11,0) -> #REF! | W11: =IF(#REF!>2,M11,0) -> #REF! | X11: =IF(#REF!>2,N11,0) -> #REF! | Y11: =IF(#REF!>2,O11,0) -> #REF! | Z11: =IF(#REF!>23,P11,0) -> #REF! | AA11: =IF(#REF!>2,Q11,0) -> #REF! | AB11: =IF(#REF!>2,S11,0) -> #REF! | AC11: =IF(#REF!>2,T11,0) -> #REF! | AD11: =IF(#REF!>2,U11,0) -> #REF! | AF11: =IF(#REF!="L",1,0) -> #REF! | AG11: =IF(#REF!=0,1,0) -> #REF! | AH11: =IF(#REF!='QUANT-MAT-DRE-R AZUL'!AH$6,1*$AF11,0)*$AG11 -> #REF! | AI11: =IF(#REF!='QUANT-MAT-DRE-R AZUL'!AI$6,1*$AF11,0)*$AG11 -> #REF! | AJ11: =IF(#REF!='QUANT-MAT-DRE-R AZUL'!AJ$6,1*$AF11,0)*$AG11 -> #REF! | AK11: =IF(#REF!='QUANT-MAT-DRE-R AZUL'!AK$6,1*$AF11,0)*$AG11 -> #REF! | AL11: =IF(#REF!='QUANT-MAT-DRE-R AZUL'!AL$6,1*$AF11,0)*$AG11 -> #REF! | AM11: =IF(#REF!='QUANT-MAT-DRE-R AZUL'!AM$6,1*$AF11,0)*$AG11 -> #REF! | AN11: =IF(#REF!=0,0,1) -> #REF! | AO11: =IF(#REF!='QUANT-MAT-DRE-R AZUL'!AK$6,$AF11*$AN11,0) -> #REF! | AP11: =IF(#REF!='QUANT-MAT-DRE-R AZUL'!AL$6,$AF11*$AN11,0) -> #REF! | AQ11: =IF(#REF!='QUANT-MAT-DRE-R AZUL'!AM$6,$AF11*$AN11,0) -> #REF!
A12: =#REF! -> #REF! | B12: =#REF! -> #REF! | C12: =IF(#REF!=0,#REF!,2*#REF!) -> #REF! | D12: =#REF! -> #REF! | E12: =IF(#REF!='QUANT-MAT-DRE-R AZUL'!E$6,$C12,0) -> #REF! | F12: =IF(#REF!='QUANT-MAT-DRE-R AZUL'!F$6,$C12,0) -> #REF! | G12: =IF(#REF!='QUANT-MAT-DRE-R AZUL'!G$6,$C12,0) -> #REF! | H12: =IF(#REF!='QUANT-MAT-DRE-R AZUL'!H$6,$C12,0) -> #REF! | I12: =IF(#REF!='QUANT-MAT-DRE-R AZUL'!I$6,$C12,0) -> #REF! | J12: =IF(#REF!='QUANT-MAT-DRE-R AZUL'!J$6,$C12,0) -> #REF! | K12: =IF(#REF!=0,1,0) -> #REF! | L12: =IF(#REF!='QUANT-MAT-DRE-R AZUL'!L$6,1*$K12,0) -> #REF! | M12: =IF(#REF!='QUANT-MAT-DRE-R AZUL'!M$6,1*$K12,0) -> #REF! | N12: =IF(#REF!='QUANT-MAT-DRE-R AZUL'!N$6,1*$K12,0) -> #REF! | O12: =IF(#REF!='QUANT-MAT-DRE-R AZUL'!O$6,1*$K12,0) -> #REF! | P12: =IF(#REF!='QUANT-MAT-DRE-R AZUL'!P$6,1*$K12,0) -> #REF! | Q12: =IF(#REF!='QUANT-MAT-DRE-R AZUL'!Q$6,1*$K12,0) -> #REF! | R12: =IF(#REF!=0,0,1) -> #REF! | S12: =IF(#REF!='QUANT-MAT-DRE-R AZUL'!O$6,1*$R12,0) -> #REF! | T12: =IF(#REF!='QUANT-MAT-DRE-R AZUL'!P$6,1*$R12,0) -> #REF! | U12: =IF(#REF!='QUANT-MAT-DRE-R AZUL'!Q$6,1*$R12,0) -> #REF! | V12: =IF(#REF!>2,L12,0) -> #REF! | W12: =IF(#REF!>2,M12,0) -> #REF! | X12: =IF(#REF!>2,N12,0) -> #REF! | Y12: =IF(#REF!>2,O12,0) -> #REF! | Z12: =IF(#REF!>23,P12,0) -> #REF! | AA12: =IF(#REF!>2,Q12,0) -> #REF! | AB12: =IF(#REF!>2,S12,0) -> #REF! | AC12: =IF(#REF!>2,T12,0) -> #REF! | AD12: =IF(#REF!>2,U12,0) -> #REF! | AF12: =IF(#REF!="L",1,0) -> #REF! | AG12: =IF(#REF!=0,1,0) -> #REF! | AH12: =IF(#REF!='QUANT-MAT-DRE-R AZUL'!AH$6,1*$AF12,0)*$AG12 -> #REF! | AI12: =IF(#REF!='QUANT-MAT-DRE-R AZUL'!AI$6,1*$AF12,0)*$AG12 -> #REF! | AJ12: =IF(#REF!='QUANT-MAT-DRE-R AZUL'!AJ$6,1*$AF12,0)*$AG12 -> #REF! | AK12: =IF(#REF!='QUANT-MAT-DRE-R AZUL'!AK$6,1*$AF12,0)*$AG12 -> #REF! | AL12: =IF(#REF!='QUANT-MAT-DRE-R AZUL'!AL$6,1*$AF12,0)*$AG12 -> #REF! | AM12: =IF(#REF!='QUANT-MAT-DRE-R AZUL'!AM$6,1*$AF12,0)*$AG12 -> #REF! | AN12: =IF(#REF!=0,0,1) -> #REF! | AO12: =IF(#REF!='QUANT-MAT-DRE-R AZUL'!AK$6,$AF12*$AN12,0) -> #REF! | AP12: =IF(#REF!='QUANT-MAT-DRE-R AZUL'!AL$6,$AF12*$AN12,0) -> #REF! | AQ12: =IF(#REF!='QUANT-MAT-DRE-R AZUL'!AM$6,$AF12*$AN12,0) -> #REF!
A13: =#REF! -> #REF! | B13: =#REF! -> #REF! | C13: =IF(#REF!=0,#REF!,2*#REF!) -> #REF! | D13: =#REF! -> #REF! | E13: =IF(#REF!='QUANT-MAT-DRE-R AZUL'!E$6,$C13,0) -> #REF! | F13: =IF(#REF!='QUANT-MAT-DRE-R AZUL'!F$6,$C13,0) -> #REF! | G13: =IF(#REF!='QUANT-MAT-DRE-R AZUL'!G$6,$C13,0) -> #REF! | H13: =IF(#REF!='QUANT-MAT-DRE-R AZUL'!H$6,$C13,0) -> #REF! | I13: =IF(#REF!='QUANT-MAT-DRE-R AZUL'!I$6,$C13,0) -> #REF! | J13: =IF(#REF!='QUANT-MAT-DRE-R AZUL'!J$6,$C13,0) -> #REF! | K13: =IF(#REF!=0,1,0) -> #REF! | L13: =IF(#REF!='QUANT-MAT-DRE-R AZUL'!L$6,1*$K13,0) -> #REF! | M13: =IF(#REF!='QUANT-MAT-DRE-R AZUL'!M$6,1*$K13,0) -> #REF! | N13: =IF(#REF!='QUANT-MAT-DRE-R AZUL'!N$6,1*$K13,0) -> #REF! | O13: =IF(#REF!='QUANT-MAT-DRE-R AZUL'!O$6,1*$K13,0) -> #REF! | P13: =IF(#REF!='QUANT-MAT-DRE-R AZUL'!P$6,1*$K13,0) -> #REF! | Q13: =IF(#REF!='QUANT-MAT-DRE-R AZUL'!Q$6,1*$K13,0) -> #REF! | R13: =IF(#REF!=0,0,1) -> #REF! | S13: =IF(#REF!='QUANT-MAT-DRE-R AZUL'!O$6,1*$R13,0) -> #REF! | T13: =IF(#REF!='QUANT-MAT-DRE-R AZUL'!P$6,1*$R13,0) -> #REF! | U13: =IF(#REF!='QUANT-MAT-DRE-R AZUL'!Q$6,1*$R13,0) -> #REF! | V13: =IF(#REF!>2,L13,0) -> #REF! | W13: =IF(#REF!>2,M13,0) -> #REF! | X13: =IF(#REF!>2,N13,0) -> #REF! | Y13: =IF(#REF!>2,O13,0) -> #REF! | Z13: =IF(#REF!>23,P13,0) -> #REF! | AA13: =IF(#REF!>2,Q13,0) -> #REF! | AB13: =IF(#REF!>2,S13,0) -> #REF! | AC13: =IF(#REF!>2,T13,0) -> #REF! | AD13: =IF(#REF!>2,U13,0) -> #REF! | AF13: =IF(#REF!="L",1,0) -> #REF! | AG13: =IF(#REF!=0,1,0) -> #REF! | AH13: =IF(#REF!='QUANT-MAT-DRE-R AZUL'!AH$6,1*$AF13,0)*$AG13 -> #REF! | AI13: =IF(#REF!='QUANT-MAT-DRE-R AZUL'!AI$6,1*$AF13,0)*$AG13 -> #REF! | AJ13: =IF(#REF!='QUANT-MAT-DRE-R AZUL'!AJ$6,1*$AF13,0)*$AG13 -> #REF! | AK13: =IF(#REF!='QUANT-MAT-DRE-R AZUL'!AK$6,1*$AF13,0)*$AG13 -> #REF! | AL13: =IF(#REF!='QUANT-MAT-DRE-R AZUL'!AL$6,1*$AF13,0)*$AG13 -> #REF! | AM13: =IF(#REF!='QUANT-MAT-DRE-R AZUL'!AM$6,1*$AF13,0)*$AG13 -> #REF! | AN13: =IF(#REF!=0,0,1) -> #REF! | AO13: =IF(#REF!='QUANT-MAT-DRE-R AZUL'!AK$6,$AF13*$AN13,0) -> #REF! | AP13: =IF(#REF!='QUANT-MAT-DRE-R AZUL'!AL$6,$AF13*$AN13,0) -> #REF! | AQ13: =IF(#REF!='QUANT-MAT-DRE-R AZUL'!AM$6,$AF13*$AN13,0) -> #REF!
A14: =#REF! -> #REF! | B14: =#REF! -> #REF! | C14: =IF(#REF!=0,#REF!,2*#REF!) -> #REF! | D14: =#REF! -> #REF! | E14: =IF(#REF!='QUANT-MAT-DRE-R AZUL'!E$6,$C14,0) -> #REF! | F14: =IF(#REF!='QUANT-MAT-DRE-R AZUL'!F$6,$C14,0) -> #REF! | G14: =IF(#REF!='QUANT-MAT-DRE-R AZUL'!G$6,$C14,0) -> #REF! | H14: =IF(#REF!='QUANT-MAT-DRE-R AZUL'!H$6,$C14,0) -> #REF! | I14: =IF(#REF!='QUANT-MAT-DRE-R AZUL'!I$6,$C14,0) -> #REF! | J14: =IF(#REF!='QUANT-MAT-DRE-R AZUL'!J$6,$C14,0) -> #REF! | K14: =IF(#REF!=0,1,0) -> #REF! | L14: =IF(#REF!='QUANT-MAT-DRE-R AZUL'!L$6,1*$K14,0) -> #REF! | M14: =IF(#REF!='QUANT-MAT-DRE-R AZUL'!M$6,1*$K14,0) -> #REF! | N14: =IF(#REF!='QUANT-MAT-DRE-R AZUL'!N$6,1*$K14,0) -> #REF! | O14: =IF(#REF!='QUANT-MAT-DRE-R AZUL'!O$6,1*$K14,0) -> #REF! | P14: =IF(#REF!='QUANT-MAT-DRE-R AZUL'!P$6,1*$K14,0) -> #REF! | Q14: =IF(#REF!='QUANT-MAT-DRE-R AZUL'!Q$6,1*$K14,0) -> #REF! | R14: =IF(#REF!=0,0,1) -> #REF! | S14: =IF(#REF!='QUANT-MAT-DRE-R AZUL'!O$6,1*$R14,0) -> #REF! | T14: =IF(#REF!='QUANT-MAT-DRE-R AZUL'!P$6,1*$R14,0) -> #REF! | U14: =IF(#REF!='QUANT-MAT-DRE-R AZUL'!Q$6,1*$R14,0) -> #REF! | V14: =IF(#REF!>2,L14,0) -> #REF! | W14: =IF(#REF!>2,M14,0) -> #REF! | X14: =IF(#REF!>2,N14,0) -> #REF! | Y14: =IF(#REF!>2,O14,0) -> #REF! | Z14: =IF(#REF!>23,P14,0) -> #REF! | AA14: =IF(#REF!>2,Q14,0) -> #REF! | AB14: =IF(#REF!>2,S14,0) -> #REF! | AC14: =IF(#REF!>2,T14,0) -> #REF! | AD14: =IF(#REF!>2,U14,0) -> #REF! | AF14: =IF(#REF!="L",1,0) -> #REF! | AG14: =IF(#REF!=0,1,0) -> #REF! | AH14: =IF(#REF!='QUANT-MAT-DRE-R AZUL'!AH$6,1*$AF14,0)*$AG14 -> #REF! | AI14: =IF(#REF!='QUANT-MAT-DRE-R AZUL'!AI$6,1*$AF14,0)*$AG14 -> #REF! | AJ14: =IF(#REF!='QUANT-MAT-DRE-R AZUL'!AJ$6,1*$AF14,0)*$AG14 -> #REF! | AK14: =IF(#REF!='QUANT-MAT-DRE-R AZUL'!AK$6,1*$AF14,0)*$AG14 -> #REF! | AL14: =IF(#REF!='QUANT-MAT-DRE-R AZUL'!AL$6,1*$AF14,0)*$AG14 -> #REF! | AM14: =IF(#REF!='QUANT-MAT-DRE-R AZUL'!AM$6,1*$AF14,0)*$AG14 -> #REF! | AN14: =IF(#REF!=0,0,1) -> #REF! | AO14: =IF(#REF!='QUANT-MAT-DRE-R AZUL'!AK$6,$AF14*$AN14,0) -> #REF! | AP14: =IF(#REF!='QUANT-MAT-DRE-R AZUL'!AL$6,$AF14*$AN14,0) -> #REF! | AQ14: =IF(#REF!='QUANT-MAT-DRE-R AZUL'!AM$6,$AF14*$AN14,0) -> #REF!
A15: =#REF! -> #REF! | B15: =#REF! -> #REF! | C15: =IF(#REF!=0,#REF!,2*#REF!) -> #REF! | D15: =#REF! -> #REF! | E15: =IF(#REF!='QUANT-MAT-DRE-R AZUL'!E$6,$C15,0) -> #REF! | F15: =IF(#REF!='QUANT-MAT-DRE-R AZUL'!F$6,$C15,0) -> #REF! | G15: =IF(#REF!='QUANT-MAT-DRE-R AZUL'!G$6,$C15,0) -> #REF! | H15: =IF(#REF!='QUANT-MAT-DRE-R AZUL'!H$6,$C15,0) -> #REF! | I15: =IF(#REF!='QUANT-MAT-DRE-R AZUL'!I$6,$C15,0) -> #REF! | J15: =IF(#REF!='QUANT-MAT-DRE-R AZUL'!J$6,$C15,0) -> #REF! | K15: =IF(#REF!=0,1,0) -> #REF! | L15: =IF(#REF!='QUANT-MAT-DRE-R AZUL'!L$6,1*$K15,0) -> #REF! | M15: =IF(#REF!='QUANT-MAT-DRE-R AZUL'!M$6,1*$K15,0) -> #REF! | N15: =IF(#REF!='QUANT-MAT-DRE-R AZUL'!N$6,1*$K15,0) -> #REF! | O15: =IF(#REF!='QUANT-MAT-DRE-R AZUL'!O$6,1*$K15,0) -> #REF! | P15: =IF(#REF!='QUANT-MAT-DRE-R AZUL'!P$6,1*$K15,0) -> #REF! | Q15: =IF(#REF!='QUANT-MAT-DRE-R AZUL'!Q$6,1*$K15,0) -> #REF! | R15: =IF(#REF!=0,0,1) -> #REF! | S15: =IF(#REF!='QUANT-MAT-DRE-R AZUL'!O$6,1*$R15,0) -> #REF! | T15: =IF(#REF!='QUANT-MAT-DRE-R AZUL'!P$6,1*$R15,0) -> #REF! | U15: =IF(#REF!='QUANT-MAT-DRE-R AZUL'!Q$6,1*$R15,0) -> #REF! | V15: =IF(#REF!>2,L15,0) -> #REF! | W15: =IF(#REF!>2,M15,0) -> #REF! | X15: =IF(#REF!>2,N15,0) -> #REF! | Y15: =IF(#REF!>2,O15,0) -> #REF! | Z15: =IF(#REF!>23,P15,0) -> #REF! | AA15: =IF(#REF!>2,Q15,0) -> #REF! | AB15: =IF(#REF!>2,S15,0) -> #REF! | AC15: =IF(#REF!>2,T15,0) -> #REF! | AD15: =IF(#REF!>2,U15,0) -> #REF! | AF15: =IF(#REF!="L",1,0) -> #REF! | AG15: =IF(#REF!=0,1,0) -> #REF! | AH15: =IF(#REF!='QUANT-MAT-DRE-R AZUL'!AH$6,1*$AF15,0)*$AG15 -> #REF! | AI15: =IF(#REF!='QUANT-MAT-DRE-R AZUL'!AI$6,1*$AF15,0)*$AG15 -> #REF! | AJ15: =IF(#REF!='QUANT-MAT-DRE-R AZUL'!AJ$6,1*$AF15,0)*$AG15 -> #REF! | AK15: =IF(#REF!='QUANT-MAT-DRE-R AZUL'!AK$6,1*$AF15,0)*$AG15 -> #REF! | AL15: =IF(#REF!='QUANT-MAT-DRE-R AZUL'!AL$6,1*$AF15,0)*$AG15 -> #REF! | AM15: =IF(#REF!='QUANT-MAT-DRE-R AZUL'!AM$6,1*$AF15,0)*$AG15 -> #REF! | AN15: =IF(#REF!=0,0,1) -> #REF! | AO15: =IF(#REF!='QUANT-MAT-DRE-R AZUL'!AK$6,$AF15*$AN15,0) -> #REF! | AP15: =IF(#REF!='QUANT-MAT-DRE-R AZUL'!AL$6,$AF15*$AN15,0) -> #REF! | AQ15: =IF(#REF!='QUANT-MAT-DRE-R AZUL'!AM$6,$AF15*$AN15,0) -> #REF!
A16: =#REF! -> #REF! | B16: =#REF! -> #REF! | C16: =IF(#REF!=0,#REF!,2*#REF!) -> #REF! | D16: =#REF! -> #REF! | E16: =IF(#REF!='QUANT-MAT-DRE-R AZUL'!E$6,$C16,0) -> #REF! | F16: =IF(#REF!='QUANT-MAT-DRE-R AZUL'!F$6,$C16,0) -> #REF! | G16: =IF(#REF!='QUANT-MAT-DRE-R AZUL'!G$6,$C16,0) -> #REF! | H16: =IF(#REF!='QUANT-MAT-DRE-R AZUL'!H$6,$C16,0) -> #REF! | I16: =IF(#REF!='QUANT-MAT-DRE-R AZUL'!I$6,$C16,0) -> #REF! | J16: =IF(#REF!='QUANT-MAT-DRE-R AZUL'!J$6,$C16,0) -> #REF! | K16: =IF(#REF!=0,1,0) -> #REF! | L16: =IF(#REF!='QUANT-MAT-DRE-R AZUL'!L$6,1*$K16,0) -> #REF! | M16: =IF(#REF!='QUANT-MAT-DRE-R AZUL'!M$6,1*$K16,0) -> #REF! | N16: =IF(#REF!='QUANT-MAT-DRE-R AZUL'!N$6,1*$K16,0) -> #REF! | O16: =IF(#REF!='QUANT-MAT-DRE-R AZUL'!O$6,1*$K16,0) -> #REF! | P16: =IF(#REF!='QUANT-MAT-DRE-R AZUL'!P$6,1*$K16,0) -> #REF! | Q16: =IF(#REF!='QUANT-MAT-DRE-R AZUL'!Q$6,1*$K16,0) -> #REF! | R16: =IF(#REF!=0,0,1) -> #REF! | S16: =IF(#REF!='QUANT-MAT-DRE-R AZUL'!O$6,1*$R16,0) -> #REF! | T16: =IF(#REF!='QUANT-MAT-DRE-R AZUL'!P$6,1*$R16,0) -> #REF! | U16: =IF(#REF!='QUANT-MAT-DRE-R AZUL'!Q$6,1*$R16,0) -> #REF! | V16: =IF(#REF!>2,L16,0) -> #REF! | W16: =IF(#REF!>2,M16,0) -> #REF! | X16: =IF(#REF!>2,N16,0) -> #REF! | Y16: =IF(#REF!>2,O16,0) -> #REF! | Z16: =IF(#REF!>23,P16,0) -> #REF! | AA16: =IF(#REF!>2,Q16,0) -> #REF! | AB16: =IF(#REF!>2,S16,0) -> #REF! | AC16: =IF(#REF!>2,T16,0) -> #REF! | AD16: =IF(#REF!>2,U16,0) -> #REF! | AF16: =IF(#REF!="L",1,0) -> #REF! | AG16: =IF(#REF!=0,1,0) -> #REF! | AH16: =IF(#REF!='QUANT-MAT-DRE-R AZUL'!AH$6,1*$AF16,0)*$AG16 -> #REF! | AI16: =IF(#REF!='QUANT-MAT-DRE-R AZUL'!AI$6,1*$AF16,0)*$AG16 -> #REF! | AJ16: =IF(#REF!='QUANT-MAT-DRE-R AZUL'!AJ$6,1*$AF16,0)*$AG16 -> #REF! | AK16: =IF(#REF!='QUANT-MAT-DRE-R AZUL'!AK$6,1*$AF16,0)*$AG16 -> #REF! | AL16: =IF(#REF!='QUANT-MAT-DRE-R AZUL'!AL$6,1*$AF16,0)*$AG16 -> #REF! | AM16: =IF(#REF!='QUANT-MAT-DRE-R AZUL'!AM$6,1*$AF16,0)*$AG16 -> #REF! | AN16: =IF(#REF!=0,0,1) -> #REF! | AO16: =IF(#REF!='QUANT-MAT-DRE-R AZUL'!AK$6,$AF16*$AN16,0) -> #REF! | AP16: =IF(#REF!='QUANT-MAT-DRE-R AZUL'!AL$6,$AF16*$AN16,0) -> #REF! | AQ16: =IF(#REF!='QUANT-MAT-DRE-R AZUL'!AM$6,$AF16*$AN16,0) -> #REF!
A17: =#REF! -> #REF! | B17: =#REF! -> #REF! | C17: =IF(#REF!=0,#REF!,2*#REF!) -> #REF! | D17: =#REF! -> #REF! | E17: =IF(#REF!='QUANT-MAT-DRE-R AZUL'!E$6,$C17,0) -> #REF! | F17: =IF(#REF!='QUANT-MAT-DRE-R AZUL'!F$6,$C17,0) -> #REF! | G17: =IF(#REF!='QUANT-MAT-DRE-R AZUL'!G$6,$C17,0) -> #REF! | H17: =IF(#REF!='QUANT-MAT-DRE-R AZUL'!H$6,$C17,0) -> #REF! | I17: =IF(#REF!='QUANT-MAT-DRE-R AZUL'!I$6,$C17,0) -> #REF! | J17: =IF(#REF!='QUANT-MAT-DRE-R AZUL'!J$6,$C17,0) -> #REF! | K17: =IF(#REF!=0,1,0) -> #REF! | L17: =IF(#REF!='QUANT-MAT-DRE-R AZUL'!L$6,1*$K17,0) -> #REF! | M17: =IF(#REF!='QUANT-MAT-DRE-R AZUL'!M$6,1*$K17,0) -> #REF! | N17: =IF(#REF!='QUANT-MAT-DRE-R AZUL'!N$6,1*$K17,0) -> #REF! | O17: =IF(#REF!='QUANT-MAT-DRE-R AZUL'!O$6,1*$K17,0) -> #REF! | P17: =IF(#REF!='QUANT-MAT-DRE-R AZUL'!P$6,1*$K17,0) -> #REF! | Q17: =IF(#REF!='QUANT-MAT-DRE-R AZUL'!Q$6,1*$K17,0) -> #REF! | R17: =IF(#REF!=0,0,1) -> #REF! | S17: =IF(#REF!='QUANT-MAT-DRE-R AZUL'!O$6,1*$R17,0) -> #REF! | T17: =IF(#REF!='QUANT-MAT-DRE-R AZUL'!P$6,1*$R17,0) -> #REF! | U17: =IF(#REF!='QUANT-MAT-DRE-R AZUL'!Q$6,1*$R17,0) -> #REF! | V17: =IF(#REF!>2,L17,0) -> #REF! | W17: =IF(#REF!>2,M17,0) -> #REF! | X17: =IF(#REF!>2,N17,0) -> #REF! | Y17: =IF(#REF!>2,O17,0) -> #REF! | Z17: =IF(#REF!>23,P17,0) -> #REF! | AA17: =IF(#REF!>2,Q17,0) -> #REF! | AB17: =IF(#REF!>2,S17,0) -> #REF! | AC17: =IF(#REF!>2,T17,0) -> #REF! | AD17: =IF(#REF!>2,U17,0) -> #REF! | AF17: =IF(#REF!="L",1,0) -> #REF! | AG17: =IF(#REF!=0,1,0) -> #REF! | AH17: =IF(#REF!='QUANT-MAT-DRE-R AZUL'!AH$6,1*$AF17,0)*$AG17 -> #REF! | AI17: =IF(#REF!='QUANT-MAT-DRE-R AZUL'!AI$6,1*$AF17,0)*$AG17 -> #REF! | AJ17: =IF(#REF!='QUANT-MAT-DRE-R AZUL'!AJ$6,1*$AF17,0)*$AG17 -> #REF! | AK17: =IF(#REF!='QUANT-MAT-DRE-R AZUL'!AK$6,1*$AF17,0)*$AG17 -> #REF! | AL17: =IF(#REF!='QUANT-MAT-DRE-R AZUL'!AL$6,1*$AF17,0)*$AG17 -> #REF! | AM17: =IF(#REF!='QUANT-MAT-DRE-R AZUL'!AM$6,1*$AF17,0)*$AG17 -> #REF! | AN17: =IF(#REF!=0,0,1) -> #REF! | AO17: =IF(#REF!='QUANT-MAT-DRE-R AZUL'!AK$6,$AF17*$AN17,0) -> #REF! | AP17: =IF(#REF!='QUANT-MAT-DRE-R AZUL'!AL$6,$AF17*$AN17,0) -> #REF! | AQ17: =IF(#REF!='QUANT-MAT-DRE-R AZUL'!AM$6,$AF17*$AN17,0) -> #REF!
A18: =#REF! -> #REF! | B18: =#REF! -> #REF! | C18: =IF(#REF!=0,#REF!,2*#REF!) -> #REF! | D18: =#REF! -> #REF! | E18: =IF(#REF!='QUANT-MAT-DRE-R AZUL'!E$6,$C18,0) -> #REF! | F18: =IF(#REF!='QUANT-MAT-DRE-R AZUL'!F$6,$C18,0) -> #REF! | G18: =IF(#REF!='QUANT-MAT-DRE-R AZUL'!G$6,$C18,0) -> #REF! | H18: =IF(#REF!='QUANT-MAT-DRE-R AZUL'!H$6,$C18,0) -> #REF! | I18: =IF(#REF!='QUANT-MAT-DRE-R AZUL'!I$6,$C18,0) -> #REF! | J18: =IF(#REF!='QUANT-MAT-DRE-R AZUL'!J$6,$C18,0) -> #REF! | K18: =IF(#REF!=0,1,0) -> #REF! | L18: =IF(#REF!='QUANT-MAT-DRE-R AZUL'!L$6,1*$K18,0) -> #REF! | M18: =IF(#REF!='QUANT-MAT-DRE-R AZUL'!M$6,1*$K18,0) -> #REF! | N18: =IF(#REF!='QUANT-MAT-DRE-R AZUL'!N$6,1*$K18,0) -> #REF! | O18: =IF(#REF!='QUANT-MAT-DRE-R AZUL'!O$6,1*$K18,0) -> #REF! | P18: =IF(#REF!='QUANT-MAT-DRE-R AZUL'!P$6,1*$K18,0) -> #REF! | Q18: =IF(#REF!='QUANT-MAT-DRE-R AZUL'!Q$6,1*$K18,0) -> #REF! | R18: =IF(#REF!=0,0,1) -> #REF! | S18: =IF(#REF!='QUANT-MAT-DRE-R AZUL'!O$6,1*$R18,0) -> #REF! | T18: =IF(#REF!='QUANT-MAT-DRE-R AZUL'!P$6,1*$R18,0) -> #REF! | U18: =IF(#REF!='QUANT-MAT-DRE-R AZUL'!Q$6,1*$R18,0) -> #REF! | V18: =IF(#REF!>2,L18,0) -> #REF! | W18: =IF(#REF!>2,M18,0) -> #REF! | X18: =IF(#REF!>2,N18,0) -> #REF! | Y18: =IF(#REF!>2,O18,0) -> #REF! | Z18: =IF(#REF!>23,P18,0) -> #REF! | AA18: =IF(#REF!>2,Q18,0) -> #REF! | AB18: =IF(#REF!>2,S18,0) -> #REF! | AC18: =IF(#REF!>2,T18,0) -> #REF! | AD18: =IF(#REF!>2,U18,0) -> #REF! | AF18: =IF(#REF!="L",1,0) -> #REF! | AG18: =IF(#REF!=0,1,0) -> #REF! | AH18: =IF(#REF!='QUANT-MAT-DRE-R AZUL'!AH$6,1*$AF18,0)*$AG18 -> #REF! | AI18: =IF(#REF!='QUANT-MAT-DRE-R AZUL'!AI$6,1*$AF18,0)*$AG18 -> #REF! | AJ18: =IF(#REF!='QUANT-MAT-DRE-R AZUL'!AJ$6,1*$AF18,0)*$AG18 -> #REF! | AK18: =IF(#REF!='QUANT-MAT-DRE-R AZUL'!AK$6,1*$AF18,0)*$AG18 -> #REF! | AL18: =IF(#REF!='QUANT-MAT-DRE-R AZUL'!AL$6,1*$AF18,0)*$AG18 -> #REF! | AM18: =IF(#REF!='QUANT-MAT-DRE-R AZUL'!AM$6,1*$AF18,0)*$AG18 -> #REF! | AN18: =IF(#REF!=0,0,1) -> #REF! | AO18: =IF(#REF!='QUANT-MAT-DRE-R AZUL'!AK$6,$AF18*$AN18,0) -> #REF! | AP18: =IF(#REF!='QUANT-MAT-DRE-R AZUL'!AL$6,$AF18*$AN18,0) -> #REF! | AQ18: =IF(#REF!='QUANT-MAT-DRE-R AZUL'!AM$6,$AF18*$AN18,0) -> #REF!
A19: 4A | B19: 9 | D19: 0 | E19: 0 | I19: 74 | P19: 1 | T19: 0
A20: 6 | B20: 9 | D20: 0 | E20: 0 | I20: 67 | P20: 0
A35: TOTAL DE BL | D35: =SUM(D7:D31) -> #REF!
A36: EXT. BL-PV (L=7,00M) | F36: =$D$35*6 -> #REF! | G36: 0
A38: TOTAL | D38: =SUM(D7:D31) -> #REF! | F38: =SUM(F7:F36) -> #REF! | G38: =SUM(G7:G36) -> #REF! | H38: =SUM(H7:H36) -> #REF! | I38: =SUM(I7:I36) -> #REF! | J38: =SUM(J7:J36) -> #REF! | K38: =SUM(K7:K36) -> #REF! | L38: =SUM(L7:L36) -> #REF! | M38: =SUM(M7:M36) -> #REF! | ... AQ38: =SUM(AQ7:AQ36) -> #REF!

Sheet RESUMO
A2: ESTADO DO PARÁ
A3: PREFEITURA MUNICIPAL DE CANAÃ DOS CARAJÁS
A4: SECRETARIA MUNICIPAL DE OBRAS PÚBLICAS
A6: RESUMO
A8: PROGRAMA: ASFALTO NA CIDADE
A9: AÇÃO: INFRA-ESTRUTURA URBANA
A10: OBRA: PAVIMENTAÇÃO ASFÁLTICA NO MUNICÍPIO DE CANAÃ DOS CARAJÁS
A11: LOCAL: SEDE DO MUNICÍPIO DE CANAÃ DOS CARAJÁS
A14: ÍTEM | B14: SERVIÇO | C14: TOTAL
A16: 1 | B16: SERVIÇOS PRELIMINARES
A17: 1.1 | B17: SERVIÇOS PRELIMINARES | C17: =#REF! -> #REF!
A19: 2 | B19: ADMINISTRAÇÃO LOCAL DA OBRA
A20: 2.1 | B20: Administração local da obra | C20: =#REF! -> #REF!
A22: 2 | B22: PAVIMENTAÇÃO ASFÁLTICA
A23: 2.1 | B23: PAVIMENTAÇÃO E OBRAS VIÁRIAS | C23: =#REF! -> #REF!
A25: 3 | B25: DRENAGEM DE ÁGUAS PLUVIAIS
A26: 3.1 | B26: DRENAGEM | C26: =#REF! -> #REF!
A28: TOTAL | C28: =SUM(C26,C23,C17,C20) -> #REF!

Sheet PLANILHA
A4: OBJETO: CONTRATAÇÃO DE EMPRESA ESPECIALIZADA EM ENGENHARIA PARA EXECUÇÃO DE SERVIÇOS DE DRENAGEM, TERRAPLENAGEM E PAVIMENTAÇÃO ASFÁLTICA, LOCALIZADA NA AV. MAÇARANDUBA, RUA DEUSANIRA, AV. BRAGANÇA, RUA GRAVIOLA, RUA JAMBEIRO, RUA ÓBIDOS, RUA SÃO MIGUEL E RUA SEBERI NA CIDADE DE TUCUMÃ NO ESTADO DO PARÁ
A5: PLANILHA ORÇAMENTÁRIA DESONERADA - BDI 29,77% | G5: Referencia: | H5: SINAPI JANEIRO DE 2024 SICRO OUTUBRO DE 2023
A7: ITEM | B7: FONTE | C7: CÓDIGO | D7: DESCRIÇÃO | E7: UNIDADE | F7: QUANTIDADE | G7: CUSTO UNITÁRIO (sem BDI) (R$) | H7: PREÇO UNITÁRIO (com BDI) (R$) | I7: PREÇO TOTAL (R$)
A8: 1 | D8: ADMINISTRAÇÃO LOCAL
A9: 1.1 | B9: PRÓPRIA | C9: CPU 001 | D9: ADMINISTRAÇÃO LOCAL DA OBRA | E9: MÊS | F9: 3 | G9: 37400 | H9: =TRUNC(G9*1.2977,2) -> 48533.98 | I9: =TRUNC(H9*F9,2) -> 145601.94
A10: TOTAL DO ITEM 01 | I10: =I9 -> 145601.94
A12: 2 | D12: SERVIÇOS PRELIMINARES
A13: 2.1 | D13: CANTEIRO DE OBRAS
A14: 2.1.1 | B14: SINAPI | C14: 103689 | D14: FORNECIMENTO E INSTALAÇÃO DE PLACA DE OBRA COM CHAPA GALVANIZADA E ESTRUTURA DE MADEIRA. AF_03/2022_PS | E14: M2 | F14: 6 | G14: 309.5 | H14: =TRUNC(G14*1.2977,2) -> 401.63 | I14: =TRUNC(H14*F14,2) -> 2409.78
A15: 2.1.2 | B15: PRÓPRIA | C15: 002 | D15: LOCAÇÃO DE CONTAINER PARA ESCRITÓRIO/VESTIÁRIO E ALMOXARIFADO | E15: MÊS | F15: 3 | G15: 2515.61 | H15: =TRUNC(G15*1.2977,2) -> 3264.5 | I15: =TRUNC(H15*F15,2) -> 9793.5
A16: 2.2 | D16: DEMOLIÇÕES
A17: 2.2.1 | B17: SINAPI | C17: 104790 | D17: DEMOLIÇÃO DE PISO DE CONCRETO SIMPLES, DE FORMA MECANIZADA COM MARTELETE, SEM REAPROVEITAMENTO. AF_09/2023 (CALÇADAS) | E17: m3 | F17: 290.83 | G17: 97.69 | H17: =TRUNC(G17*1.2977,2) -> 126.77 | I17: =TRUNC(H17*F17,2) -> 36868.51
A18: 2.2.2 | B18: SINAPI | C18: 104796 | D18: DEMOLIÇÃO DE GUIAS, SARJETAS OU SARJETÕES, DE FORMA MECANIZADA, SEM REAPROVEITAMENTO. AF_09/2023 | E18: M | F18: 330.64 | G18: 12.56 | H18: =TRUNC(G18*1.2977,2) -> 16.29 | I18: =TRUNC(H18*F18,2) -> 5386.12
A19: 2.2.3 | B19: SINAPI | C19: 97636 | D19: DEMOLIÇÃO PARCIAL DE PAVIMENTO ASFÁLTICO, DE FORMA MECANIZADA, SEM REAPROVEITAMENTO. AF_12/2017 | E19: M2 | F19: 2110.46 | G19: 21.16 | H19: =TRUNC(G19*1.2977,2) -> 27.45 | I19: =TRUNC(H19*F19,2) -> 57932.12
A20: 2.2.4 | B20: SINAPI | C20: 97635 | D20: REMOÇÃO DE PISO DE BLOCO INTERTRAVADO OU DE PEDRA PORTUGUESA, DE FORMA MANUAL, COM REAPROVEITAMENTO. AF_09/2023 | E20: M2 | F20: 3336 | G20: 15.26 | H20: =TRUNC(G20*1.2977,2) -> 19.8 | I20: =TRUNC(H20*F20,2) -> 66052.8
A21: 2.2.5 | B21: SINAPI | C21: 100982 | D21: CARGA, MANOBRA E DESCARGA DE ENTULHO EM CAMINHÃO BASCULANTE 10 M³ - CARGA COM ESCAVADEIRA HIDRÁULICA (CAÇAMBA DE 0,80 M³ / 111 HP) E DESCARGA LIVRE (UNIDADE: M3). AF_07/2020 | E21: M3 | F21: 678.12 | G21: 8.95 | H21: =TRUNC(G21*1.2977,2) -> 11.61 | I21: =TRUNC(H21*F21,2) -> 7872.97
A22: 2.2.6 | B22: SINAPI | C22: 95875 | D22: TRANSPORTE COM CAMINHÃO BASCULANTE DE 10 M³, EM VIA URBANA PAVIMENTADA, DMT ATÉ 30 KM (UNIDADE: M3XKM). AF_07/2020 | E22: M3XKM | F22: 6781.16 | G22: 2.48 | H22: =TRUNC(G22*1.2977,2) -> 3.21 | I22: =TRUNC(H22*F22,2) -> 21767.52
A23: TOTAL DO ITEM 02 | I23: =SUM(I14:I22) -> 208083.32
A25: 3 | D25: MOBILIZAÇÃO E DESMOBILIZAÇÃO
A26: 3.1 | B26: PRÓPRIA | C26: CPU 002 | D26: MOBILIZAÇÃO E DESMOBILIZAÇÃO DA OBRA | E26: UND | F26: 1 | G26: 36982.96 | H26: =TRUNC(G26*1.2977,2) -> 47992.78 | I26: =H26*F26 -> 47992.78
A27: TOTAL DO ITEM 03 | I27: =I26 -> 47992.78
A29: 4 | D29: DRENAGEM PROFUNDA
A30: 4.1 | B30: SINAPI | C30: 90087 | D30: ESCAVAÇÃO MECANIZADA DE VALA COM PROF. DE 3,0 M ATÉ 4,5 M(MÉDIA ENTRE MONTANTE E JUSANTE/UMA COMPOSIÇÃO POR TRECHO), COM ESCAVADEIRA HIDRÁUL ICA (1,2 M3/155 HP), LARG. DE 1,5 M A 2,5 M, EM SOLO DE 1A CATEGORIA, EM LOCAIS COM ALTO NÍVEL DE INTERFERÊNCIA. (REDE PRINCIPAL) | E30: M3 | F30: 5257.01 | G30: 9.35 | H30: =TRUNC(G30*1.2977,2) -> 12.13 | I30: =TRUNC(H30*F30,2) -> 63767.53
A31: 4.2 | B31: SINAPI | C31: 90084 | D31: ESCAVAÇÃO MECANIZADA DE VALA COM PROF. MAIOR QUE 1,5 M ATÉ 3,0 M (MÉDIA ENTRE MONTANTE E JUSANTE/UMA COMPOSIÇÃO POR TRECHO), COM ESCAVADEIRA HIDRÁULICA (0,8 M3/111 HP), LARGURA ATÉ 1,5 M, EM SOLO DE 1A CATEGORIA, EM LOCAIS COM ALTO NÍVEL DE INTERFERÊNCIA. (REDE COLETORA BL) | E31: M3 | F31: 314.5 | G31: 10.77 | H31: =TRUNC(G31*1.2977,2) -> 13.97 | I31: =TRUNC(H31*F31,2) -> 4393.56
A32: 4.3 | B32: SINAPI | C32: 101617 | D32: PREPARO DE FUNDO DE VALA COM LARGURA MAIOR OU IGUAL A 1,5 M E MENOR QU E 2,5 M (ACERTO DO SOLO NATURAL). | E32: M2 | F32: 2341.55 | G32: 2.85 | H32: =TRUNC(G32*1.2977,2) -> 3.69 | I32: =TRUNC(H32*F32,2) -> 8640.31
A33: 4.4 | B33: SINAPI | C33: 100323 | D33: LASTRO COM MATERIAL GRANULAR (AREIA MÉDIA), APLICADO EM PISOS OU LAJES SOBRE SOLO, ESPESSURA DE *10 CM*. AF_07/2019 | E33: M3 | F33: 234.16 | G33: 165.03 | H33: =TRUNC(G33*1.2977,2) -> 214.15 | I33: =TRUNC(H33*F33,2) -> 50145.36
A34: 4.5 | B34: SINAPI | C34: 92226 | D34: TUBO DE CONCRETO PARA REDES COLETORAS DE ÁGUAS PLUVIAIS, DIÂMETRO DE 1000 MM, JUNTA RÍGIDA, INSTALADO EM LOCAL COM ALTO NÍVEL DE INTERFERÊNCIAS - FORNECIMENTO E ASSENTAMENTO | E34: M | F34: 88.4 | G34: 576.79 | H34: =TRUNC(G34*1.2977,2) -> 748.5 | I34: =TRUNC(H34*F34,2) -> 66167.4
A35: 4.6 | B35: SINAPI | C35: 92223 | D35: TUBO DE CONCRETO PARA REDES COLETORAS DE ÁGUAS PLUVIAIS, DIÂMETRO DE 800 MM, JUNTA RÍGIDA, INSTALADO EM LOCAL COM ALTO NÍVEL DE INTERFERÊNCIAS - FORNECIMENTO E ASSENTAMENTO | E35: M | F35: 1065.64 | G35: 477.05 | H35: =TRUNC(G35*1.2977,2) -> 619.06 | I35: =TRUNC(H35*F35,2) -> 659695.09
A36: 4.7 | B36: SINAPI | C36: 92219 | D36: TUBO DE CONCRETO PARA REDES COLETORAS DE ÁGUAS PLUVIAIS, DIÂMETRO DE 400 MM, JUNTA RÍGIDA, INSTALADO EM LOCAL COM ALTO NÍVEL DE INTERFERÊNCIAS - FORNECIMENTO E ASSENTAMENTO | E36: M | F36: 274.01 | G36: 171.3 | H36: =TRUNC(G36*1.2977,2) -> 222.29 | I36: =TRUNC(H36*F36,2) -> 60909.68
A37: 4.8 | B37: SINAPI | C37: 100950 | D37: TRANSPORTE COM CAMINHÃO CARROCERIA COM GUINDAUTO (MUNCK), MOMENTO MÁXIMO DE CARGA 11,7 TM, EM VIA URBANA EM LEITO NATURAL (UNIDADE: TXKM). AF_07/2020 | E37: TXKM | F37: 3953 | G37: 3.61 | H37: =TRUNC(G37*1.2977,2) -> 4.68 | I37: =TRUNC(H37*F37,2) -> 18500.04
A38: 4.9 | B38: SINAPI | C38: 93369 | D38: REATERRO MECANIZADO DE VALA COM ESCAVADEIRA HIDRÁULICA (CAPACIDADE DA CAÇAMBA: 0,8 M³ / POTÊNCIA: 111 HP), LARGURA DE 1,5 A 2,5 M, PROFUNDIDADE DE 1,5 A 3,0 M, COM SOLO (SEM SUBSTITUIÇÃO) DE 1ª CATEGORIA EM LOCAIS COM BAIXO NÍVEL DE INTERFERÊNCIA. AF_04/2016 | E38: M3 | F38: 4932.02 | G38: 15.86 | H38: =TRUNC(G38*1.2977,2) -> 20.58 | I38: =TRUNC(H38*F38,2) -> 101500.97
A39: 4.10 | B39: SINAPI | C39: 99267 | D39: BASE PARA POÇO DE VISITA RETANGULAR PARA DRENAGEM, EM ALVENARIA COM BLOCOS DE CONCRETO, DIMENSÕES INTERNAS = 1X2,5 M, PROFUNDIDADE = 1,45 M, EXCLUINDO TAMPÃO. AF_12/2020 | E39: UND | F39: 23 | G39: 5056.95 | H39: =TRUNC(G39*1.2977,2) -> 6562.4 | I39: =TRUNC(H39*F39,2) -> 150935.2
A40: 4.11 | B40: SINAPI | C40: 21090 | D40: TAMPAO FOFO ARTICULADO, CLASSE D400 CARGA MAX 40 T, REDONDO, TAMPA 600 MM (COM INSCRICAO EM RELEVO DO TIPO DE REDE) | E40: UND | F40: 23 | G40: 782.32 | H40: =TRUNC(G40*1.2977,2) -> 1015.21 | I40: =TRUNC(H40*F40,2) -> 23349.83
A41: 4.12 | B41: SINAPI | C41: 97949 | D41: CAIXA PARA BOCA DE LOBO SIMPLES RETANGULAR, EM ALVENARIA COM TIJOLOS CERÂMICOS MACIÇOS, DIMENSÕES INTERNAS: 0,6X1X1,2 M. AF_12/2020 | E41: UND | F41: 44 | G41: 1900.1 | H41: =TRUNC(G41*1.2977,2) -> 2465.75 | I41: =TRUNC(H41*F41,2) -> 108493
... A43: 4.14 | B43: SICRO | C43: 2003457 | D43: Dissipador de energia - DEB 05 - areia e pedra de mão comerciais | E43: UND | F43: 5 | G43: 3100.49 | H43: =TRUNC(G43*1.2977,2) -> 4023.5 | I43: =TRUNC(H43*F43,2) -> 20117.5
A44: TOTAL DO ITEM 4 | I44: =SUM(I30:I43) -> 1375123.6
A45: 5 | D45: TERRAPLENAGEM
A46: 5.1 | D46: SERVIÇOS TOPOGRAFICOS
A47: 5.1.1 | B47: SINAPI | C47: 99064 | D47: LOCAÇÃO DE PAVIMENTAÇÃO. AF_10/2018 | E47: M | F47: 2869.3 | G47: 0.47 | H47: =TRUNC(G47*1.2977,2) -> 0.6 | I47: =TRUNC(H47*F47,2) -> 1721.58
A48: TOTAL DO ITEM 5.1 | I48: =I47 -> 1721.58
A49: 5.2 | D49: REGULARIZAÇÃO DO SUB-LEITO
A50: 5.2.1 | B50: SINAPI | C50: 98525 | D50: LIMPEZA MECANIZADA DE CAMADA VEGETAL, VEGETAÇÃO E PEQUENAS ÁRVORES (DIÂMETRO DE TRONCO MENOR QUE 0,20 M), COM TRATOR DE ESTEIRAS.AF_05/2018 | E50: M2 | F50: 25258.83 | G50: 0.38 | H50: =TRUNC(G50*1.2977,2) -> 0.49 | I50: =TRUNC(H50*F50,2) -> 12376.82
A51: 5.2.2 | B51: SINAPI | C51: 101126 | D51: ESCAVAÇÃO HORIZONTAL, INCLUINDO CARGA E DESCARGA EM SOLO DE 1A CATEGORIA COM TRATOR DE ESTEIRAS (170HP/LÂMINA: 5,20M3). AF_07/2020 | E51: M3 | F51: 10517.53 | G51: 13.35 | H51: =TRUNC(G51*1.2977,2) -> 17.32 | I51: =TRUNC(H51*F51,2) -> 182163.61
A52: 5.2.3 | B52: SINAPI | C52: 95875 | D52: TRANSPORTE COM CAMINHÃO BASCULANTE DE 10 M³, EM VIA URBANA PAVIMENTADA, DMT ATÉ 30 KM (UNIDADE: M3XKM). AF_07/2020 | E52: M3XKM | F52: 105175.3 | G52: 2.48 | H52: =TRUNC(G52*1.2977,2) -> 3.21 | I52: =TRUNC(H52*F52,2) -> 337612.71
A53: 5.2.4 | B53: SINAPI | C53: 100576 | D53: REGULARIZAÇÃO E COMPACTAÇÃO DE SUBLEITO DE SOLO PREDOMINANTEMENTE ARGILOSO. AF_11/2019 | E53: M2 | F53: 22558.35 | G53: 2.49 | H53: =TRUNC(G53*1.2977,2) -> 3.23 | I53: =TRUNC(H53*F53,2) -> 72863.47
A54: TOTAL DO ITEM 5.2 | I54: =SUM(I50:I53) -> 605016.61
A56: 5.3 | D56: REGULARIZAÇÃO DA SUB-BASE
A57: 5.3.1 | B57: SINAPI | C57: 101126 | D57: ESCAVAÇÃO HORIZONTAL, INCLUINDO CARGA E DESCARGA EM SOLO DE 1A CATEGORIA COM TRATOR DE ESTEIRAS (170HP/LÂMINA: 5,20M3). AF_07/2020 | E57: M3 | F57: 4511.67 | G57: 13.35 | H57: =TRUNC(G57*1.2977,2) -> 17.32 | I57: =TRUNC(H57*F57,2) -> 78142.12
A58: 5.3.2 | B58: SINAPI | C58: 95875 | D58: TRANSPORTE COM CAMINHÃO BASCULANTE DE 10 M³, EM VIA URBANA PAVIMENTADA, DMT ATÉ 30 KM (UNIDADE: M3XKM). AF_07/2020 | E58: M3XKM | F58: 45116.7 | G58: 2.48 | H58: =TRUNC(G58*1.2977,2) -> 3.21 | I58: =TRUNC(H58*F58,2) -> 144824.6
A59: 5.3.3 | B59: SINAPI | C59: 101768 | D59: EXECUÇÃO E COMPACTAÇÃO DE BASE E OU SUB BASE PARA PAVIMENTAÇÃO DE SOLO ESTABILIZADO GRANULOMETRICAMENTE SEM MISTURA DE SOLOS - EXCLUSIVE SOLO, ESCAVAÇÃO, CARGA E TRANSPORTE. AF_11/2019 | E59: M3 | F59: 4511.67 | G59: 23.95 | H59: =TRUNC(G59*1.2977,2) -> 31.07 | I59: =TRUNC(H59*F59,2) -> 140177.58
A60: TOTAL DO ITEM 5.3 | I60: =SUM(I57:I59) -> 363144.3
A62: 5.4 | D62: REGULARIZAÇÃO DA BASE
A63: 5.4.1 | B63: SINAPI | C63: 101126 | D63: ESCAVAÇÃO HORIZONTAL, INCLUINDO CARGA E DESCARGA EM SOLO DE 1A CATEGORIA COM TRATOR DE ESTEIRAS (170HP/LÂMINA: 5,20M3). AF_07/2020 | E63: M3 | F63: 3589.77 | G63: 13.35 | H63: =TRUNC(G63*1.2977,2) -> 17.32 | I63: =TRUNC(H63*F63,2) -> 62174.81
A64: 5.4.2 | B64: SINAPI | C64: 95875 | D64: TRANSPORTE COM CAMINHÃO BASCULANTE DE 10 M³, EM VIA URBANA PAVIMENTADA, DMT ATÉ 30 KM (UNIDADE: M3XKM). AF_07/2020 | E64: M3XKM | F64: 35897.7 | G64: 2.48 | H64: =TRUNC(G64*1.2977,2) -> 3.21 | I64: =TRUNC(H64*F64,2) -> 115231.61
A65: 5.4.3 | B65: SINAPI | C65: 101768 | D65: EXECUÇÃO E COMPACTAÇÃO DE BASE E OU SUB BASE PARA PAVIMENTAÇÃO DE SOLO ESTABILIZADO GRANULOMETRICAMENTE SEM MISTURA DE SOLOS - EXCLUSIVE SOLO, ESCAVAÇÃO, CARGA E TRANSPORTE. AF_11/2019 | E65: M3 | F65: 3589.77 | G65: 23.95 | H65: =TRUNC(G65*1.2977,2) -> 31.07 | I65: =TRUNC(H65*F65,2) -> 111534.15
A66: TOTAL DO ITEM 5.4 | I66: =SUM(I63:I65) -> 288940.57
A67: TOTAL DO ITEM 5 | I67: =I48+I54+I60+I66 -> 1258823.1
A69: 6 | D69: PAVIMENTAÇÃO
A70: 6.1 | B70: PRÓPRIA | C70: 08 | D70: EXECUÇÃO DE IMPRIMAÇÃO DE BASE DE PAVIMENTAÇÃO | E70: M2 | F70: 17949 | G70: 8.11 | H70: =TRUNC(G70*1.2977,2) -> 10.52 | I70: =TRUNC(H70*F70,2) -> 188823.48
A71: 6.2 | B71: SINAPI | C71: 96402 | D71: EXECUÇÃO DE PINTURA DE LIGAÇÃO COM EMULSÃO ASFÁLTICA RR-2C. AF_11/2019 | E71: M2 | F71: 17949 | G71: 3.83 | H71: =TRUNC(G71*1.2977,2) -> 4.97 | I71: =TRUNC(H71*F71,2) -> 89206.53
A72: 6.3 | B72: SINAPI | C72: 95876 | D72: TRANSPORTE COM CAMINHÃO BASCULANTE DE 14 M³, EM VIA URBANA PAVIMENTADA, DMT ATÉ 30 KM (UNIDADE: M3XKM). AF_07/2020 | E72: M3XKM | F72: 5384.7 | G72: 2.17 | H72: =TRUNC(G72*1.2977,2) -> 2.81 | I72: =TRUNC(H72*F72,2) -> 15131
A73: 6.4 | B73: SINAPI | C73: 95995 | D73: EXECUÇÃO DE PAVIMENTO COM APLICAÇÃO DE CONCRETO ASFÁLTICO, CAMADA DE ROLAMENTO - EXCLUSIVE CARGA E TRANSPORTE. AF_11/2019 | E73: M3 | F73: 897.45 | G73: 2570.25 | H73: =TRUNC(G73*1.2977,2) -> 3335.41 | I73: =TRUNC(H73*F73,2) -> 2993363.7
A74: TOTAL DO ITEM 6 | I74: =SUM(I70:I73) -> 3286524.7
A76: 7 | D76: SINALIZAÇÃO VIÁRIA
A77: 7.1 | B77: SINAPI | C77: 102512 | D77: PINTURA DE EIXO VIÁRIO SOBRE ASFALTO COM TINTA RETRORREFLETIVA A BASE DE RESINA ACRÍLICA COM MICROESFERAS DE VIDRO, APLICAÇÃO MECÂNICA COM DEMARCADORA AUTOPROPELIDA. AF_05/2021 | E77: M | F77: 8633.45 | G77: 5.28 | H77: =TRUNC(G77*1.2977,2) -> 6.85 | I77: =H77*F77 -> 59139.132
A78: 7.2 | B78: SICRO | C78: 5213440 | D78: Fornecimento e implantação de placa de regulamentação em aço D = 0,60 m - película retrorrefletiva tipo I e SI | E78: UND | F78: 12 | G78: 252.72 | H78: =TRUNC(G78*1.2977,2) -> 327.95 | I78: =H78*F78 -> 3935.4
A79: 7.3 | B79: SICRO | C79: 5213858 | D79: Fornecimento e implantação de suporte metálico galvanizado para placa de regulamentação - R1 - lado de 0,497 m | E79: UND | F79: 12 | G79: 452.66 | H79: =TRUNC(G79*1.2977,2) -> 587.41 | I79: =H79*F79 -> 7048.92
A80: TOTAL DO ITEM 7 | I80: =SUM(I77:I79) -> 70123.452
A82: 8 | D82: MEIO FIO, SARJETA E CALÇADA
A83: 8.1 | B83: SINAPI | C83: 94267 | D83: GUIA (MEIO-FIO) E SARJETA CONJUGADOS DE CONCRETO, MOLDADA IN LOCO EM TRECHO RETO COM EXTRUSORA, 45 CM BASE (15 CM BASE DA GUIA + 30 CM BASE DA SARJETA) X 22 CM ALTURA. AF_06/2016 | E83: M | F83: 5544.83 | G83: 65.9 | H83: =TRUNC(G83*1.2977,2) -> 85.51 | I83: =TRUNC(H83*F83,2) -> 474138.41
A84: 8.2 | B84: SINAPI | C84: 101126 | D84: ESCAVAÇÃO HORIZONTAL, INCLUINDO CARGA E DESCARGA EM SOLO DE 1A CATEGORIA COM TRATOR DE ESTEIRAS (170HP/LÂMINA: 5,20M3). AF_07/2020 | E84: M3 | F84: 554.7 | G84: 13.35 | H84: =TRUNC(G84*1.2977,2) -> 17.32 | I84: =TRUNC(H84*F84,2) -> 9607.4
A85: 8.3 | B85: SINAPI | C85: 95875 | D85: TRANSPORTE COM CAMINHÃO BASCULANTE DE 10 M³, EM VIA URBANA PAVIMENTADA, DMT ATÉ 30 KM (UNIDADE: M3XKM). AF_07/2020 | E85: M3XKM | F85: 5547 | G85: 2.48 | H85: =TRUNC(G85*1.2977,2) -> 3.21 | I85: =TRUNC(H85*F85,2) -> 17805.87
A86: 8.4 | B86: SINAPI | C86: 101617 | D86: PREPARO DE FUNDO DE VALA COM LARGURA MAIOR OU IGUAL A 1,5 M E MENOR QUE 2,5 M (ACERTO DO SOLO NATURAL). AF_08/2020 (CALÇADA) | E86: M2 | F86: 5547 | G86: 2.85 | H86: =TRUNC(G86*1.2977,2) -> 3.69 | I86: =TRUNC(H86*F86,2) -> 20468.43
A87: 8.5 | B87: SINAPI | C87: 94994 | D87: EXECUÇÃO DE PASSEIO (CALÇADA) OU PISO DE CONCRETO COM CONCRETO MOLDADO IN LOCO, FEITO EM OBRA, ACABAMENTO CONVENCIONAL, ESPESSURA 8 CM, ARMADO. AF_08/2022 | E87: M2 | F87: 5547 | G87: 110.64 | H87: =TRUNC(G87*1.2977,2) -> 143.57 | I87: =TRUNC(H87*F87,2) -> 796382.79
A88: 8.6 | B88: SINAPI | C88: 102498 | D88: PINTURA DE MEIO-FIO COM TINTA BRANCA A BASE DE CAL (CAIAÇÃO). AF_05/2021 | E88: M | F88: 5544.83 | G88: 1.63 | H88: =TRUNC(G88*1.2977,2) -> 2.11 | I88: =TRUNC(H88*F88,2) -> 11699.59
A89: TOTAL DO ITEM 7 | I89: =SUM(I83:I88) -> 1330102.5
A91: TOTAL GERAL | I91: =I10+I23+I27+I44+I67+I74+I80+I89 -> 7722375.3
D95: CLAUDIO RORIZ DE PAULA
D96: ENGENHEIRO CIVIL
D97: CREA 25.412 D-DF

Sheet CPUs
H2: BDI Padrão: 29,770%
A3: Bancos: SICRO3: PA 10/2023, SINAPI: PA 01/2024 (Preço desonerado) | E3: =PLANILHA!A4 -> OBJETO: CONTRATAÇÃO DE EMPRESA ESPECIALIZADA EM ENGENHARIA PARA EXECUÇÃO DE SERVIÇOS DE DRENAGEM, TERRAPLENAGEM E PAVIMENTAÇÃO ASFÁLTICA, LOCALIZADA NA AV. MAÇARANDUBA, RUA DEUSANIRA, AV. BRAGANÇA, RUA GRAVIOLA, RUA JAMBEIRO, RUA ÓBIDOS, RUA SÃO MIGUEL E RUA SEBERI NA CIDADE DE TUCUMÃ NO ESTADO DO PARÁ
E5: Composições Analíticas com Preço unitário - Com Leis Sociais
E8: Composições Proprias
B10: Tipo | C10: Banco | D10: Código | E10: Descrição | F10: Classe/Tipo | H10: Unidade | I10: Quantidade | J10: Preço s/ BDI | K10: Total
A11: 1.1 | B11: Composição | C11: Próprio | D11: 1 | E11: ADMINISTRAÇÃO LOCAL DA OBRA | F11: SERVICOS DIVERSOS | H11: MÊS | I11: 1 | J11: 37400 | K11: 37400
B12: Composição Auxiliar | C12: SINAPI | D12: 90778 | E12: ENGENHEIRO CIVIL DE OBRA PLENO COM ENCARGOS COMPLEMENTARES | F12: SEDI - SERVICOS DIVERSOS | H12: H | I12: 220 | J12: 109.19 | K12: 24021.8
B13: Composição Auxiliar | C13: SINAPI | D13: 90776 | E13: ENCARREGADO GERAL COM ENCARGOS COMPLEMENTARES | F13: SEDI - SERVICOS DIVERSOS | H13: H | I13: 220 | J13: 21.37 | K13: 4701.4
B14: Composição Auxiliar | C14: SINAPI | D14: 100289 | E14: VIGIA DIURNO COM ENCARGOS COMPLEMENTARES | F14: SEDI - SERVICOS DIVERSOS | H14: H | I14: 440 | J14: 19.72 | K14: 8676.8
F16: MO sem LS : | G16: 17898.67 | H16: LS : | I16: 15011.61 | J16: MO com LS : | K16: 32910.28
F17: Valor do BDI : | G17: 11133.98 | J17: Valor com BDI : | K17: 48533.98
B19: Tipo | C19: Banco | D19: Código | E19: Descrição | F19: Classe/Tipo | H19: Unidade | I19: Quantidade | J19: Preço s/ BDI | K19: Total
A20: 2.1.2 | B20: Composição | C20: Próprio | D20: 2 | E20: LOCAÇÃO DE CONTAINER PARA ESCRITÓRIO/VESTIÁRIOS E ALMOXARIFADO | F20: CANTEIRO DE OBRAS | H20: MÊS | I20: 1 | J20: 2515.61 | K20: 2515.61
B21: Insumo | C21: SINAPI | D21: 10775 | E21: LOCACAO DE CONTAINER 2,30 X 6,00 M, ALT. 2,50 M, COM 1 SANITARIO, PARA ESCRITORIO, COMPLETO, SEM DIVISORIAS INTERNAS (NAO INCLUI MOBILIZACAO/DESMOBILIZACAO) | F21: Equipamento | H21: MES | I21: 1 | J21: 862.5 | K21: 862.5
B22: Insumo | C22: SINAPI | D22: 10776 | E22: LOCACAO DE CONTAINER 2,30 X 6,00 M, ALT. 2,50 M, PARA ESCRITORIO, SEM DIVISORIAS INTERNAS E SEM SANITARIO (NAO INCLUI MOBILIZACAO/DESMOBILIZACAO) | F22: Equipamento | H22: MES | I22: 1 | J22: 673.82 | K22: 673.82
B23: Insumo | C23: SINAPI | D23: 10777 | E23: LOCACAO DE CONTAINER 2,30 X 4,30 M, ALT. 2,50 M, PARA SANITARIO, COM 3 BACIAS, 4 CHUVEIROS, 1 LAVATORIO E 1 MICTORIO (NAO INCLUI MOBILIZACAO/DESMOBILIZACAO) | F23: Equipamento | H23: MES | I23: 1 | J23: 979.29 | K23: 979.29
F25: MO sem LS : | G25: 0 | H25: LS : | I25: 0 | J25: MO com LS : | K25: 0
F26: Valor do BDI : | G26: 748.89 | J26: Valor com BDI : | K26: 3264.5
B28: Tipo | C28: Banco | D28: Código | E28: Descrição | F28: Classe/Tipo | H28: Unidade | I28: Quantidade | J28: Preço s/ BDI | K28: Total
A29: 3.1 | B29: Composição | C29: Próprio | D29: 003 | E29: MOBILIZAQÇÃO E DESMOBILIZAÇÃO DA OBRA | F29: CANTEIRO DE OBRAS | H29: UN | I29: 1 | J29: 36982.96 | K29: 36982.96
B30: Insumo | C30: SICRO3 | D30: E9665 | E30: Cavalo mecânico com semi-reboque com capacidade de 22 t - 240 kW | F30: Equipamento | H30: Unidade | I30: 40 | J30: 394.1031 | K30: 15764.12
B31: Composição Auxiliar | C31: SINAPI | D31: 5824 | E31: CAMINHÃO TOCO, PBT 16.000 KG, CARGA ÚTIL MÁX. 10.685 KG, DIST. ENTRE EIXOS 4,8 M, POTÊNCIA 189 CV, INCLUSIVE CARROCERIA FIXA ABERTA DE MADEIRA P/ TRANSPORTE GERAL DE CARGA SECA, DIMEN. APROX. 2,5 X 7,00 X 0,50 M - CHP DIURNO. AF_06/2014 | F31: CHOR - CUSTOS HORÁRIOS DE MÁQUINAS E EQUIPAMENTOS | H31: CHP | I31: 8 | J31: 218.3 | K31: 1746.4
B32: Composição Auxiliar | C32: SINAPI | D32: 5811 | E32: CAMINHÃO BASCULANTE 6 M3, PESO BRUTO TOTAL 16.000 KG, CARGA ÚTIL MÁXIMA 13.071 KG, DISTÂNCIA ENTRE EIXOS 4,80 M, POTÊNCIA 230 CV INCLUSIVE CAÇAMBA METÁLICA - CHP DIURNO. AF_06/2014 | F32: CHOR - CUSTOS HORÁRIOS DE MÁQUINAS E EQUIPAMENTOS | H32: CHP | I32: 24 | J32: 205.12 | K32: 4922.88
B33: Composição Auxiliar | C33: SINAPI | D33: 91386 | E33: CAMINHÃO BASCULANTE 10 M3, TRUCADO CABINE SIMPLES, PESO BRUTO TOTAL 23.000 KG, CARGA ÚTIL MÁXIMA 15.935 KG, DISTÂNCIA ENTRE EIXOS 4,80 M, POTÊNCIA 230 CV INCLUSIVE CAÇAMBA METÁLICA - CHP DIURNO. AF_06/2014 | F33: CHOR - CUSTOS HORÁRIOS DE MÁQUINAS E EQUIPAMENTOS | H33: CHP | I33: 40 | J33: 270.95 | K33: 10838
B34: Composição Auxiliar | C34: SINAPI | D34: 5901 | E34: CAMINHÃO PIPA 10.000 L TRUCADO, PESO BRUTO TOTAL 23.000 KG, CARGA ÚTIL MÁXIMA 15.935 KG, DISTÂNCIA ENTRE EIXOS 4,8 M, POTÊNCIA 230 CV, INCLUSIVE TANQUE DE AÇO PARA TRANSPORTE DE ÁGUA - CHP DIURNO. AF_06/2014 | F34: CHOR - CUSTOS HORÁRIOS DE MÁQUINAS E EQUIPAMENTOS | H34: CHP | I34: 8 | J34: 323.93 | K34: 2591.44
B35: Composição Auxiliar | C35: SINAPI | D35: 83362 | E35: ESPARGIDOR DE ASFALTO PRESSURIZADO, TANQUE 6 M3 COM ISOLAÇÃO TÉRMICA, AQUECIDO COM 2 MAÇARICOS, COM BARRA ESPARGIDORA 3,60 M, MONTADO SOBRE CAMINHÃO TOCO, PBT 14.300 KG, POTÊNCIA 185 CV - CHP DIURNO. AF_08/2015 | F35: CHOR - CUSTOS HORÁRIOS DE MÁQUINAS E EQUIPAMENTOS | H35: CHP | I35: 4 | J35: 280.03 | K35: 1120.12
F37: MO sem LS : | G37: 822.91 | H37: LS : | I37: 690.17 | J37: MO com LS : | K37: 1513.08
F38: Valor do BDI : | G38: 11009.82 | J38: Valor com BDI : | K38: 47992.78
B40: Tipo | C40: Banco | D40: Código | E40: Descrição | F40: Classe/Tipo | H40: Unidade | I40: Quantidade | J40: Preço s/ BDI | K40: Total
A41: 6.1 | B41: Composição | C41: Próprio | D41: 08 | E41: EXECUÇÃO DE IMPRIMAÇÃO DE BASE DE PAVIMENTAÇÃO | F41: PAVIMENTACAO | H41: M2 | I41: 1 | J41: 8.11 | K41: 8.11
B42: Composição Auxiliar | C42: SINAPI | D42: 5839 | E42: VASSOURA MECÂNICA REBOCÁVEL COM ESCOVA CILÍNDRICA, LARGURA ÚTIL DE VARRIMENTO DE 2,44 M - CHP DIURNO. AF_06/2014 | F42: CHOR - CUSTOS HORÁRIOS DE MÁQUINAS E EQUIPAMENTOS | H42: CHP | I42: 0.002 | J42: 9.7 | K42: 0.01
B43: Composição Auxiliar | C43: SINAPI | D43: 5841 | E43: VASSOURA MECÂNICA REBOCÁVEL COM ESCOVA CILÍNDRICA, LARGURA ÚTIL DE VARRIMENTO DE 2,44 M - CHI DIURNO. AF_06/2014 | F43: CHOR - CUSTOS HORÁRIOS DE MÁQUINAS E EQUIPAMENTOS | H43: CHI | I43: 0.004 | J43: 4.88 | K43: 0.01
B44: Composição Auxiliar | C44: SINAPI | D44: 83362 | E44: ESPARGIDOR DE ASFALTO PRESSURIZADO, TANQUE 6 M3 COM ISOLAÇÃO TÉRMICA, AQUECIDO COM 2 MAÇARICOS, COM BARRA ESPARGIDORA 3,60 M, MONTADO SOBRE CAMINHÃO TOCO, PBT 14.300 KG, POTÊNCIA 185 CV - CHP DIURNO. AF_08/2015 | F44: CHOR - CUSTOS HORÁRIOS DE MÁQUINAS E EQUIPAMENTOS | H44: CHP | I44: 0.001 | J44: 280.03 | K44: 0.28
B45: Composição Auxiliar | C45: SINAPI | D45: 88316 | E45: SERVENTE COM ENCARGOS COMPLEMENTARES | F45: SEDI - SERVICOS DIVERSOS | H45: H | I45: 0.0058 | J45: 19.94 | K45: 0.11
B46: Composição Auxiliar | C46: SINAPI | D46: 89035 | E46: TRATOR DE PNEUS, POTÊNCIA 85 CV, TRAÇÃO 4X4, PESO COM LASTRO DE 4.675 KG - CHP DIURNO. AF_06/2014 | F46: CHOR - CUSTOS HORÁRIOS DE MÁQUINAS E EQUIPAMENTOS | H46: CHP | I46: 0.0017 | J46: 128.2 | K46: 0.21
B47: Composição Auxiliar | C47: SINAPI | D47: 89036 | E47: TRATOR DE PNEUS, POTÊNCIA 85 CV, TRAÇÃO 4X4, PESO COM LASTRO DE 4.675 KG - CHI DIURNO. AF_06/2014 | F47: CHOR - CUSTOS HORÁRIOS DE MÁQUINAS E EQUIPAMENTOS | H47: CHI | I47: 0.0041 | J47: 41.87 | K47: 0.17
B48: Composição Auxiliar | C48: SINAPI | D48: 91486 | E48: ESPARGIDOR DE ASFALTO PRESSURIZADO, TANQUE 6 M3 COM ISOLAÇÃO TÉRMICA, AQUECIDO COM 2 MAÇARICOS, COM BARRA ESPARGIDORA 3,60 M, MONTADO SOBRE CAMINHÃO TOCO, PBT 14.300 KG, POTÊNCIA 185 CV - CHI DIURNO. AF_08/2015 | F48: CHOR - CUSTOS HORÁRIOS DE MÁQUINAS E EQUIPAMENTOS | H48: CHI | I48: 0.0049 | J48: 64.45 | K48: 0.31
B49: Insumo | C49: Próprio | D49: COTAÇÃO 0001 | E49: EAI CM ECOIMPRIMA | F49: Material | H49: KG | I49: 1.2 | J49: 5.843 | K49: 7.01
F51: MO sem LS : | G51: 0.15 | H51: LS : | I51: 0.12 | J51: MO com LS : | K51: 0.27
F52: Valor do BDI : | G52: 2.41 | J52: Valor com BDI : | K52: 10.52
B54: Tipo | C54: Banco | D54: Código | E54: Descrição | F54: Classe/Tipo | H54: Unidade | I54: Quantidade | J54: Preço s/ BDI | K54: Total
A55: 6.2 | B55: Composição | C55: SINAPI | D55: 96402 | E55: EXECUÇÃO DE PINTURA DE LIGAÇÃO COM EMULSÃO ASFÁLTICA RR-2C. AF_11/2019 | F55: PAVIMENTACAO | H55: M2 | I55: 1 | J55: 3.83 | K55: 3.83
B56: Composição Auxiliar | C56: SINAPI | D56: 5839 | E56: VASSOURA MECÂNICA REBOCÁVEL COM ESCOVA CILÍNDRICA, LARGURA ÚTIL DE VARRIMENTO DE 2,44 M - CHP DIURNO. AF_06/2014 | F56: CHOR - CUSTOS HORÁRIOS DE MÁQUINAS E EQUIPAMENTOS | H56: CHP | I56: 0.002 | J56: 9.7 | K56: 0.01
B57: Composição Auxiliar | C57: SINAPI | D57: 5841 | E57: VASSOURA MECÂNICA REBOCÁVEL COM ESCOVA CILÍNDRICA, LARGURA ÚTIL DE VARRIMENTO DE 2,44 M - CHI DIURNO. AF_06/2014 | F57: CHOR - CUSTOS HORÁRIOS DE MÁQUINAS E EQUIPAMENTOS | H57: CHI | I57: 0.004 | J57: 4.88 | K57: 0.01
B58: Composição Auxiliar | C58: SINAPI | D58: 83362 | E58: ESPARGIDOR DE ASFALTO PRESSURIZADO, TANQUE 6 M3 COM ISOLAÇÃO TÉRMICA, AQUECIDO COM 2 MAÇARICOS, COM BARRA ESPARGIDORA 3,60 M, MONTADO SOBRE CAMINHÃO TOCO, PBT 14.300 KG, POTÊNCIA 185 CV - CHP DIURNO. AF_08/2015 | F58: CHOR - CUSTOS HORÁRIOS DE MÁQUINAS E EQUIPAMENTOS | H58: CHP | I58: 0.0004 | J58: 280.03 | K58: 0.11
B59: Composição Auxiliar | C59: SINAPI | D59: 88316 | E59: SERVENTE COM ENCARGOS COMPLEMENTARES | F59: SEDI - SERVICOS DIVERSOS | H59: H | I59: 0.0055 | J59: 19.94 | K59: 0.1
B60: Composição Auxiliar | C60: SINAPI | D60: 89035 | E60: TRATOR DE PNEUS, POTÊNCIA 85 CV, TRAÇÃO 4X4, PESO COM LASTRO DE 4.675 KG - CHP DIURNO. AF_06/2014 | F60: CHOR - CUSTOS HORÁRIOS DE MÁQUINAS E EQUIPAMENTOS | H60: CHP | I60: 0.0017 | J60: 128.2 | K60: 0.21
B61: Composição Auxiliar | C61: SINAPI | D61: 89036 | E61: TRATOR DE PNEUS, POTÊNCIA 85 CV, TRAÇÃO 4X4, PESO COM LASTRO DE 4.675 KG - CHI DIURNO. AF_06/2014 | F61: CHOR - CUSTOS HORÁRIOS DE MÁQUINAS E EQUIPAMENTOS | H61: CHI | I61: 0.0038 | J61: 41.87 | K61: 0.15
B62: Composição Auxiliar | C62: SINAPI | D62: 91486 | E62: ESPARGIDOR DE ASFALTO PRESSURIZADO, TANQUE 6 M3 COM ISOLAÇÃO TÉRMICA, AQUECIDO COM 2 MAÇARICOS, COM BARRA ESPARGIDORA 3,60 M, MONTADO SOBRE CAMINHÃO TOCO, PBT 14.300 KG, POTÊNCIA 185 CV - CHI DIURNO. AF_08/2015 | F62: CHOR - CUSTOS HORÁRIOS DE MÁQUINAS E EQUIPAMENTOS | H62: CHI | I62: 0.0051 | J62: 64.45 | K62: 0.32
B63: Insumo | C63: Próprio | D63: 41903 | E63: EMULSÃO ASFALTICA CATIONICA RR-2C PARA USO EM PAVIMENTAÇÃO ASFALTICA | F63: Material | H63: KG | I63: 0.45 | J63: 6.511 | K63: 2.92
F65: MO sem LS : | G65: 0.13 | H65: LS : | I65: 0.11 | J65: MO com LS : | K65: 0.24
F66: Valor do BDI : | G66: 1.14 | J66: Valor com BDI : | K66: 4.97
E74: CLAUDIO RORIZ DE PAULA
E75: ENGENHEIRO CIVIL
E76: CREA 25.412 D-DF

Sheet QUANT-PAV-R AZUL
C13: MEMÓRIA DE CALCULO - PAVIMENTAÇÃO ASFALTICA
A15: PROGRAMA: FUNDO PARA O DESENVOLVIMENTO REGIONAL - FRD
A17: OBRA: INFRA-ESTRUTURA URBANA - PAVIMENTAÇÃO ASFÁLTICA
A19: LOCAL: MUNICÍPIO DE RONDON DO PARÁ - BAIRRO RECANTO AZUL
A21: I - LEVANTAMENTO DOS SERVIÇOS A SEREM EXECUTADOS
B23: BAIRRO | C23: COMP | D23: LARGURA | E23: ÁREA | F23: ESPES | G23: VOLUME
A24: N° | B24: RUA / PERIMETO | C24: (m) | D24: CARROÇAVEL | E24: (m²) | F24: (m) | G24: PAV.(m³)
D25: (m)
B26: BAIRRO RECANTO AZUL
A27: 17 | B27: Rua 21 de Abril entre Rua Castelo Branco e Rua Antônio B. Cavalcante | C27: 450 | D27: 6 | E27: =C27*D27 -> 2700 | F27: 0.03 | G27: =E27*F27 -> 81
A28: 18 | B28: Rua João Marcelino entre Rua Marcolino Teixeira e Limite do Bairro Novo Horizonte | C28: 64 | D28: 6 | E28: =C28*D28 -> 384 | F28: 0.03 | G28: =E28*F28 -> 11.52
A29: 19 | B29: Rua 13 de Maio entre Rua Castelo Branco e Limite do Bairro Novo Horizonte | C29: 265 | D29: 6 | E29: =C29*D29 -> 1590 | F29: 0.03 | G29: =E29*F29 -> 47.7
A30: 20 | B30: Rua 24 de Junho entre Rua Castelo Branco e Limite do Bairro Novo Horizonte | C30: 215 | D30: 6 | E30: =C30*D30 -> 1290 | F30: 0.03 | G30: =E30*F30 -> 38.7
A31: 21 | B31: Rua 7 de setembro entre Rua Castelo Branco e Limite do Bairro Novo Horizonte | C31: 168 | D31: 6 | E31: =C31*D31 -> 1008 | F31: 0.03 | G31: =E31*F31 -> 30.24
A32: 22 | B32: Rua Castelo Branco entre Rua 24 de Junho e Ponte existente | C32: 70 | D32: 6 | E32: =C32*D32 -> 420 | F32: 0.03 | G32: =E32*F32 -> 12.6
A33: 23 | B33: Rua Sena entre Rua 21 de Abril e Rua 13 de Maio | D33: 5 | E33: =C33*D33 -> 0 | F33: 0.03 | G33: =E33*F33 -> 0
A34: 24 | B34: Rua Bahia entre Rua 21 de Abril e Rua 13 de Maio | D34: 6 | E34: =C34*D34 -> 0 | F34: 0.03 | G34: =E34*F34 -> 0
A35: 25 | B35: Rua 1º de Maio entre Rua 21 de Abril até a Captação 3 - Alto Recalque (SAAE) | D35: 6 | E35: =C35*D35 -> 0 | F35: 0.03 | G35: =E35*F35 -> 0
A36: 26 | B36: Rua Goias entre Rua 21 de Abril e Rua 13 de Maio | D36: 6 | E36: =C36*D36 -> 0 | F36: 0.03 | G36: =E36*F36 -> 0
A37: 27 | B37: Rua Marcolino Teixeira entre Rua 21 de Abril e Rua 13 de Maio | C37: 88 | D37: 6 | E37: =C37*D37 -> 528 | F37: 0.03 | G37: =E37*F37 -> 15.84
B38: TOTAL | C38: =SUM(C26:C37) -> 1320 | D38: =SUM(D26:D37)/11 -> 5.9090909 | E38: =SUM(E26:E37) -> 7920 | F38: 0.03 | G38: =SUM(G26:G37) -> 237.6
J39: 1793
J40: =J39-C38 -> 473
A41: 1) | B41: SERVIÇOS PRELIMINARES
B42: PLACA DA OBRA: 2,00 m x 3,00 m | F42: =2*3 -> 6 | G42: m²
B44: LIMPEZA DE OBRA
B45: * LIMPEZA DO CAIXOTE = LARGURA DE 6,56 m | F45: 0 | G45: m²
B47: LOCAÇÃO PLANIMÉTRICA DE LINHA
B48: LOCAÇÃO DO EIXO = ΣC | C48: =C38 -> 1320 | D48: m | F48: =C48 -> 1320 | G48: m
B49: LOC DO DA SEÇÃO TRANSVERSAL = | C49: ΣC/20m x 7m | F49: =(F48/20)*7 -> 462 | G49: m
F50: =SUM(F48:F49) -> 1782 | G50: m | J50: =#REF! -> #REF! | K50: =J50-F50 -> #REF! | L50: =J50-K50 -> #REF!
A53: 2) | B53: DRENAGEM
B54: MEIO FIO COM SARJETA = ΣC x 2 linhas | F54: =F48*2 -> 2640 | G54: m
B55: CALHA DE PASAGEM D'AGUA = | C55: 0 | D55: x 1 linha x 21 pontos | F55: =C55*1*21 -> 0 | G55: m
B56: obs: ΣC Somatória da coluna C
A58: 3) | B58: CALÇADA DE PROTEÇÃO EM CONCRETO
B59: Largura | C59: 1.2 | D59: m | F59: =C59*C60 -> 3168 | G59: m²
B60: ΣC x 2 | C60: =C48*2 -> 2640 | D60: m
B61: obs: ΣC Somatória da coluna C
A63: 4) | B63: TERRAPLANAGEM
B64: ESCAV. CARGA E TRASP. DE MAT. DE 1ª CAT. | F64: =((C65*C66*C67)*C68)+(C65*C66*C67) -> 1404 | G64: m³
B65: Largura média das vias | C65: =D38 -> 5.9090909 | D65: m
B66: ΣC | C66: =C48 -> 1320 | D66: m
B67: Profundidade | C67: 0.15 | D67: m
B68: Empolamento | C68: 0.2 | D68: m
B69: obs: ΣC Somatória da coluna C
B71: COMPACTAÇÃO E ATERRO S 100% DO P. N. | F71: =((C72*C73*C74)*C75)+(C72*C73*C74) -> 1404 | G71: m³
B72: Largura média das vias | C72: =D38 -> 5.9090909 | D72: m
B73: ΣC | C73: =C48 -> 1320 | D73: m
B74: Profundidade | C74: 0.15 | D74: m
B75: Empolamento | C75: 0.2 | D75: m
B76: obs: ΣC Somatória da coluna C
B78: SUB-BASE OU BASE ESTABIL. GLANULOMETRIC. | F78: =((C79*C80*C81)*C82)+(C79*C80*C81) -> 1404 | G78: m³
B79: Largura média das vias | C79: =D38 -> 5.9090909 | D79: m
B80: ΣC | C80: =C48 -> 1320 | D80: m
B81: Profundidade | C81: 0.15 | D81: m
B82: Empolamento | C82: 0.2 | D82: m
B83: obs: ΣC Somatória da coluna C
A85: 5) | B85: PAVIMENTAÇÃO
B86: VOLUME DE MASSA ASFÁLTICA - VMA | F86: =C87*C88 -> 582.12 | G86: t
B87: ΣG | C87: =G38 -> 237.6 | D87: m³
B88: Peso especifico do asfálto (y) | C88: 2.45 | D88: t/m³
B89: obs: ΣG Somatória da coluna G
B91: IMPRIMAÇÃO | F91: =C92*C93 -> 8659.2 | G91: m²
B92: ΣC | C92: =C48 -> 1320 | D92: m
B93: Largura da Caixa | C93: 6.56 | D93: m
B96: PINTURA DE LIGAÇÃO
B97: ΣC | C97: =C48 -> 1320 | D97: m | F97: =C97*C98 -> 8659.2 | G97: m²
B98: Largura da Caixa | C98: 6.56 | D98: m
B99: obs: ΣC Somatória da coluna C
A101: 6) | B101: SINALIZAÇÃO HORIZONTAL (Pintura de faixa - tinta base acrílica p/02 anos)
B102: CONTINA | F102: =C103*C104 -> 264 | G102: m²
B103: ΣC x 2 | C103: =C48*2 -> 2640 | D103: m
B104: Largura | C104: 0.1 | D104: m
B105: SECCIONADA
B106: COMPRIMENTO = 1/3 DE ΣC | C106: =C48/3 -> 440 | D106: m | F106: =C106*C107 -> 44 | G106: m²
B107: Largura | C107: 0.1 | D107: m
B108: obs: ΣC Somatória da coluna C | C108: TOTAL | F108: =F106+F102 -> 308 | G108: m²
A111: 7) | B111: SINALIZAÇÃO VERTICAL ( Placa de sinalização semi-reflexiva )
B112: 14 UN x 0,50 m x 0,50m = | C112: =14*0.5*0.5 -> 3.5 | D112: m²
A115: 8) | B115: SINALIZAÇÃO VERTICAL - NOME DE RUA | C115: 54 | D115: un
B116: Placa esmaltada para identificação NR de rua, dimensãoes 45 x 25 cm

Sheet CBUQ_MEMO_CBUQ_FRD
C2: MEMÓRIA DE CALCULO - PAVIMENTAÇÃO ASFALTICA
A4: PROGRAMA: FUNDO PARA O DESENVOLVIMENTO REGIONAL - FRD
A6: OBRA: INFRA-ESTRUTURA URBANA - PAVIMENTAÇÃO ASFÁLTICA
A8: LOCAL: MUNICÍPIO DE RONDON DO PARÁ
A10: I - LEVANTAMENTO DOS SERVIÇOS A SEREM EXECUTADOS
B12: BAIRRO | C12: COMP | D12: LARGURA | E12: ÁREA | F12: ESPES | G12: VOLUME
A13: N° | B13: RUA / PERIMETO | C13: (m) | D13: CARROÇAVEL | E13: (m²) | F13: (m) | G13: PAV.(m³)
D14: (m)
B15: BAIRRO GUSMÃO
A16: 1 | B16: Rua Tom Jobim entre Avenida Marechal Rondon e Rua Raul Silva | C16: 370 | D16: 7 | E16: =C16*D16 -> 2590 | F16: 0.04 | G16: =E16*F16 -> 103.6
A17: 2 | B17: Rua Campo Grande entre Avenida Marechal Rondon e Rua Raul Silva | C17: 363 | D17: 7 | E17: =C17*D17 -> 2541 | F17: 0.04 | G17: =E17*F17 -> 101.64
A18: 3 | B18: Rua Amazonas entre Avenida Marechal Rondon e Rua São Paulo | C18: 145 | D18: 6 | E18: =C18*D18 -> 870 | F18: 0.04 | G18: =E18*F18 -> 34.8
A19: 4 | B19: Rua Flamengo entre Rua Marechal Rondon e Rua Candelária | C19: 172 | D19: 8 | E19: =C19*D19 -> 1376 | F19: 0.04 | G19: =E19*F19 -> 55.04
A20: 5 | B20: Rua Petropolis entre Rua Francisco Bastos e Rua Flamengo | C20: 227 | D20: 7 | E20: =C20*D20 -> 1589 | F20: 0.04 | G20: =E20*F20 -> 63.56
A21: 6 | B21: Rua São Paulo entre Rua Francisco Bastos e Rua Flamengo | C21: 245 | D21: 7 | E21: =C21*D21 -> 1715 | F21: 0.04 | G21: =E21*F21 -> 68.6
A22: 7 | B22: Rua Candelaria entre Rua Flamengo e Rua Leblon | C22: 105 | D22: 7 | E22: =C22*D22 -> 735 | F22: 0.04 | G22: =E22*F22 -> 29.4
A23: 8 | B23: Rua Cristo Redentor entre Rua Flamengo e Rua Leblon | C23: 97 | D23: 5 | E23: =C23*D23 -> 485 | F23: 0.04 | G23: =E23*F23 -> 19.4
A24: 9 | B24: Rua Pão de açucar entre Rua Flamengo e Rua Leblon | C24: 157 | D24: 8 | E24: =C24*D24 -> 1256 | F24: 0.04 | G24: =E24*F24 -> 50.24
A25: 10 | B25: Rua Ipanema entre Rua Amazonas e Rua Flamengo | C25: 82 | D25: 8 | E25: =C25*D25 -> 656 | F25: 0.04 | G25: =E25*F25 -> 26.24
B26: BAIRRO BELA VISTA
A27: 11 | B27: Rua Bela Vista entre Rua Nossa Senhora de Fátima e Rua Santo Antônio | C27: 257 | D27: 7 | E27: =C27*D27 -> 1799 | F27: 0.04 | G27: =E27*F27 -> 71.96
A28: 12 | B28: Rua Brasil entre Rua Nossa Senhora de Fátima e Rua Santo Antônio | C28: 257 | D28: 7 | E28: =C28*D28 -> 1799 | F28: 0.04 | G28: =E28*F28 -> 71.96
A29: 13 | B29: Rua Argentina entre Rua Nossa Senhora de Fátima e Rua São Francisco | C29: 467 | D29: 7 | E29: =C29*D29 -> 3269 | F29: 0.04 | G29: =E29*F29 -> 130.76
A30: 14 | B30: Rua Chile entre Rua Nossa Senhora de Fátima e Rua Santo Antônio | C30: 257 | D30: 7 | E30: =C30*D30 -> 1799 | F30: 0.04 | G30: =E30*F30 -> 71.96
A31: 15 | B31: Rua Cezar Brasil entre Rua Paraguai e Rua Uruguai | C31: 438 | D31: 7 | E31: =C31*D31 -> 3066 | F31: 0.04 | G31: =E31*F31 -> 122.64
A32: 16 | B32: Rua Santo Antônio entre Rua Brasil e Rua Chile | C32: 221 | D32: 7 | E32: =C32*D32 -> 1547 | F32: 0.04 | G32: =E32*F32 -> 61.88
B39: BAIRRO RECANTO AZUL
A40: 17 | B40: Rua 21 de Abril entre Rua Castelo Branco e Rua Antônio B. Cavalcante | C40: 450 | D40: 6 | E40: =C40*D40 -> 2700 | F40: 0.03 | G40: =E40*F40 -> 81
A41: 18 | B41: Rua João Marcelino entre Rua Marcolino Teixeira e Limite do Bairro Novo Horizonte | C41: 64 | D41: 6 | E41: =C41*D41 -> 384 | F41: 0.03 | G41: =E41*F41 -> 11.52
A42: 19 | B42: Rua 13 de Maio entre Rua Castelo Branco e Limite do Bairro Novo Horizonte | C42: 265 | D42: 6 | E42: =C42*D42 -> 1590 | F42: 0.03 | G42: =E42*F42 -> 47.7
A43: 20 | B43: Rua 24 de Junho entre Rua Castelo Branco e Limite do Bairro Novo Horizonte | C43: 215 | D43: 6 | E43: =C43*D43 -> 1290 | F43: 0.03 | G43: =E43*F43 -> 38.7
A44: 21 | B44: Rua 7 de setembro entre Rua Castelo Branco e Limite do Bairro Novo Horizonte | C44: 168 | D44: 6 | E44: =C44*D44 -> 1008 | F44: 0.03 | G44: =E44*F44 -> 30.24
A45: 22 | B45: Rua Castelo Branco entre Rua 24 de Junho e Ponte existente | C45: 70 | D45: 6 | E45: =C45*D45 -> 420 | F45: 0.03 | G45: =E45*F45 -> 12.6
A46: 23 | B46: Rua Sena entre Rua 21 de Abril e Rua 13 de Maio | C46: 81 | D46: 5 | E46: =C46*D46 -> 405 | F46: 0.03 | G46: =E46*F46 -> 12.15
A47: 24 | B47: Rua Bahia entre Rua 21 de Abril e Rua 13 de Maio | C47: 85 | D47: 6 | E47: =C47*D47 -> 510 | F47: 0.03 | G47: =E47*F47 -> 15.3
A48: 25 | B48: Rua 1º de Maio entre Rua 21 de Abril até a Captação 3 - Alto Recalque (SAAE) | C48: =88+51+36+43 -> 218 | D48: 6 | E48: =C48*D48 -> 1308 | F48: 0.03 | G48: =E48*F48 -> 39.24
A49: 26 | B49: Rua Goiaz entre Rua 21 de Abril e Rua 13 de Maio | C49: 89 | D49: 6 | E49: =C49*D49 -> 534 | F49: 0.03 | G49: =E49*F49 -> 16.02
A50: 27 | B50: Rua Marcolino Teixeira entre Rua 21 de Abril e Rua 13 de Maio | C50: 88 | D50: 6 | E50: =C50*D50 -> 528 | F50: 0.03 | G50: =E50*F50 -> 15.84
B55: TOTAL | C55: =SUM(C16:C54) -> 5653 | D55: =SUM(D16:D54)/27 -> 6.5555556 | E55: =SUM(E16:E54) -> 37769 | F55: 0.04 | G55: =SUM(G16:G54) -> 1403.99
A58: 1) | B58: SERVIÇOS PRELIMINARES
B59: - PLACA DA OBRA: 2,00 m x 3,00 m x 3 un | F59: 18 | G59: m²
B61: - LIMPEZA DE OBRA
B62: * LIMPEZA DO CAIXOTE = LARGURA DE 6,56 m | F62: 0 | G62: m²
B64: - LOCAÇÃO PLANIMÉTRICA DE LINHA
B65: *LOCAÇÃO DO EIXO | F65: =C55 -> 5653 | G65: m
B66: *LOC DO DA SEÇÃO TRANSVERSAL = | C66: 5.653,00 m /20,00m x 7,00m = | F66: =F65/20*7 -> 1978.55 | G66: m
F67: =SUM(F65:F66) -> 7631.55 | G67: m
A70: 2) | B70: DRENAGEM
B71: - MEIO FIO COM SARJETA = 5.653,00 m x 2 linhas | F71: =F65*2 -> 11306 | G71: m
B72: - CALHA DE PASSAGEM D'AGUA =15,00 m x 1 linhas x 21 pontos | F72: =15*1*21 -> 315 | G72: m
A74: 3) | B74: CALÇADA DE PROTEÇÃO
B75: - CALÇADA DE CONCRETO E=7 CM = 5.653,00 m x 2 linhas | F75: =F65*2 -> 11306 | G75: m
A78: 4) | B78: TERRAPLANAGEM
A79: - ESCAV. CARGA E TRASP. DE MAT. DE 1ª CAT. =5.653,00 m x 7,00m x 0,15x 1,20 | F79: =C55*7*0.15*1.2 -> 7122.78 | G79: m³
A80: - COMPACTAÇÃO E ATERRO S 100% DO P. N. =5.653,00 m x 7,00m x 0,15 x 1,20 | F80: =C55*7*0.15*1.2 -> 7122.78 | G80: m³
A81: - SUB-BASE OU BASE ESTABIL. GLANULOMETRIC.=5.653,00 m x 7,00m x 0,15 x 1,20 | F81: =C55*7*0.15*1.2 -> 7122.78 | G81: m³
A84: 5) | B84: PAVIMENTAÇÃO
B85: - VOLUME DE MASSA ASF´LTICA - VMA
B86: VMA=Volume de pavimentação x (Ƴ=2,45 t/m³) = | E86: =G55*2.45 -> 3439.7755 | F86: t
B88: - IMPRIMAÇÃO
B89: = 5.653,00m x 6,56 m = | E89: =C55*6.56 -> 37083.68 | F89: m²
B91: - PINTURA DE LIGAÇÃO
B92: = 5.653,00m x 6,56 m = | E92: =C55*6.56 -> 37083.68 | F92: m²
A94: 6) | B94: SINALIZAÇÃO HORIZONTAL
B95: - CONTINUA = 5.653,00m x 0,10 m x 2 lados = | E95: =C55*0.1*2 -> 1130.6 | F95: m²
B96: - SECCIONADA = 1/3 x 5.653,00m x 0,10 m = | E96: =1/3*C55*0.1 -> 188.43333 | F96: m²
E97: =E95+E96 -> 1319.0333 | F97: m²
A99: 7) | B99: SINALIZAÇÃO VERTICAL
B100: - 14 UN x 0,50 m x 0,50m = | C100: =14*0.5*0.5 -> 3.5 | D100: m²
A103: 8) | B103: SINALIZAÇÃO VERTICAL - NOME DE RUA | C103: 54 | D103: un
B108: WALBER DE CASTRO RISUENHO
B109: ENGENHEIRO CIVIL CREA 8494-D/PA

Sheet MEMO RESUMO DRENAGEM
A3: MEMÓRIA DE CALCULO DOS QUANTITATIVOS FÍSICO | O3: D=100 | P3: D=60
O4: 75 | P4: 6 | Q4: 6
A5: OBRA: DRENAGEM DE ÁGUAS PLUVIAIS NO MUNICÍPIO DE RONDON DO PARÁ | O5: 63 | P5: 11 | Q5: 8
A6: A) ESCAVAÇÃO MECANIZADA DE VALA ATÉ 4,00 M | G6: B) ESCAVAÇÃO MANUAL DE VALAS PARA DRENAGEM | P6: 7 | Q6: 6
A7: I - CORPO DE BSTC Ø = 1,00 M | E7: QUANT = | F7: =1142-155 -> 987 | G7: M | P7: 6 | Q7: 6
A8: H = | B8: 2.2 | C8: M (x) | G8: H = | H8: 0.2 | I8: M (x) | P8: 0 | Q8: 0
A9: L = | B9: 2 | C9: M (x) | G9: L = | H9: 2 | I9: M (x) | P9: 0 | Q9: 0
A10: C = | B10: 1 | C10: M (x) | G10: C = | H10: 1 | I10: M (x) | O10: =SUM(O4:O9) -> 138 | P10: =SUM(P4:P9) -> 30 | Q10: 0
A11: TOTAL | B11: =B8*B9*B10 -> 4.4 | C11: M³ | D11: (X) EMPOLA 20% = | E11: =B11*1.2 -> 5.28 | F11: M³ | G11: TOTAL | H11: =H8*H9*H10 -> 0.4 | I11: M³ | J11: (X) EMPOLA 20% = | K11: =H11*1.2 -> 0.48 | L11: M³ | Q11: =SUM(Q4:Q10) -> 26
A12: II - CORPO DE BSTC Ø = 0,60 M | E12: QUANT = | F12: =690-72 -> 618 | G12: M | N12: =3.3-2+1.2 -> 2.5 | P12: 6
A13: H = | B13: 1.05 | C13: M (x) | G13: H = | H13: 0.2 | I13: M (x) | N13: =3.5-2+1.2 -> 2.7 | P13: 6 | Q13: 7
A14: L = | B14: 1.4 | C14: M (x) | G14: L = | H14: 1.4 | I14: M (x) | P14: 5 | Q14: 10
A15: C = | B15: 1 | C15: M (x) | G15: C = | H15: 1 | I15: M (x) | P15: 5 | Q15: =SUM(Q13:Q14) -> 17
A16: TOTAL | B16: =B13*B14*B15 -> 1.47 | C16: M³ | D16: (X) EMPOLA 20% = | E16: =B16*1.2 -> 1.764 | F16: M³ | G16: TOTAL | H16: =H13*H14*H15 -> 0.28 | I16: M³ | J16: (X) EMPOLA 20% = | K16: =H16*1.2 -> 0.336 | L16: M³ | P16: 0
A17: III - CORPO DE BSCC 1,50 x 1,50 M | E17: QUANT = | F17: ='[13]MEMO GUSMÃO'!F91+'[13]MEMO BELA VISTA'!F24+'[13]MEMO RECANTO AZUL'!F19 -> #VALUE! | G17: M | P17: 0 | Q17: 8
A18: H = | B18: 2.5 | C18: M (x) | G18: H = | H18: 0.2 | I18: M (x) | P18: 0 | Q18: 6
A19: L = | B19: 2.7 | C19: M (x) | G19: L = | H19: 2.7 | I19: M (x) | P19: 0 | Q19: =SUM(Q17:Q18) -> 14
A20: C = | B20: 1 | C20: M (x) | G20: C = | H20: 1 | I20: M (x) | P20: =SUM(P12:P19) -> 22
A21: TOTAL | B21: =B18*B19*B20 -> 6.75 | C21: M³ | D21: (X) EMPOLA 20% = | E21: =B21*1.2 -> 8.1 | F21: M³ | G21: TOTAL | H21: =H18*H19*H20 -> 0.54 | I21: M³ | J21: (X) EMPOLA 20% = | K21: =H21*1.2 -> 0.648 | L21: M³ | P21: = | Q21: =P10+Q11+P20+Q15+Q19 -> 109
A22: IV - CAIXA COLETORA TRANSVERSAL | E22: QUANT = | F22: 0 | G22: M
A23: H = | B23: 2.3 | C23: M (x) | G23: H = | H23: 0.2 | I23: M (x) | O23: 120 X 120
A24: L = | B24: 1.8 | C24: M (x) | G24: L = | H24: 1.8 | I24: M (x) | O24: 127
A25: C = | B25: 1 | C25: M (x) | G25: C = | H25: 1 | I25: M (x) | O25: 125
A26: TOTAL | B26: =B23*B24*B25 -> 4.14 | C26: M³ | D26: (X) EMPOLA 20% = | E26: =B26*1.2 -> 4.968 | F26: M³ | G26: TOTAL | H26: =H23*H24*H25 -> 0.36 | I26: M³ | J26: (X) EMPOLA 20% = | K26: =H26*1.2 -> 0.432 | L26: M³
A27: VOLUME I = | B27: =F7*E11 -> 5211.36 | D27: M³ | G27: VOLUME I = | H27: =F7*K11 -> 473.76 | J27: M³
A28: VOLUME II = | B28: =F12*E16 -> 1090.152 | D28: M³ | E28: ESCAVAÇÃO | G28: VOLUME II = | H28: =F12*K16 -> 207.648 | J28: M³ | K28: ESCAVAÇÃO
A29: VOLUME III = | B29: =F17*E21 -> #VALUE! | D29: M³ | E29: MECANIZADA | G29: VOLUME III = | H29: =F17*K21 -> #VALUE! | J29: M³ | K29: MANUAL
A30: VOLUME IV = | B30: =F22*E26 -> 0 | D30: M³ | G30: VOLUME IV = | H30: =F22*K26 -> 0 | J30: M³ | O30: =SUM(O24:O29) -> 252
A31: TOTAL = | B31: =B27+B28+B29+B30 -> #VALUE! | D31: M³ | G31: TOTAL | H31: =H27+H28+H29+H30 -> #VALUE! | J31: M³
A43: MEMÓRIA DE CALCULO DOS QUANTITATIVOS FÍSICO
A45: OBRA: DRENAGEM DE ÁGUAS PLUVIAIS NO MUNICÍPIO DE RONDON DO PARÁ | O45: 63 | P45: 11 | Q45: 8
A46: C) COMPACTAÇÃO MANUAL DE VALA COM SOQUETE DE 8,00 KG | G46: D) REGULARIZAÇÃO DE FUNDO DE VALA
A47: I - CORPO DE BSTC Ø = 1,00 M | E47: QUANT = | F47: =1142-155 -> 987 | G47: M
A48: H = | B48: 0.2 | C48: M (x) | G48: H = | H48: 0.2 | I48: M (x)
A49: L = | B49: 2 | C49: M (x) | G49: L = | H49: 2 | I49: M (x)
A50: C = | B50: 1 | C50: M (x) | G50: C = | H50: 1 | I50: M (x)
A51: TOTAL | B51: =B48*B49*B50 -> 0.4 | C51: M³ | D51: (X) EMPOLA 20% = | E51: =B51*1.2 -> 0.48 | F51: M³ | G51: TOTAL | H51: =H48*H49*H50 -> 0.4 | I51: M³ | J51: (X) EMPOLA 20% = | K51: =H51*1.2 -> 0.48 | L51: M³
A52: II - CORPO DE BSTC Ø = 0,60 M | E52: QUANT = | F52: =690-72 -> 618 | G52: M
A53: H = | B53: 0.2 | C53: M (x) | G53: H = | H53: 0.2 | I53: M (x)
A54: L = | B54: 1.4 | C54: M (x) | G54: L = | H54: 1.4 | I54: M (x)
A55: C = | B55: 1 | C55: M (x) | G55: C = | H55: 1 | I55: M (x)
A56: TOTAL | B56: =B53*B54*B55 -> 0.28 | C56: M³ | D56: (X) EMPOLA 20% = | E56: =B56*1.2 -> 0.336 | F56: M³ | G56: TOTAL | H56: =H53*H54*H55 -> 0.28 | I56: M³ | J56: (X) EMPOLA 20% = | K56: =H56*1.2 -> 0.336 | L56: M³
A57: III - CORPO DE BSCC 1,50 x 1,50 M | E57: QUANT = | F57: 88 | G57: M
A58: H = | B58: 0.2 | C58: M (x) | G58: H = | H58: 0.2 | I58: M (x)
A59: L = | B59: 2.6 | C59: M (x) | G59: L = | H59: 2.6 | I59: M (x)
A60: C = | B60: 1 | C60: M (x) | G60: C = | H60: 1 | I60: M (x)
A61: TOTAL | B61: =B58*B59*B60 -> 0.52 | C61: M³ | D61: (X) EMPOLA 20% = | E61: =B61*1.2 -> 0.624 | F61: M³ | G61: TOTAL | H61: =H58*H59*H60 -> 0.52 | I61: M³ | J61: (X) EMPOLA 20% = | K61: =H61*1.2 -> 0.624 | L61: M³
A62: IV - CAIXA COLETORA TRANSVERSAL | E62: QUANT = | F62: 0 | G62: M
A63: H = | B63: 0.2 | C63: M (x) | G63: H = | H63: 0.2 | I63: M (x)
A64: L = | B64: 1.8 | C64: M (x) | G64: L = | H64: 1.8 | I64: M (x)
A65: C = | B65: 1 | C65: M (x) | G65: C = | H65: 1 | I65: M (x)
A66: TOTAL | B66: =B63*B64*B65 -> 0.36 | C66: M³ | D66: (X) EMPOLA 20% = | E66: =B66*1.2 -> 0.432 | F66: M³ | G66: TOTAL | H66: =H63*H64*H65 -> 0.36 | I66: M³ | J66: (X) EMPOLA 20% = | K66: =H66*1.2 -> 0.432 | L66: M³
A67: VOLUME I = | B67: =F47*E51 -> 473.76 | D67: M³ | G67: VOLUME I = | H67: =F47*K51 -> 473.76 | J67: M³
A68: VOLUME II = | B68: =F52*E56 -> 207.648 | D68: M³ | E68: COMPACTAÇÃO | G68: VOLUME II = | H68: =F52*K56 -> 207.648 | J68: M³ | K68: REGULARIZAÇÃO
A69: VOLUME III = | B69: =F57*E61 -> 54.912 | D69: M³ | E69: MANUAL | G69: VOLUME III = | H69: =F57*K61 -> 54.912 | J69: M³ | K69: FUNDO DE VALA
A70: VOLUME IV = | B70: =F62*E66 -> 0 | D70: M³ | G70: VOLUME IV = | H70: =F62*K66 -> 0 | J70: M³
A71: TOTAL = | B71: =B67+B68+B69+B70 -> 736.32 | D71: M³ | G71: TOTAL | H71: =H67+H68+H69+H70 -> 736.32 | J71: M³
A83: MEMÓRIA DE CALCULO DOS QUANTITATIVOS FÍSICO
A85: OBRA: DRENAGEM DE ÁGUAS PLUVIAIS NO MUNICÍPIO DE RONDON DO PARÁ | O85: 63 | P85: 11 | Q85: 8
A86: D) REATERRO COM COMPACTAÇÃO MECÂNICA | G86: E) REATERRO APILOADO EM CAMADAS DE 0,20 M
A87: I - CORPO DE BSTC Ø = 1,00 M | E87: QUANT = | F87: =1142-155 -> 987 | G87: M
A88: ESC MEC = | B88: =B11 -> 4.4 | C88: M³ (+) | G88: 20% DA
A89: ESC MAN = | B89: =H11 -> 0.4 | C89: M³ (+) | G89: COMPACTA | H89: =B91*0.2 -> 0.733776 | I89: M (x)
A90: VOL TUBO = | B90: =3.142*(1.2*1.2)/4 -> 1.13112 | C90: M³ (-) | G90: MECÂNICA
A91: TOTAL | B91: =B88+B89-B90 -> 3.66888 | C91: M³ | D91: (X) EMPOLA 20% = | E91: =B91*1.2 -> 4.402656 | F91: M³ | G91: TOTAL | H91: =H89 -> 0.733776 | I91: M³ | J91: (X) EMPOLA 20% = | K91: =H91*1.2 -> 0.8805312 | L91: M³
A92: II - CORPO DE BSTC Ø = 0,60 M | E92: QUANT = | F92: =690-72 -> 618 | G92: M
A93: ESC MEC = | B93: =B16 -> 1.47 | C93: M³ (+) | G93: 20% DA | I93: M (x)
A94: ESC MAN = | B94: =H16 -> 0.28 | C94: M³ (+) | G94: COMPACTA | H94: =B96*0.2 -> 0.1929 | I94: M (x)
A95: VOL TUBO = | B95: =3.142*(1*1)/4 -> 0.7855 | C95: M³ (-) | G95: MECÂNICA | I95: M (x)
A96: TOTAL | B96: =B93+B94-B95 -> 0.9645 | C96: M³ | D96: (X) EMPOLA 20% = | E96: =B96*1.2 -> 1.1574 | F96: M³ | G96: TOTAL | H96: =H94 -> 0.1929 | I96: M³ | J96: (X) EMPOLA 20% = | K96: =H96*1.2 -> 0.23148 | L96: M³
A97: III - CORPO DE BSCC 1,50 x 1,50 M | E97: QUANT = | F97: 88 | G97: M
A98: ESC MEC = | B98: =B21 -> 6.75 | C98: M³ (+) | G98: 20% DA | I98: M (x)
A99: ESC MAN = | B99: =H21 -> 0.54 | C99: M³ (+) | G99: COMPACTA | H99: =B101*0.2 -> 0.4 | I99: M (x)
A100: VOL BSCC = | B100: =2.3*2.3 -> 5.29 | C100: M³ (-) | G100: MECÂNICA | I100: M (x)
A101: TOTAL | B101: =B98+B99-B100 -> 2 | C101: M³ | D101: (X) EMPOLA 20% = | E101: =B101*1.2 -> 2.4 | F101: M³ | G101: TOTAL | H101: =H99 -> 0.4 | I101: M³ | J101: (X) EMPOLA 20% = | K101: =H101*1.2 -> 0.48 | L101: M³
A102: IV - CAIXA COLETORA TRANSVERSAL | E102: QUANT = | F102: 0 | G102: M
A103: ESC MEC = | B103: =B26 -> 4.14 | C103: M³ (+) | G103: 20% DA | I103: M (x)
A104: ESC MAN = | B104: =H26 -> 0.36 | C104: M³ (+) | G104: COMPACTA | H104: =B106*0.2 -> 0.15 | I104: M (x)
A105: VOL CX COL = | B105: =1.5*2.5*1 -> 3.75 | C105: M³ (-) | G105: MECÂNICA | I105: M (x)
A106: TOTAL | B106: =B103+B104-B105 -> 0.75 | C106: M³ | D106: (X) EMPOLA 20% = | E106: =B106*1.2 -> 0.9 | F106: M³ | G106: TOTAL | H106: =H104 -> 0.15 | I106: M³ | J106: (X) EMPOLA 20% = | K106: =H106*1.2 -> 0.18 | L106: M³
A107: VOLUME I = | B107: =F87*E91 -> 4345.4215 | D107: M³ | G107: VOLUME I = | H107: =F87*K91 -> 869.08429 | J107: M³
A108: VOLUME II = | B108: =F92*E96 -> 715.2732 | D108: M³ | E108: REATERRO C/ | G108: VOLUME II = | H108: =F92*K96 -> 143.05464 | J108: M³ | K108: REATERRO
A109: VOLUME III = | B109: =F97*E101 -> 211.2 | D109: M³ | E109: COMPACTAÇÃO | G109: VOLUME III = | H109: =F97*K101 -> 42.24 | J109: M³ | K109: APILOADO
A110: VOLUME IV = | B110: =F102*E106 -> 0 | D110: M³ | E110: MECÂNICA | G110: VOLUME IV = | H110: =F102*K106 -> 0 | J110: M³
A111: TOTAL = | B111: =B107+B108+B109+B110 -> 5271.8947 | D111: M³ | G111: TOTAL | H111: =H107+H108+H109+H110 -> 1054.3789 | J111: M³
A123: MEMÓRIA DE CALCULO DOS QUANTITATIVOS FÍSICO
A125: OBRA: DRENAGEM DE ÁGUAS PLUVIAIS NO MUNICÍPIO DE RONDON DO PARÁ | O125: 63 | P125: 11 | Q125: 8
A126: F) LIMPEZA FINAL
A127: I - CORPO DE BSTC Ø = 1,00 M | E127: QUANT = | F127: =1142-155 -> 987
A128: H = | C128: M (x)
A129: L = | B129: 8 | C129: M (x)
A130: C = | B130: 1 | C130: M (x)
A131: TOTAL | B131: =B129*B130 -> 8 | C131: M² | E131: =B131 -> 8 | F131: M³
A132: II - CORPO DE BSTC Ø = 0,60 M | E132: QUANT = | F132: =690-72 -> 618
A133: H = | C133: M (x)
A134: L = | B134: 8 | C134: M (x)
A135: C = | B135: 1 | C135: M (x)
A136: TOTAL | B136: =B134*B135 -> 8 | C136: M² | E136: =B136 -> 8 | F136: M³
A137: III - CORPO DE BSCC 1,50 x 1,50 M | E137: QUANT = | F137: 88
A138: H = | C138: M (x)
...

Sheet CRONOGRAMA
A2: =PLANILHA!A4 -> OBJETO: CONTRATAÇÃO DE EMPRESA ESPECIALIZADA EM ENGENHARIA PARA EXECUÇÃO DE SERVIÇOS DE DRENAGEM, TERRAPLENAGEM E PAVIMENTAÇÃO ASFÁLTICA, LOCALIZADA NA AV. MAÇARANDUBA, RUA DEUSANIRA, AV. BRAGANÇA, RUA GRAVIOLA, RUA JAMBEIRO, RUA ÓBIDOS, RUA SÃO MIGUEL E RUA SEBERI NA CIDADE DE TUCUMÃ NO ESTADO DO PARÁ
A3: CRONOGRAMA FÍSICO - FINANCEIRO - DESONERADO
A4: ITEM | B4: DESCRIÇÃO | C4: % | D4: 1º MÊS | E4: 2º MÊS | F4: 3º MÊS | G4: TOTAL
D5: 30 dias | E5: 60 dias | F5: 90 dias
A6: 1 | B6: ADMINISTRAÇÃO LOCAL | C6: =G6/$G$30 -> 0.018854554 | D6: 0.3333 | E6: 0.3333 | F6: 0.3334 | G6: =PLANILHA!I10 -> 145601.94
D8: =D6*$G6 -> 48529.127 | E8: =E6*$G6 -> 48529.127 | F8: =F6*$G6 -> 48543.687
A9: 2 | B9: SERVIÇOS PRELIMINARES | C9: =G9/$G$30 -> 0.026945507 | D9: 0.9688 | E9: 0.0156 | F9: 0.0156 | G9: =PLANILHA!I23 -> 208083.32
D11: =D9*$G9 -> 201591.12 | E11: =E9*$G9 -> 3246.0998 | F11: =F9*$G9 -> 3246.0998
A12: 3 | B12: MOBILIZAÇÃO E DESMOBILIZAÇÃO | C12: =G12/$G$30 -> 0.0062147692 | D12: 0.5 | F12: 0.5 | G12: =PLANILHA!I27 -> 47992.78
D14: =D12*$G12 -> 23996.39 | F14: =F12*$G12 -> 23996.39
A15: 4 | B15: DRENAGEM PROFUNDA | C15: =G15/$G$30 -> 0.17807003 | D15: 0.3 | E15: 0.7 | G15: =PLANILHA!I44 -> 1375123.6
D17: =D15*$G15 -> 412537.07 | E17: =E15*$G15 -> 962586.5
A18: 5 | B18: TERRAPLENAGEM | C18: =G18/$G$30 -> 0.16300983 | D18: 0.4 | E18: 0.6 | G18: =PLANILHA!I67 -> 1258823.1
D20: =D18*$G18 -> 503529.22 | E20: =E18*$G18 -> 755293.84
A21: 6 | B21: PAVIMENTAÇÃO | C21: =G21/$G$30 -> 0.42558469 | E21: 0.2 | F21: 0.8 | G21: =PLANILHA!I74 -> 3286524.7
E23: =E21*$G21 -> 657304.94 | F23: =F21*$G21 -> 2629219.8
A24: 7 | B24: SINALIZAÇÃO VIÁRIA | C24: =G24/$G$30 -> 0.0090805548 | F24: 1 | G24: =PLANILHA!I80 -> 70123.452
F26: =F24*$G24 -> 70123.452
A27: 8 | B27: MEIO FIO, SARJETA E CALÇADA | C27: =G27/$G$30 -> 0.17224007 | E27: 0.5 | F27: 0.5 | G27: =PLANILHA!I89 -> 1330102.5
E29: =E27*$G27 -> 665051.24 | F29: =F27*$G27 -> 665051.24
B30: TOTAL DO MÊS | D30: =D8+D11+D14+D17+D20+D23+D26+D29 -> 1190182.9 | E30: =E8+E11+E14+E17+E20+E23+E26+E29 -> 3092011.7 | F30: =F8+F11+F14+F17+F20+F23+F26+F29 -> 3440180.6 | G30: =SUM(G6:G29) -> 7722375.3
B31: PERCENTUAL SIMPLES (%) | D31: =D30/$G$30 -> 0.15412135 | E31: =E30/$G$30 -> 0.40039646 | F31: =F30/$G$30 -> 0.44548219 | G31: =SUM(D31:F31) -> 1
B32: ACUMULADO NO MÊS (R$) | D32: =D30 -> 1190182.9 | E32: =D32+E30 -> 4282194.7 | F32: =E32+F30 -> 7722375.3
B33: PERCENTUAL ACUMULADO | D33: =D31 -> 0.15412135 | E33: =D33+E31 -> 0.55451781 | F33: =E33+F31 -> 1
B36: CLAUDIO RORIZ DE PAULA
B37: ENGENHEIRO CIVIL
B38: CREA 25.412 D-DF

Sheet ENCARGOS SOCIAIS
A1: =PLANILHA!A4 -> OBJETO: CONTRATAÇÃO DE EMPRESA ESPECIALIZADA EM ENGENHARIA PARA EXECUÇÃO DE SERVIÇOS DE DRENAGEM, TERRAPLENAGEM E PAVIMENTAÇÃO ASFÁLTICA, LOCALIZADA NA AV. MAÇARANDUBA, RUA DEUSANIRA, AV. BRAGANÇA, RUA GRAVIOLA, RUA JAMBEIRO, RUA ÓBIDOS, RUA SÃO MIGUEL E RUA SEBERI NA CIDADE DE TUCUMÃ NO ESTADO DO PARÁ
A6: TAXA DE ENCARGOS SOCIAIS COM DESONERAÇÃO
A8: TAXA DE ENCARGOS SOCIAIS | D8: HORISTA | E8: MENSALISTA
B9: GRUPO A | D9: % | E9: %
A10: A1 | B10: INSS
A11: A2 | B11: SESI | D11: 0.015 | E11: =D11 -> 0.015
A12: A3 | B12: SENAI | D12: 0.01 | E12: =D12 -> 0.01
A13: A4 | B13: INCRA | D13: 0.002 | E13: =D13 -> 0.002
A14: A5 | B14: SEBRAE | D14: 0.006 | E14: =D14 -> 0.006
A15: A6 | B15: Salário-educação | D15: 0.025 | E15: =D15 -> 0.025
A16: A7 | B16: Seguro contra acidentes de trabalho | D16: 0.03 | E16: =D16 -> 0.03
A17: A8 | B17: FGTS | D17: 0.08 | E17: =D17 -> 0.08
A18: A9 | B18: SECONCI | D18: 0 | E18: =D18 -> 0
A19: A | B19: Total de Encargos Sociais Básicos | D19: =SUM(D10:D18) -> 0.168 | E19: =SUM(E10:E18) -> 0.168
B21: GRUPO B | D21: % | E21: %
A22: B1 | B22: Repouso semanal remunerado | D22: 0.1812
A23: B2 | B23: Feriados | D23: 0.0416
A24: B3 | B24: Auxílio - Enfermidade | D24: 0.0094 | E24: 0.0071
A25: B4 | B25: 13º Salário | D25: 0.1103 | E25: 0.0833
A26: B5 | B26: Licença Paternidade | D26: 0.0007 | E26: 0.0006
A27: B6 | B27: Faltas Justificadas | D27: 0.0074 | E27: 0.0056
A28: B7 | B28: Dias de Chuvas | D28: 0.0269
A29: B8 | B29: Auxílio Acidente de Trabalho | D29: 0.0011 | E29: 0.0009
A30: B9 | B30: Férias Gozadas | D30: 0.099 | E30: 0.0748
A31: B10 | B31: Salário Maternidade | D31: 0.0003 | E31: 0.0002
A32: B | B32: Total de Encargos Sociais que recebem incidências de A | D32: =SUM(D22:D31) -> 0.4779 | E32: =SUM(E22:E31) -> 0.1725
B34: GRUPO C | D34: % | E34: %
A35: C1 | B35: Aviso Prévio Indenizado | D35: 0.0627 | E35: 0.0474
A36: C2 | B36: Aviso Prévio Trabalhado | D36: 0.0015 | E36: 0.0011
A37: C3 | B37: Férias Indenizadas | D37: 0.0423 | E37: 0.0319
A38: C4 | B38: Depósito Rescisão Sem Justa Causa | D38: 0.0509 | E38: 0.0384
A39: C5 | B39: Indenização Adicional | D39: 0.0053 | E39: 0.004
A40: C | B40: Total dos Encargos Sociais que não recebem as incidências globais de A | D40: =SUM(D35:D39) -> 0.1627 | E40: =SUM(E35:E39) -> 0.1228
B42: GRUPO D | D42: % | E42: %
A43: D1 | B43: Reincidência de A sobre B | D43: =D19*D32 -> 0.0802872 | E43: =E19*E32 -> 0.02898
A44: D2 | B44: Reincidência de Grupo A sobre Aviso Prévio Trabalhado e Reincidência do FGTS sobre Aviso Prévio Indenizado | D44: 0.0053 | E44: 0.004
A45: D | B45: Total das Taxas incidências e reincidências | D45: =SUM(D43:D44) -> 0.0855872 | E45: =SUM(E43:E44) -> 0.03298
B48: TOTAL DOS ENCARGOS SOCIAIS: | D48: =SUM(D19,D32,D40,D45) -> 0.8941872 | E48: =SUM(E19,E32,E40,E45) -> 0.49628

Sheet BDI
A1: =PLANILHA!A4 -> OBJETO: CONTRATAÇÃO DE EMPRESA ESPECIALIZADA EM ENGENHARIA PARA EXECUÇÃO DE SERVIÇOS DE DRENAGEM, TERRAPLENAGEM E PAVIMENTAÇÃO ASFÁLTICA, LOCALIZADA NA AV. MAÇARANDUBA, RUA DEUSANIRA, AV. BRAGANÇA, RUA GRAVIOLA, RUA JAMBEIRO, RUA ÓBIDOS, RUA SÃO MIGUEL E RUA SEBERI NA CIDADE DE TUCUMÃ NO ESTADO DO PARÁ
A6: COMPOSIÇÃO DO BDI
B9: BDI = | C9: [(1 + AC + SG + R )(1+DF)(1+L)] -1
C10: (1-I)
B13: AC = Administração Central | F13: 0.038 | K13: =F13 -> 0.038
B14: SG= Seguros + Garantia | F14: 0.0032 | K14: =F14 -> 0.0032
B15: R= Riscos | F15: 0.005 | K15: =F15 -> 0.005
B16: DF= Despesas Financeiras | F16: 0.0102 | K16: =F16 -> 0.0102
B17: L= Lucro | F17: 0.0664 | K17: =F17 -> 0.0664
B18: I= Impostos | F18: =SUM(F19:F22) -> 0.1315 | K18: =F18 -> 0.1315
C19: ISS | F19: 0.05 | K19: =F19 -> 0.05
C20: PIS | F20: 0.0065 | K20: =F20 -> 0.0065
C21: COFINS | F21: 0.03 | K21: =F21 -> 0.03
C22: CPRF | F22: 0.045 | K22: =F22 -> 0.045
B25: BDI = | C25: (1 + 0,038+ 0,0032+ 0,005 )(1+0,01020)(1+0,0664) | G25: -1
C26: (1-0,1315)
B29: BDI = | C29: =(1+0.038+0.0017+0.005+0.0015)*(1+0.0102)*(1+0.0664) -> 1.1270475 | G29: -1 | K29: =(1+0.0099)*(1+0.08) -> 1.090692 | L29: =C29*K29 -> 1.2292617 | M29: =L29/C30 -> 1.4153848 | N29: =M29-1 -> 0.41538478
C30: =(1-0.1315) -> 0.8685
B32: BDI = | C32: =(C29/C30)-1 -> 0.29769429
A36: Obs. Adequado ao Acordão 2622/2013 do TCU

Sheet MEMÓRIA DE CÁLCULO
A3: =PLANILHA!A4 -> OBJETO: CONTRATAÇÃO DE EMPRESA ESPECIALIZADA EM ENGENHARIA PARA EXECUÇÃO DE SERVIÇOS DE DRENAGEM, TERRAPLENAGEM E PAVIMENTAÇÃO ASFÁLTICA, LOCALIZADA NA AV. MAÇARANDUBA, RUA DEUSANIRA, AV. BRAGANÇA, RUA GRAVIOLA, RUA JAMBEIRO, RUA ÓBIDOS, RUA SÃO MIGUEL E RUA SEBERI NA CIDADE DE TUCUMÃ NO ESTADO DO PARÁ
A5: MEMÓRIA DE CÁLCULO
D6: ETAPA II | I6: ETAPA II | N6: ETAPA III
A7: Item | B7: Especificação | C7: UNID | D7: QUANT | E7: B | F7: L | G7: H | H7: TOTAL | I7: QUANT | J7: B | K7: L | L7: H | M7: TOTAL | N7: QUANT | O7: B | P7: L | Q7: H | R7: TOTAL | S7: TOTAL GERAL
A9: 1.0 | B9: =PLANILHA!D8 -> ADMINISTRAÇÃO LOCAL
A10: 1.1 | B10: =PLANILHA!D8 -> ADMINISTRAÇÃO LOCAL | C10: mês
B11: Administração local | D11: 3 | E11: 1 | F11: 1 | G11: 1 | H11: =D11*E11*F11*G11 -> 3
C12: sub-total | H12: =SUM(H11) -> 3
A13: 2.0 | B13: =PLANILHA!D12 -> SERVIÇOS PRELIMINARES
A14: 2.1 | B14: =PLANILHA!D13 -> CANTEIRO DE OBRAS | C14: m²
A15: 2.1.1 | B15: FORNECIMENTO E INSTALAÇÃO DE PLACA DE OBRA COM CHAPA GALVANIZADA E ESTRUTURA DE MADEIRA. AF_03/2022_PS | C15: m² | D15: 1 | E15: 3 | F15: 2 | G15: 1 | H15: =D15*E15*F15*G15 -> 6
A16: 2.1.2 | B16: LOCACAO DE CONTAINER 2,30 X 6,00 M, ALT. 2,50 M, COM 1 SANITARIO, PARA ESCRITORIO, COMPLETO, SEM DIVISORIAS INTERNAS (NAO INCLUI MOBILIZACAO/DESMOBILIZACAO) | C16: mês | D16: 1 | E16: 3 | F16: 1 | G16: 1 | H16: =D16*E16*F16*G16 -> 3
A17: 2.1.2 | B17: LOCACAO DE CONTAINER 2,30 X 6,00 M, ALT. 2,50 M, PARA ESCRITORIO, SEM DIVISORIAS INTERNAS E SEM SANITARIO (NAO INCLUI MOBILIZACAO/DESMOBILIZACAO) | C17: mês | D17: 1 | E17: 3 | F17: 1 | G17: 1 | H17: =D17*E17*F17*G17 -> 3
A18: 2.1.2 | B18: LOCACAO DE CONTAINER 2,30 X 4,30 M, ALT. 2,50 M, PARA SANITARIO, COM 3 BACIAS, 4 CHUVEIROS, 1 LAVATORIO E 1 MICTORIO (NAO INCLUI MOBILIZACAO/DESMOBILIZACAO) | C18: mês | D18: 1 | E18: 3 | F18: 1 | G18: 1 | H18: =D18*E18*F18*G18 -> 3
A19: 2.2 | B19: =PLANILHA!D16 -> DEMOLIÇÕES
A20: 2.2.1 | B20: Demolção de calçadas de concreto | C20: m3 | D20: 1 | E20: 1 | F20: 3635.43 | G20: 0.08 | H20: =D20*E20*F20*G20 -> 290.8344
A21: 2.2.2 | B21: DEMOLIÇÃO MANUAL DE MEIO FIO DE CONCRETO considerado 10% | C21: m | D21: 0.1 | E21: 1 | F21: 3306.4 | G21: 1 | H21: =D21*E21*F21*G21 -> 330.64
A22: 2.2.3 | B22: REMOÇÃO MECANIZADA DE REVESTIMENTO ASFÁLTICO | C22: m2 | D22: 0.6 | E22: 1 | F22: 3517.44 | G22: 1 | H22: =D22*E22*F22*G22 -> 2110.464
A23: 2.2.4 | B23: REMOÇÃO DE PISO INTERTRAVADO BLOCKET | C23: m2 | D23: 1 | E23: 556 | F23: 6 | G23: 1 | H23: =D23*E23*F23*G23 -> 3336
A24: 2.2.5 | B24: CARGA MECANIZADA | C24: m3 | D24: =H20 -> 290.8344 | E24: =H21*0.15*0.3 -> 14.8788 | F24: =H22*0.05 -> 105.5232 | G24: =H23*0.08 -> 266.88 | H24: =D24+E24+F24+G24 -> 678.1164
A25: 2.2.6 | B25: MOMENTO DE TRANSPORTE | C25: m3*km | D25: 8 | E25: =H24 -> 678.1164 | F25: 1 | G25: 1.25 | H25: =D25*E25*F25*G25 -> 6781.164
A26: 3.0 | B26: =PLANILHA!D25 -> MOBILIZAÇÃO E DESMOBILIZAÇÃO
A27: 3.1 | B27: =PLANILHA!D26 -> MOBILIZAÇÃO E DESMOBILIZAÇÃO DA OBRA | C27: unid
B28: Mobilização | D28: 0.5 | E28: 1 | F28: 1 | G28: 1 | H28: =D28*E28*F28*G28 -> 0.5 | M28: =I28*J28*K28*L28 -> 0 | R28: =N28*O28*P28*Q28 -> 0
B29: Desmobilização | D29: 0.5 | E29: 1 | F29: 1 | G29: 1 | H29: =D29*E29*F29*G29 -> 0.5 | M29: =I29*J29*K29*L29 -> 0 | R29: =N29*O29*P29*Q29 -> 0
C30: sub-total | H30: =SUM(H28:H29) -> 1 | M30: =SUM(M28:M29) -> 0 | R30: =SUM(R28:R29) -> 0 | S30: =SUM(H30,M30,R30) -> 1
A31: 4 | B31: =PLANILHA!D29 -> DRENAGEM PROFUNDA
A32: 4.1 | B32: =PLANILHA!D30 -> ESCAVAÇÃO MECANIZADA DE VALA COM PROF. DE 3,0 M ATÉ 4,5 M(MÉDIA ENTRE MONTANTE E JUSANTE/UMA COMPOSIÇÃO POR TRECHO), COM ESCAVADEIRA HIDRÁUL ICA (1,2 M3/155 HP), LARG. DE 1,5 M A 2,5 M, EM SOLO DE 1A CATEGORIA, EM LOCAIS COM ALTO NÍVEL DE INTERFERÊNCIA. (REDE PRINCIPAL) | C32: m3
B33: Escavação mecanizada de vala Tubulação principal | C33: DN 1000 | D33: 461.58 | E33: 1 | F33: 1 | G33: 1 | H33: =D33*E33*F33*G33 -> 461.58
B34: Escavação mecanizada de vala Tubulação principal | C34: DN 800 | D34: 4795.43 | E34: 1 | F34: 1 | G34: 1 | H34: =D34*E34*F34*G34 -> 4795.43
B35: Escavação mecanizada de vala Tubulação principal | C35: DN 600 | D35: 0 | E35: 1.6 | F35: 1 | G35: 1 | H35: =D35*E35*F35*G35 -> 0
H36: =D36*E36*F36*G36 -> 0
C37: sub-total | H37: =SUM(H33:S36) -> 5257.01
A38: 4.2 | B38: =PLANILHA!D31 -> ESCAVAÇÃO MECANIZADA DE VALA COM PROF. MAIOR QUE 1,5 M ATÉ 3,0 M (MÉDIA ENTRE MONTANTE E JUSANTE/UMA COMPOSIÇÃO POR TRECHO), COM ESCAVADEIRA HIDRÁULICA (0,8 M3/111 HP), LARGURA ATÉ 1,5 M, EM SOLO DE 1A CATEGORIA, EM LOCAIS COM ALTO NÍVEL DE INTERFERÊNCIA. (REDE COLETORA BL) | C38: m3
B39: Escavação mecanizada de vala Tubulação coletora | C39: DN 400 | D39: 314.5 | E39: 1 | F39: 1 | G39: 1 | H39: =D39*E39*F39*G39 -> 314.5
H40: =D40*E40*F40*G40 -> 0
C41: sub-total | H41: =SUM(H39:H40) -> 314.5
A42: 4.3 | B42: =PLANILHA!D32 -> PREPARO DE FUNDO DE VALA COM LARGURA MAIOR OU IGUAL A 1,5 M E MENOR QU E 2,5 M (ACERTO DO SOLO NATURAL). | C42: m2
B43: Preparo do fundo Rede | D43: 2341.55 | E43: 1 | F43: 1 | G43: 1 | H43: =D43*E43*F43*G43 -> 2341.55
H44: =D44*E44*F44*G44 -> 0
C45: sub-total | H45: =SUM(H43:H44) -> 2341.55
A46: 4.4 | B46: =PLANILHA!D33 -> LASTRO COM MATERIAL GRANULAR (AREIA MÉDIA), APLICADO EM PISOS OU LAJES SOBRE SOLO, ESPESSURA DE *10 CM*. AF_07/2019 | C46: =PLANILHA!E33 -> M3
B47: lastro com areia | D47: =D43 -> 2341.55 | E47: 1 | F47: 0.1 | G47: 1 | H47: =D47*E47*F47*G47 -> 234.155
D48: =D44 -> 0 | E48: 1 | F48: 0.1 | G48: 1 | H48: =D48*E48*F48*G48 -> 0
C49: sub-total | H49: =SUM(H47:H48) -> 234.155
A50: 4.5 | B50: =PLANILHA!D34 -> TUBO DE CONCRETO PARA REDES COLETORAS DE ÁGUAS PLUVIAIS, DIÂMETRO DE 1000 MM, JUNTA RÍGIDA, INSTALADO EM LOCAL COM ALTO NÍVEL DE INTERFERÊNCIAS - FORNECIMENTO E ASSENTAMENTO | C50: m | D50: 88.4
A51: 4.6 | B51: =PLANILHA!D35 -> TUBO DE CONCRETO PARA REDES COLETORAS DE ÁGUAS PLUVIAIS, DIÂMETRO DE 800 MM, JUNTA RÍGIDA, INSTALADO EM LOCAL COM ALTO NÍVEL DE INTERFERÊNCIAS - FORNECIMENTO E ASSENTAMENTO | C51: m | D51: 1065.64
A52: 4.8 | B52: =PLANILHA!D36 -> TUBO DE CONCRETO PARA REDES COLETORAS DE ÁGUAS PLUVIAIS, DIÂMETRO DE 400 MM, JUNTA RÍGIDA, INSTALADO EM LOCAL COM ALTO NÍVEL DE INTERFERÊNCIAS - FORNECIMENTO E ASSENTAMENTO | C52: m | D52: 274.01
A53: 4.9 | B53: =PLANILHA!D37 -> TRANSPORTE COM CAMINHÃO CARROCERIA COM GUINDAUTO (MUNCK), MOMENTO MÁXIMO DE CARGA 11,7 TM, EM VIA URBANA EM LEITO NATURAL (UNIDADE: TXKM). AF_07/2020 | C53: t*km | D53: QUANT | E53: Peso específico | F53: D.M.T
B54: DN 1000 | C54: m | D54: =D50 -> 88.4 | E54: 0.84 | F54: 6 | H54: =D54*E54*F54 -> 445.536
B55: DN 800 | C55: m | D55: =D51 -> 1065.64 | E55: 0.51 | F55: 6 | H55: =D55*E55*F55 -> 3260.8584
B56: DN 600 | C56: m | E56: 0.3 | F56: 6 | H56: =D56*E56*F56 -> 0
B57: DM 400 | C57: m | D57: 274.01 | E57: 0.15 | F57: 6 | H57: =D57*E57*F57 -> 246.609
C58: sub-total | H58: =SUM(H54:H57) -> 3953.0034
A59: 4.10 | B59: =PLANILHA!D38 -> REATERRO MECANIZADO DE VALA COM ESCAVADEIRA HIDRÁULICA (CAPACIDADE DA CAÇAMBA: 0,8 M³ / POTÊNCIA: 111 HP), LARGURA DE 1,5 A 2,5 M, PROFUNDIDADE DE 1,5 A 3,0 M, COM SOLO (SEM SUBSTITUIÇÃO) DE 1ª CATEGORIA EM LOCAIS COM BAIXO NÍVEL DE INTERFERÊNCIA. AF_04/2016 | C59: m3 | F59: área do tubo | G59: Profundidade
B60: Reaterro dn 1000 | C60: m3 | D60: 392.16 | E60: 1 | F60: 1 | G60: 1 | H60: =D60*E60*F60*G60 -> 392.16
B61: Reaterro dn 800 | C61: m3 | D61: 4259.8 | E61: 1 | F61: 1 | G61: 1 | H61: =D61*E61*F61*G61 -> 4259.8
B62: Reaterro dn 600 | C62: m3 | D62: 0 | E62: 1 | F62: 1 | G62: 1 | H62: =D62*E62*F62*G62 -> 0
B63: Reaterro dn 400 | C63: m3 | D63: 280.06 | E63: 1 | F63: 1 | G63: 1 | H63: =D63*E63*F63*G63 -> 280.06
C65: sub-total | H65: =SUM(H60:H64) -> 4932.02
A66: 4.11 | B66: =PLANILHA!D39 -> BASE PARA POÇO DE VISITA RETANGULAR PARA DRENAGEM, EM ALVENARIA COM BLOCOS DE CONCRETO, DIMENSÕES INTERNAS = 1X2,5 M, PROFUNDIDADE = 1,45 M, EXCLUINDO TAMPÃO. AF_12/2020 | C66: UND
B67: POÇO DE VISITA | C67: UND | D67: 23 | E67: 1 | F67: 1 | G67: 1 | H67: =D67*E67*F67*G67 -> 23
C68: sub-total | H68: =H67 -> 23
A69: 4.12 | B69: =PLANILHA!D40 -> TAMPAO FOFO ARTICULADO, CLASSE D400 CARGA MAX 40 T, REDONDO, TAMPA 600 MM (COM INSCRICAO EM RELEVO DO TIPO DE REDE) | C69: UND
B70: Tampão Fofo DN 600mm | C70: UND | D70: 23 | E70: 1 | F70: 1 | G70: 1 | H70: =D70*E70*F70*G70 -> 23
C71: sub-total | H71: =H70 -> 23
A72: 4.13 | B72: =PLANILHA!D41 -> CAIXA PARA BOCA DE LOBO SIMPLES RETANGULAR, EM ALVENARIA COM TIJOLOS CERÂMICOS MACIÇOS, DIMENSÕES INTERNAS: 0,6X1X1,2 M. AF_12/2020 | C72: UND
B73: Caixa boca de lobo dupla | C73: UND | D73: 44 | E73: 1 | F73: 1 | G73: 1 | H73: =D73*E73*F73*G73 -> 44
C74: sub-total | H74: =H73 -> 44
A76: 4.14 | B76: =PLANILHA!D42 -> BOCA PARA BUEIRO SIMPLES TUBULAR D = 100 CM EM CONCRETO, ALAS COM ESCONSIDADE DE 0°, INCLUINDO FÔRMAS E MATERIAIS. AF_07/2021 | C76: UND
B77: Boca BSTC dn 0,80m | C77: UND | D77: 0 | E77: 1 | F77: 1 | G77: 1 | H77: =D77*E77*F77*G77 -> 0
C78: sub-total | H78: =H77 -> 0
A79: 4.15 | B79: =PLANILHA!D42 -> BOCA PARA BUEIRO SIMPLES TUBULAR D = 100 CM EM CONCRETO, ALAS COM ESCONSIDADE DE 0°, INCLUINDO FÔRMAS E MATERIAIS. AF_07/2021 | C79: UND
B80: BTSC 1,00M | C80: UND | D80: 5 | E80: 1 | F80: 1 | G80: 1 | H80: =D80*E80*F80*G80 -> 5
C81: sub-total | H81: =H80 -> 5
A82: 4.16 | B82: =PLANILHA!D43 -> Dissipador de energia - DEB 05 - areia e pedra de mão comerciais | C82: UND
B83: Dissipador de energia - DEB 05 - areia e pedra de mão comerciais | C83: UND | D83: 5 | E83: 1 | F83: 1 | G83: 1 | H83: =D83*E83*F83*G83 -> 5
C84: sub-total | H84: =H83 -> 5
A85: 5 | B85: =PLANILHA!D45 -> TERRAPLENAGEM
A86: 5.1 | B86: =PLANILHA!D46 -> SERVIÇOS TOPOGRAFICOS | C86: m
A87: 5.1.1 | B87: Levantamento topográfico | D87: 1 | E87: 10254.94 | F87: 1 | G87: 1 | H87: =D87*E87*F87*G87 -> 10254.94 | M87: =I87*J87*K87*L87 -> 0 | R87: =N87*O87*P87*Q87 -> 0
M88: =I88*J88*K88*L88 -> 0
C89: sub-total | H89: =SUM(H87) -> 10254.94 | M89: =SUM(M87:M88) -> 0 | R89: =SUM(R87:R87) -> 0 | S89: =SUM(H89,M89,R89) -> 10254.94
A90: 5.2 | B90: =PLANILHA!D49 -> REGULARIZAÇÃO DO SUB-LEITO
A91: 5.2.1 | B91: =PLANILHA!D50 -> LIMPEZA MECANIZADA DE CAMADA VEGETAL, VEGETAÇÃO E PEQUENAS ÁRVORES (DIÂMETRO DE TRONCO MENOR QUE 0,20 M), COM TRATOR DE ESTEIRAS.AF_05/2018 | C91: m²
B92: limpeza superficial da pista | D92: 1 | E92: 2869.3 | F92: =4511.67/0.2/E92 -> 7.8619698 | G92: 1 | H92: =D92*E92*F92*G92 -> 22558.35 | I92: 1 | L92: 1 | M92: =I92*J92*K92*L92 -> 0 | N92: 1 | Q92: 1 | R92: =N92*O92*P92*Q92 -> 0
B93: limpeza superficial da jazida | D93: 1 | E93: =(F109+F119)/3 -> 2700.48 | F93: 1 | G93: 1 | H93: =D93*E93*F93*G93 -> 2700.48 | M93: =I93*J93*K93*L93 -> 0 | R93: =N93*O93*P93*Q93 -> 0
C94: sub-total | H94: =SUM(H92:H93) -> 25258.83 | M94: =SUM(M92:M93) -> 0 | R94: =SUM(R92) -> 0 | S94: =SUM(H94,M94,R94) -> 25258.83
A95: 5.2.2 | B95: =PLANILHA!D51 -> ESCAVAÇÃO HORIZONTAL, INCLUINDO CARGA E DESCARGA EM SOLO DE 1A CATEGORIA COM TRATOR DE ESTEIRAS (170HP/LÂMINA: 5,20M3). AF_07/2020 | C95: m³
B96: Levantamento de corpo estradal (Corte não compensado) | D96: 10517.53 | E96: 1 | F96: 1 | G96: 1 | H96: =D96*E96*F96*G96 -> 10517.53 | I96: 1 | J96: 22 | K96: 830.19 | L96: 0.2 | M96: =I96*J96*K96*L96 -> 3652.836 | N96: 1 | O96: 14 | P96: 200 | Q96: 0.2 | R96: =N96*O96*P96*Q96 -> 560
B97: Levantamento de corpo estradal (Aterro não compensado) | D97: 1 | H97: =D97*E97*F97*G97 -> 0 | M97: =I97*J97*K97*L97 -> 0 | R97: =N97*O97*P97*Q97 -> 0
C98: sub-total | H98: =SUM(H96:H97) -> 10517.53 | M98: =SUM(M96:M97) -> 3652.836 | R98: =SUM(R96:R97) -> 560 | S98: =SUM(H98,M98,R98) -> 14730.366
A99: 5.2.3 | B99: =PLANILHA!D52 -> TRANSPORTE COM CAMINHÃO BASCULANTE DE 10 M³, EM VIA URBANA PAVIMENTADA, DMT ATÉ 30 KM (UNIDADE: M3XKM). AF_07/2020 | C99: m³xkm
B100: Transporte de material para composição do corpo estradal | D100: 8 | E100: 1 | F100: =H98 -> 10517.53 | G100: 1.25 | H100: =D100*E100*F100*G100 -> 105175.3 | I100: 1 | J100: 22 | K100: 830.19 | L100: 1 | M100: =I100*J100*K100*L100 -> 18264.18 | N100: 1 | O100: 14 | P100: 200 | Q100: 1 | R100: =N100*O100*P100*Q100 -> 2800
H101: =D101*E101*F101*G101 -> 0 | M101: =I101*J101*K101*L101 -> 0
C102: sub-total | H102: =SUM(H100) -> 105175.3 | M102: =SUM(M100:M101) -> 18264.18 | R102: =SUM(R100) -> 2800 | S102: =SUM(H102,M102,R102) -> 126239.48
A103: 5.2.4 | B103: =PLANILHA!D53 -> REGULARIZAÇÃO E COMPACTAÇÃO DE SUBLEITO DE SOLO PREDOMINANTEMENTE ARGILOSO. AF_11/2019 | C103: m²
B104: Regularização e compactação do subleito | D104: 1 | E104: 2869.3 | F104: =4511.67/0.2/E104 -> 7.8619698 | G104: 1 | H104: =D104*E104*F104*G104 -> 22558.35 | I104: 17.9 | J104: 22 | K104: 830.19 | L104: 0.2 | M104: =I104*J104*K104*L104 -> 65385.764 | N104: 17.9 | O104: 14 | P104: 200 | Q104: 0.2 | R104: =N104*O104*P104*Q104 -> 10024
H105: =D105*E105*F105*G105 -> 0 | M105: =I105*J105*K105*L105 -> 0 | R105: =N105*O105*P105*Q105 -> 0
C106: sub-total | H106: =SUM(H104:H105) -> 22558.35 | M106: =SUM(M104:M105) -> 65385.764 | R106: =SUM(R104:R105) -> 10024 | S106: =SUM(H106,M106,R106) -> 97968.114
...

Sheet CURVA ABC INSUMOS
F2: BDI Padrão: 29,770% | H2: [Substitua pela sua logo em: Administração -> Empresa -> Logo]
A3: Bancos: SICRO3: PA 10/2023, SINAPI: PA 01/2024 (Preço desonerado) | D3: =PLANILHA!A4 -> OBJETO: CONTRATAÇÃO DE EMPRESA ESPECIALIZADA EM ENGENHARIA PARA EXECUÇÃO DE SERVIÇOS DE DRENAGEM, TERRAPLENAGEM E PAVIMENTAÇÃO ASFÁLTICA, LOCALIZADA NA AV. MAÇARANDUBA, RUA DEUSANIRA, AV. BRAGANÇA, RUA GRAVIOLA, RUA JAMBEIRO, RUA ÓBIDOS, RUA SÃO MIGUEL E RUA SEBERI NA CIDADE DE TUCUMÃ NO ESTADO DO PARÁ
D5: Curva ABC de Insumos
A8: Seq. | B8: Banco | C8: Código | D8: Descrição | E8: Tipo | F8: Unidade | G8: Quantidade | I8: Preço s/ BDI | K8: Total s/ BDI | N8: % | O8: % Acumulada | P8: Classe
G9: Operativa | H9: Improdutiva | I9: Operativa | J9: Improdutiva | K9: Operativa | L9: Improdutiva | M9: Geral
A10: 1 | B10: SINAPI | C10: 1518 | D10: CONCRETO BETUMINOSO USINADO A QUENTE (CBUQ) PARA PAVIMENTACAO ASFALTICA, PADRAO DNIT, FAIXA C, COM CAP 50/70 - AQUISICAO POSTO USINA | E10: Material | F10: T | G10: 2292.8053 | I10: 960 | K10: 2201093 | M10: 2201093 | N10: 0.3692 | O10: 0.3692 | P10: A
A11: 2 | B11: SINAPI | C11: 4221 | D11: OLEO DIESEL COMBUSTIVEL COMUM | E11: Material | F11: L | G11: 76224.776 | I11: 6.34 | K11: 483265.08 | M11: 483265.08 | N11: 0.0811 | O11: 0.4502 | P11: A
A12: 3 | B12: SINAPI | C12: 7750 | D12: TUBO DE CONCRETO ARMADO PARA AGUAS PLUVIAIS, CLASSE PA-1, COM ENCAIXE PONTA E BOLSA, DIAMETRO NOMINAL DE 800 MM | E12: Material | F12: M | G12: 1097.6092 | I12: 349.41 | K12: 383515.63 | M12: 383515.63 | N12: 0.0643 | O12: 0.5145 | P12: A
A13: 4 | B13: SINAPI | C13: 1379 | D13: CIMENTO PORTLAND COMPOSTO CP II-32 | E13: Material | F13: KG | G13: 232646.49 | I13: 1.14 | K13: 265216.99 | M13: 265216.99 | N13: 0.0445 | O13: 0.559 | P13: A
A14: 5 | B14: SINAPI | C14: 37758 | D14: CAMINHAO TRUCADO, PESO BRUTO TOTAL 23000 KG, CARGA UTIL MAXIMA 15285 KG, DISTANCIA ENTRE EIXOS 4,80 M, POTENCIA 326 CV (INCLUI CABINE E CHASSI, NAO INCLUI CARROCERIA) | E14: Equipamento | F14: UN | G14: 0.3585333 | I14: 708162.14 | K14: 253899.71 | M14: 253899.71 | N14: 0.0426 | O14: 0.6016 | P14: A
A15: 6 | B15: SINAPI | C15: 34492 | D15: CONCRETO USINADO BOMBEAVEL, CLASSE DE RESISTENCIA C20, COM BRITA 0 E 1, SLUMP = 100 +/- 20 MM, EXCLUI SERVICO DE BOMBEAMENTO (NBR 8953) | E15: Material | F15: M3 | G15: 373.16706 | I15: 660 | K15: 246290.26 | M15: 246290.26 | N15: 0.0413 | O15: 0.6429 | P15: A
A16: 7 | B16: SINAPI | C16: 7156 | D16: TELA DE ACO SOLDADA NERVURADA, CA-60, Q-196, (3,11 KG/M2), DIAMETRO DO FIO = 5,0 MM, LARGURA = 2,45 M, ESPACAMENTO DA MALHA = 10 X 10 CM | E16: Material | F16: M2 | G16: 5999.6352 | I16: 27.49 | K16: 164929.97 | M16: 164929.97 | N16: 0.0277 | O16: 0.6706 | P16: A
A17: 8 | B17: SINAPI | C17: 6111 | D17: SERVENTE DE OBRAS | E17: Mão de Obra | F17: H | G17: 13000.426 | I17: 11.87 | K17: 154315.05 | M17: 154315.05 | N17: 0.0259 | O17: 0.6965 | P17: A
A18: 9 | B18: SINAPI | C18: 37370 | D18: ALIMENTACAO - HORISTA (COLETADO CAIXA) | E18: Material | F18: H | G18: 37210.169 | I18: 3.47 | K18: 129119.29 | M18: 129119.29 | N18: 0.0217 | O18: 0.7181 | P18: A
A19: 10 | B19: Próprio | C19: COTAÇÃO 0001 | D19: EAI CM ECOIMPRIMA | E19: Material | F19: KG | G19: 21538.8 | I19: 5.84 | K19: 125851.21 | M19: 125851.21 | N19: 0.0211 | O19: 0.7392 | P19: A
A20: 11 | B20: SINAPI | C20: 10685 | D20: ESCAVADEIRA HIDRAULICA SOBRE ESTEIRAS, CACAMBA 0,80M3, PESO OPERACIONAL 17T, POTENCIA BRUTA 111HP | E20: Equipamento | F20: UN | G20: 0.1224959 | I20: 834500 | K20: 102222.83 | M20: 102222.83 | N20: 0.0171 | O20: 0.7564 | P20: A
A21: 12 | B21: SINAPI | C21: 4750 | D21: PEDREIRO (HORISTA) | E21: Mão de Obra | F21: H | G21: 5235.6735 | I21: 16.41 | K21: 85917.4 | M21: 85917.4 | N21: 0.0144 | O21: 0.7708 | P21: A
A22: 13 | B22: SINAPI | C22: 370 | D22: AREIA MEDIA - POSTO JAZIDA/FORNECEDOR (RETIRADO NA JAZIDA, SEM TRANSPORTE) | E22: Material | F22: M3 | G22: 892.1166 | I22: 95 | K22: 84751.08 | M22: 84751.08 | N22: 0.0142 | O22: 0.785 | P22: A
A23: 14 | B23: SINAPI | C23: 4721 | D23: PEDRA BRITADA N. 1 (9,5 a 19 MM) POSTO PEDREIRA/FORNECEDOR, SEM FRETE | E23: Material | F23: M3 | G23: 349.59433 | I23: 213.87 | K23: 74767.74 | M23: 74767.74 | N23: 0.0125 | O23: 0.7975 | P23: A
A24: 15 | B24: SINAPI | C24: 2707 | D24: ENGENHEIRO CIVIL DE OBRA PLENO | E24: Mão de Obra | F24: H | G24: 671.2134 | I24: 105.28 | K24: 70665.35 | M24: 70665.35 | N24: 0.0119 | O24: 0.8094 | P24: B
A25: 16 | B25: SINAPI | C25: 20020 | D25: MOTORISTA DE CAMINHAO-BASCULANTE | E25: Mão de Obra | F25: H | G25: 3360.8948 | I25: 18.07 | K25: 60731.37 | M25: 60731.37 | N25: 0.0102 | O25: 0.8196 | P25: B
A26: 17 | B26: Próprio | C26: 41903 | D26: EMULSÃO ASFALTICA CATIONICA RR-2C PARA USO EM PAVIMENTAÇÃO ASFALTICA | E26: Material | F26: KG | G26: 8077.05 | I26: 6.51 | K26: 52589.67 | M26: 52589.67 | N26: 0.0088 | O26: 0.8284 | P26: B
A27: 18 | B27: SINAPI | C27: 37372 | D27: EXAMES - HORISTA (COLETADO CAIXA) | E27: Material | F27: H | G27: 38580.625 | I27: 1.34 | K27: 51698.04 | M27: 51698.04 | N27: 0.0087 | O27: 0.8371 | P27: B
A28: 19 | B28: SINAPI | C28: 4090 | D28: MOTONIVELADORA POTENCIA BASICA LIQUIDA (PRIMEIRA MARCHA) 125 HP , PESO BRUTO 13843 KG, LARGURA DA LAMINA DE 3,7 M | E28: Equipamento | F28: UN | G28: 0.0345576 | I28: 1307000 | K28: 45166.78 | M28: 45166.78 | N28: 0.0076 | O28: 0.8446 | P28: B
A29: 20 | B29: SINAPI | C29: 4262 | D29: PA CARREGADEIRA SOBRE RODAS, POTENCIA LIQUIDA 128 HP, CAPACIDADE DA CACAMBA DE 1,7 A 2,8 M3, PESO OPERACIONAL MAXIMO DE 11632 KG | E29: Equipamento | F29: UN | G29: 0.0517938 | I29: 830000 | K29: 42988.85 | M29: 42988.85 | N29: 0.0072 | O29: 0.8518 | P29: B
A30: 21 | B30: SINAPI | C30: 14511 | D30: ROLO COMPACTADOR DE PNEUS, ESTATICO, PRESSAO VARIAVEL, POTENCIA 110 HP, PESO SEM/COM LASTRO 10,8/27 T, LARGURA DE ROLAGEM 2,30 M | E30: Equipamento | F30: UN | G30: 0.0404377 | I30: 997825.41 | K30: 40349.76 | M30: 40349.76 | N30: 0.0068 | O30: 0.8586 | P30: B
A31: 22 | B31: SINAPI | C31: 4759 | D31: CALCETEIRO (HORISTA) | E31: Mão de Obra | F31: H | G31: 2647.767 | I31: 14.85 | K31: 39319.34 | M31: 39319.34 | N31: 0.0066 | O31: 0.8652 | P31: B
... A47: 38 | B47: SINAPI | C47: 37666 | D47: OPERADOR DE BETONEIRA ESTACIONARIA / MISTURADOR | E47: Mão de Obra | F47: H | G47: 1118.3088 | I47: 14.58 | K47: 16304.94 | M47: 16304.94 | N47: 0.0027 | O47: 0.9336 | P47: C
A48: 39 | B48: SICRO3 | C48: E9665 | D48: Cavalo mecânico com semi-reboque com capacidade de 22 t - 240 kW | E48: Equipamento | F48: Unidade | G48: 40 | I48: 394.1 | K48: 15764.12 | M48: 15764.12 | N48: 0.0026 | O48: 0.9362 | P48: C
A49: 40 | B49: SINAPI | C49: 34345 | D49: VIGIA DIURNO | E49: Mão de Obra | F49: H | G49: 1327.7352 | I49: 11.87 | K49: 15760.22 | M49: 15760.22 | N49: 0.0026 | O49: 0.9389 | P49: C
A50: 41 | B50: SINAPI | C50: 7640 | D50: TRATOR DE PNEUS COM POTENCIA DE 85 CV, TRACAO 4 X 4, PESO COM LASTRO DE 4675 KG | E50: Equipamento | F50: UN | G50: 0.0578208 | I50: 256595 | K50: 14836.53 | M50: 14836.53 | N50: 0.0025 | O50: 0.9414 | P50: C
A51: 42 | B51: SINAPI | C51: 4093 | D51: MOTORISTA DE CAMINHAO | E51: Mão de Obra | F51: H | G51: 843.04067 | I51: 17.39 | K51: 14660.48 | M51: 14660.48 | N51: 0.0025 | O51: 0.9438 | P51: C
A52: 43 | B52: SINAPI | C52: 1213 | D52: CARPINTEIRO DE FORMAS (HORISTA) | E52: Mão de Obra | F52: H | G52: 873.34106 | I52: 16.41 | K52: 14331.53 | M52: 14331.53 | N52: 0.0024 | O52: 0.9462 | P52: C
A53: 44 | B53: SINAPI | C53: 4239 | D53: OPERADOR DE MOTONIVELADORA | E53: Mão de Obra | F53: H | G53: 592.60193 | I53: 22.61 | K53: 13398.73 | M53: 13398.73 | N53: 0.0022 | O53: 0.9485 | P53: C
A54: 45 | B54: SINAPI | C54: 25067 | D54: BLOCO DE CONCRETO ESTRUTURAL 19 X 19 X 39 CM, FBK 4,5 MPA (NBR 6136) | E54: Material | F54: UN | G54: 2355.6623 | I54: 5.44 | K54: 12814.8 | M54: 12814.8 | N54: 0.0021 | O54: 0.9506 | P54: C
A55: 46 | B55: SINAPI | C55: 4083 | D55: ENCARREGADO GERAL DE OBRAS (HORISTA) | E55: Mão de Obra | F55: H | G55: 676.1172 | I55: 18.2 | K55: 12305.33 | M55: 12305.33 | N55: 0.0021 | O55: 0.9527 | P55: C
A56: 47 | B56: SINAPI | C56: 43488 | D56: EPI - FAMILIA OPERADOR ESCAVADEIRA - HORISTA (ENCARGOS COMPLEMENTARES - COLETADO CAIXA) | E56: Equipamento | F56: H | G56: 14019.371 | I56: 0.86 | K56: 12056.66 | M56: 12056.66 | N56: 0.002 | O56: 0.9547 | P56: C
A57: 48 | B57: SINAPI | C57: 14626 | D57: ROLO COMPACTADOR VIBRATORIO TANDEM, ACO LISO, POTENCIA 125 HP, PESO SEM/COM LASTRO 10,20/11,65 T, LARGURA DE TRABALHO 1,73 M | E57: Equipamento | F57: UN | G57: 0.013385 | I57: 899714.32 | K57: 12042.68 | M57: 12042.68 | N57: 0.002 | O57: 0.9567 | P57: C
A58: 49 | B58: SINAPI | C58: 40331 | D58: ASSENTADOR DE MANILHAS | E58: Mão de Obra | F58: H | G58: 1035.2671 | I58: 9.65 | K58: 9990.33 | M58: 9990.33 | N58: 0.0017 | O58: 0.9584 | P58: C
A59: 50 | B59: SINAPI | C59: 1524 | D59: CONCRETO USINADO BOMBEAVEL, CLASSE DE RESISTENCIA C20, COM BRITA 0 E 1, SLUMP = 100 +/- 20 MM, INCLUI SERVICO DE BOMBEAMENTO (NBR 8953) | E59: Material | F59: M3 | G59: 13.856438 | I59: 712.53 | K59: 9873.13 | M59: 9873.13 | N59: 0.0017 | O59: 0.9601 | P59: C
A60: 51 | B60: SINAPI | C60: 43467 | D60: FERRAMENTAS - FAMILIA SERVENTE - HORISTA (ENCARGOS COMPLEMENTARES - COLETADO CAIXA) | E60: Equipamento | F60: H | G60: 14616.573 | I60: 0.61 | K60: 8916.11 | M60: 8916.11 | N60: 0.0015 | O60: 0.9616 | P60: C
... A77: 68 | B77: SINAPI | C77: 37736 | D77: TANQUE DE ACO CARBONO NAO REVESTIDO, PARA TRANSPORTE DE AGUA COM CAPACIDADE DE 10 M3, COM BOMBA CENTRIFUGA POR TOMADA DE FORCA, VAZAO MAXIMA *75* M3/H (INCLUI MONTAGEM, NAO INCLUI CAMINHAO) | E77: Equipamento | F77: UN | G77: 0.0530846 | I77: 83450 | K77: 4429.91 | M77: 4429.91 | N77: 0.0007 | O77: 0.9806 | P77: C
A78: 69 | B78: SICRO3 | C78: M0787 | D78: Suporte em aço carbono galvanizado perfil "C" | E78: Material | F78: kg | G78: 152.604 | I78: 28.99 | K78: 4424.43 | M78: 4424.43 | N78: 0.0007 | O78: 0.9814 | P78: C
A79: 70 | B79: SINAPI | C79: 4517 | D79: SARRAFO *2,5 X 7,5* CM EM PINUS, MISTA OU EQUIVALENTE DA REGIAO - BRUTA | E79: Material | F79: M | G79: 1200.0373 | I79: 3.57 | K79: 4284.13 | M79: 4284.13 | N79: 0.0007 | O79: 0.9821 | P79: C
A80: 71 | B80: SINAPI | C80: 37752 | D80: CAMINHAO TOCO, PESO BRUTO TOTAL 16000 KG, CARGA UTIL MAXIMA 11030 KG, DISTANCIA ENTRE EIXOS 5,41 M, POTENCIA 185 CV (INCLUI CABINE E CHASSI, NAO INCLUI CARROCERIA) | E80: Equipamento | F80: UN | G80: 0.0074925 | I80: 561891.87 | K80: 4209.97 | M80: 4209.97 | N80: 0.0007 | O80: 0.9828 | P80: C
A81: 72 | B81: SINAPI | C81: 7622 | D81: TRATOR DE ESTEIRAS, POTENCIA DE 100 HP, PESO OPERACIONAL DE 9,4 T, COM LAMINA COM CAPACIDADE DE 2,19 M3 | E81: Equipamento | F81: UN | G81: 0.0042374 | I81: 956498.8 | K81: 4053.07 | M81: 4053.07 | N81: 0.0007 | O81: 0.9835 | P81: C
A82: 73 | B82: SINAPI | C82: 13836 | D82: MAQUINA EXTRUSORA DE CONCRETO PARA GUIAS E SARJETAS, COM MOTOR A DIESEL DE 14 CV | E82: Equipamento | F82: UN | G82: 0.0548208 | I82: 67315.72 | K82: 3690.3 | M82: 3690.3 | N82: 0.0006 | O82: 0.9841 | P82: C
A83: 74 | B83: SICRO3 | C83: M0424 | D83: Cimento Portland CP II - 32 | E83: Material | F83: kg | G83: 3824.0747 | I83: 0.89 | K83: 3399.22 | M83: 3399.22 | N83: 0.0006 | O83: 0.9847 | P83: C
A84: 75 | B84: SINAPI | C84: 37762 | D84: CAVALO MECANICO TRACAO 4X2, PESO BRUTO TOTAL 16000 KG, CAPACIDADE MAXIMA DE TRACAO *36000* KG, DISTANCIA ENTRE EIXOS *3,56* M, POTENCIA *286* CV (INCLUI CABINE E CHASSI, NAO INCLUI SEMIRREBOQUE) | E84: Equipamento | F84: UN | G84: 0.0044821 | I84: 738740.35 | K84: 3311.11 | M84: 3311.11 | N84: 0.0006 | O84: 0.9852 | P84: C
A85: 76 | B85: SINAPI | C85: 660 | D85: CANALETA DE CONCRETO 19 X 19 X 19 CM (CLASSE C - NBR 6136) | E85: Material | F85: UN | G85: 941.85 | I85: 3.38 | K85: 3183.45 | M85: 3183.45 | N85: 0.0005 | O85: 0.9857 | P85: C
A86: 77 | B86: SINAPI | C86: 44477 | D86: MICROESFERAS DE VIDRO PARA SINALIZACAO HORIZONTAL VIARIA, TIPO II-A (DROP-ON) - NBR 16184 | E86: Material | F86: KG | G86: 215.83625 | I86: 14.58 | K86: 3146.89 | M86: 3146.89 | N86: 0.0005 | O86: 0.9863 | P86: C
A87: 78 | B87: SINAPI | C87: 10777 | D87: LOCACAO DE CONTAINER 2,30 X 4,30 M, ALT. 2,50 M, PARA SANITARIO, COM 3 BACIAS, 4 CHUVEIROS, 1 LAVATORIO E 1 MICTORIO (NAO INCLUI MOBILIZACAO/DESMOBILIZACAO) | E87: Equipamento | F87: MES | G87: 3 | I87: 979.29 | K87: 2937.87 | M87: 2937.87 | N87: 0.0005 | O87: 0.9868 | P87: C
A88: 79 | B88: SINAPI | C88: 36484 | D88: ESPARGIDOR DE ASFALTO PRESSURIZADO, TANQUE 6 M3 COM ISOLACAO TERMICA, AQUECIDO COM 2 MACARICOS, COM BARRA ESPARGIDORA 3,60 M, A SER MONTADO SOBRE CAMINHAO | E88: Equipamento | F88: UN | G88: 0.0118256 | I88: 246246.87 | K88: 2912.02 | M88: 2912.02 | N88: 0.0005 | O88: 0.9872 | P88: C
A89: 80 | B89: SICRO3 | C89: P9824 | D89: Servente | E89: Mão de Obra | F89: h | G89: 149.58915 | I89: 19.07 | K89: 2852.23 | M89: 2852.23 | N89: 0.0005 | O89: 0.9877 | P89: C
A90: 81 | B90: SINAPI | C90: 34 | D90: ACO CA-50, 10,0 MM, VERGALHAO | E90: Material | F90: KG | G90: 356.67814 | I90: 7.78 | K90: 2774.96 | M90: 2774.96 | N90: 0.0005 | O90: 0.9882 | P90: C
A91: 82 | B91: SINAPI | C91: 1358 | D91: CHAPA/PAINEL DE MADEIRA COMPENSADA RESINADA (MADEIRITE RESINADO ROSA) PARA FORMA DE CONCRETO, DE 2200 x 1100 MM, E = 17 MM | E91: Material | F91: M2 | G91: 48.695109 | I91: 54.11 | K91: 2634.89 | M91: 2634.89 | N91: 0.0004 | O91: 0.9886 | P91: C
A92: 83 | B92: SINAPI | C92: 10775 | D92: LOCACAO DE CONTAINER 2,30 X 6,00 M, ALT. 2,50 M, COM 1 SANITARIO, PARA ESCRITORIO, COMPLETO, SEM DIVISORIAS INTERNAS (NAO INCLUI MOBILIZACAO/DESMOBILIZACAO) | E92: Equipamento | F92: MES | G92: 3 | I92: 862.5 | K92: 2587.5 | M92: 2587.5 | N92: 0.0004 | O92: 0.9891 | P92: C
A93: 84 | B93: SINAPI | C93: 5068 | D93: PREGO DE ACO POLIDO COM CABECA 17 X 21 (2 X 11) | E93: Material | F93: KG | G93: 133.128 | I93: 19.04 | K93: 2534.76 | M93: 2534.76 | N93: 0.0004 | O93: 0.9895 | P93: C
A94: 85 | B94: SINAPI | C94: 44500 | D94: OPERADOR DE PAVIMENTADORA / MESA VIBROACABADORA HORISTA | E94: Mão de Obra | F94: H | G94: 128.02325 | I94: 17.46 | K94: 2235.29 | M94: 2235.29 | N94: 0.0004 | O94: 0.9899 | P94: C
A95: 86 | B95: SINAPI | C95: 13726 | D95: VASSOURA MECANICA REBOCAVEL COM ESCOVA CILINDRICA LARGURA UTIL DE VARRIMENTO = 2,44M | E95: Equipamento | F95: UN | G95: 0.0306256 | I95: 68954.08 | K95: 2111.76 | M95: 2111.76 | N95: 0.0004 | O95: 0.9902 | P95: C
A96: 87 | B96: SINAPI | C96: 10776 | D96: LOCACAO DE CONTAINER 2,30 X 6,00 M, ALT. 2,50 M, PARA ESCRITORIO, SEM DIVISORIAS INTERNAS E SEM SANITARIO (NAO INCLUI MOBILIZACAO/DESMOBILIZACAO) | E96: Equipamento | F96: MES | G96: 3 | I96: 673.82 | K96: 2021.46 | M96: 2021.46 | N96: 0.0003 | O96: 0.9906 | P96: C
A97: 88 | B97: SINAPI | C97: 43386 | D97: MEIO-FIO OU GUIA DE CONCRETO PRE-MOLDADO, TIPO CHAPEU PARA BOCA DE LOBO, DIMENSOES *1,20* X 0,15 X 0,30 M | E97: Material | F97: UN | G97: 44 | I97: 45.6 | K97: 2006.4 | M97: 2006.4 | N97: 0.0003 | O97: 0.9909 | P97: C
A98: 89 | B98: SINAPI | C98: 11161 | D98: CAL HIDRATADA PARA PINTURA | E98: Material | F98: KG | G98: 587.75198 | I98: 3.34 | K98: 1963.09 | M98: 1963.09 | N98: 0.0003 | O98: 0.9912 | P98: C
A99: 90 | B99: SINAPI | C99: 41898 | D99: MARTELO DEMOLIDOR PNEUMATICO MANUAL, PESO DE 28 KG, COM SILENCIADOR | E99: Equipamento | F99: UN | G99: 0.0787986 | I99: 23936.5 | K99: 1886.16 | M99: 1886.16 | N99: 0.0003 | O99: 0.9915 | P99: C
A100: 91 | B100: SICRO3 | C100: M1097 | D100: Pedra de mão | E100: Material | F100: m3 | G100: 10.35 | I100: 179.82 | K100: 1861.18 | M100: 1861.18 | N100: 0.0003 | O100: 0.9919 | P100: C
A101: 92 | B101: SINAPI | C101: 4491 | D101: PONTALETE *7,5 X 7,5* CM EM PINUS, MISTA OU EQUIVALENTE DA REGIAO - BRUTA | E101: Material | F101: M | G101: 159.39915 | I101: 10.22 | K101: 1629.06 | M101: 1629.06 | N101: 0.0003 | O101: 0.9921 | P101: C
A102: 93 | B102: SICRO3 | C102: M3229 | D102: Película retrorrefletiva tipo I + SI | E102: Material | F102: m2 | G102: 4.31928 | I102: 365.25 | K102: 1577.6 | M102: 1577.6 | N102: 0.0003 | O102: 0.9924 | P102: C
A103: 94 | B103: SINAPI | C103: 37373 | D103: SEGURO - HORISTA (COLETADO CAIXA) | E103: Taxa | F103: H | G103: 38580.625 | I103: 0.04 | K103: 1543.23 | M103: 1543.23 | N103: 0.0003 | O103: 0.9927 | P103: C
A104: 95 | B104: SINAPI | C104: 44058 | D104: CAMINHAO TOCO, PESO BRUTO TOTAL 16000 KG, CARGA UTIL MAXIMA 10830 KG, DISTANCIA ENTRE EIXOS 3,56 M, POTENCIA 226 CV (INCLUI CABINE E CHASSI, NAO INCLUI CARROCERIA) | E104: Equipamento | F104: UN | G104: 0.0028392 | I104: 539594.59 | K104: 1532.02 | M104: 1532.02 | N104: 0.0003 | O104: 0.9929 | P104: C
A105: 96 | B105: SINAPI | C105: 43055 | D105: ACO CA-50, 12,5 MM OU 16,0 MM, VERGALHAO | E105: Material | F105: KG | G105: 226.64646 | I105: 6.74 | K105: 1527.6 | M105: 1527.6 | N105: 0.0003 | O105: 0.9932 | P105: C
A106: 97 | B106: SINAPI | C106: 4813 | D106: PLACA DE OBRA (PARA CONSTRUCAO CIVIL) EM CHAPA GALVANIZADA *N. 22*, ADESIVADA, DE *2,4 X 1,2* M (SEM POSTES PARA FIXACAO) | E106: Material | F106: M2 | G106: 6 | I106: 250 | K106: 1500 | M106: 1500 | N106: 0.0003 | O106: 0.9934 | P106: C
A107: 98 | B107: SICRO3 | C107: M0082 | D107: Areia média lavada | E107: Material | F107: m3 | G107: 8.583809 | I107: 170.67 | K107: 1464.97 | M107: 1464.97 | N107: 0.0002 | O107: 0.9937 | P107: C
A108: 99 | B108: SINAPI | C108: 3318 | D108: GRADE DE DISCOS MECANICA 20X24" COM 20 DISCOS 24" X 6MM COM PNEUS PARA TRANSPORTE | E108: Equipamento | F108: UN | G108: 0.0282192 | I108: 51000 | K108: 1439.18 | M108: 1439.18 | N108: 0.0002 | O108: 0.9939 | P108: C
A109: 100 | B109: SINAPI | C109: 39995 | D109: POLIESTIRENO EXPANDIDO/EPS (ISOPOR), TIPO 2F, BLOCO | E109: Material | F109: M3 | G109: 2.4160957 | I109: 586.86 | K109: 1417.91 | M109: 1417.91 | N109: 0.0002 | O109: 0.9941 | P109: C
A110: 101 | B110: SINAPI | C110: 44478 | D110: MICROESFERAS DE VIDRO PARA SINALIZACAO HORIZONTAL VIARIA, TIPO I-B (PREMIX) - NBR 16184 | E110: Material | F110: KG | G110: 94.96795 | I110: 14.58 | K110: 1384.63 | M110: 1384.63 | N110: 0.0002 | O110: 0.9944 | P110: C
A111: 102 | B111: SINAPI | C111: 37743 | D111: SEMIRREBOQUE COM DOIS EIXOS EM TANDEM TIPO BASCULANTE COM CACAMBA METALICA 14 M3 (INCLUI MONTAGEM, NAO INCLUI CAVALO MECANICO) | E111: Equipamento | F111: UN | G111: 0.006352 | I111: 213383.28 | K111: 1355.41 | M111: 1355.41 | N111: 0.0002 | O111: 0.9946 | P111: C
A112: 103 | B112: SINAPI | C112: 43483 | D112: EPI - FAMILIA CARPINTEIRO DE FORMAS - HORISTA (ENCARGOS COMPLEMENTARES - COLETADO CAIXA) | E112: Equipamento | F112: H | G112: 921.87921 | I112: 1.43 | K112: 1318.29 | M112: 1318.29 | N112: 0.0002 | O112: 0.9948 | P112: C
A113: 104 | B113: SINAPI | C113: 4096 | D113: MOTORISTA OPERADOR DE CAMINHAO COM MUNCK | E113: Mão de Obra | F113: H | G113: 67.259485 | I113: 19.49 | K113: 1310.89 | M113: 1310.89 | N113: 0.0002 | O113: 0.995 | P113: C
A114: 105 | B114: SINAPI | C114: 36531 | D114: RETROESCAVADEIRA SOBRE RODAS COM CARREGADEIRA, TRACAO 4 X 4, POTENCIA LIQUIDA 88 HP, PESO OPERACIONAL MINIMO DE 6674 KG, CAPACIDADE DA CARREGADEIRA DE 1,00 M3 E DA RETROESCAVADEIRA MINIMA DE 0,26 M3, PROFUNDIDADE DE ESCAVACAO MAXIMA DE 4,37 M | E114: Equipamento | F114: UN | G114: 0.0024988 | I114: 518292.65 | K114: 1295.11 | M114: 1295.11 | N114: 0.0002 | O114: 0.9953 | P114: C
A115: 106 | B115: SICRO3 | C115: P9808 | D115: Carpinteiro | E115: Mão de Obra | F115: h | G115: 52.335 | I115: 24.31 | K115: 1272.11 | M115: 1272.11 | N115: 0.0002 | O115: 0.9955 | P115: C
A116: 107 | B116: SINAPI | C116: 13458 | D116: COMPACTADOR DE SOLOS DE PERCURSAO (SOQUETE) COM MOTOR A GASOLINA 4 TEMPOS DE 4 HP (4 CV) | E116: Equipamento | F116: UN | G116: 0.085669 | I116: 14199.81 | K116: 1216.48 | M116: 1216.48 | N116: 0.0002 | O116: 0.9957 | P116: C
A117: 108 | B117: SINAPI | C117: 43132 | D117: ARAME RECOZIDO 16 BWG, D = 1,65 MM (0,016 KG/M) OU 18 BWG, D = 1,25 MM (0,01 KG/M) | E117: Material | F117: KG | G117: 48.679744 | I117: 24.77 | K117: 1205.8 | M117: 1205.8 | N117: 0.0002 | O117: 0.9959 | P117: C
A118: 109 | B118: SINAPI | C118: 6193 | D118: TABUA NAO APARELHADA *2,5 X 20* CM, EM MACARANDUBA, ANGELIM OU EQUIVALENTE DA REGIAO - BRUTA | E118: Material | F118: M | G118: 70.0902 | I118: 16.95 | K118: 1188.03 | M118: 1188.03 | N118: 0.0002 | O118: 0.9961 | P118: C
A119: 110 | B119: SINAPI | C119: 3363 | D119: GUINDAUTO HIDRAULICO, CAPACIDADE MAXIMA DE CARGA 6200 KG, MOMENTO MAXIMO DE CARGA 11,7 TM , ALCANCE MAXIMO HORIZONTAL 9,70 M, PARA MONTAGEM SOBRE CHASSI DE CAMINHAO PBT MINIMO 13000 KG (INCLUI MONTAGEM, NAO INCLUI CAMINHAO) | E119: Equipamento | F119: UN | G119: 0.0081576 | I119: 139625 | K119: 1139 | M119: 1139 | N119: 0.0002 | O119: 0.9963 | P119: C
A120: 111 | B120: SICRO3 | C120: P9801 | D120: Ajudante | E120: Mão de Obra | F120: h | G120: 54.72019 | I120: 20.2 | K120: 1105.61 | M120: 1105.61 | N120: 0.0002 | O120: 0.9965 | P120: C
A121: 112 | B121: SICRO3 | C121: M1429 | D121: Tábua de pinho de terceira - E = 2,5 cm | E121: Material | F121: m2 | G121: 23.510045 | I121: 46.8 | K121: 1100.31 | M121: 1100.31 | N121: 0.0002 | O121: 0.9966 | P121: C
A122: 113 | B122: SINAPI | C122: 43677 | D122: CHAPA/PAINEL DE MADEIRA COMPENSADA RESINADA (MADEIRITE RESINADO ROSA) PARA FORMA DE CONCRETO, DE 2200 X 1100 MM, E = 20 MM | E122: Material | F122: M2 | G122: 16.054344 | I122: 67.13 | K122: 1077.73 | M122: 1077.73 | N122: 0.0002 | O122: 0.9968 | P122: C
A123: 114 | B123: SINAPI | C123: 43466 | D123: FERRAMENTAS - FAMILIA PINTOR - HORISTA (ENCARGOS COMPLEMENTARES - COLETADO CAIXA) | E123: Equipamento | F123: H | G123: 500.05471 | I123: 1.97 | K123: 985.11 | M123: 985.11 | N123: 0.0002 | O123: 0.997 | P123: C
A124: 115 | B124: SINAPI | C124: 44503 | D124: JARDINEIRO (HORISTA) | E124: Mão de Obra | F124: H | G124: 76.22054 | I124: 12.9 | K124: 983.24 | M124: 983.24 | N124: 0.0002 | O124: 0.9972 | P124: C
A125: 116 | B125: SICRO3 | C125: M0191 | D125: Brita 1 | E125: Material | F125: m3 | G125: 4.9813578 | I125: 186.62 | K125: 929.61 | M125: 929.61 | N125: 0.0002 | O125: 0.9973 | P125: C
A126: 117 | B126: SICRO3 | C126: M0192 | D126: Brita 2 | E126: Material | F126: m3 | G126: 4.9813578 | I126: 184.38 | K126: 918.49 | M126: 918.49 | N126: 0.0002 | O126: 0.9975 | P126: C
A127: 118 | B127: SINAPI | C127: 7592 | D127: TOPOGRAFO (HORISTA) | E127: Mão de Obra | F127: H | G127: 33.964502 | I127: 26.42 | K127: 897.34 | M127: 897.34 | N127: 0.0002 | O127: 0.9976 | P127: C
A128: 119 | B128: SINAPI | C128: 367 | D128: AREIA GROSSA - POSTO JAZIDA/FORNECEDOR (RETIRADO NA JAZIDA, SEM TRANSPORTE) | E128: Material | F128: M3 | G128: 9.143681 | I128: 96.24 | K128: 879.99 | M128: 879.99 | N128: 0.0001 | O128: 0.9978 | P128: C
A129: 120 | B129: SINAPI | C129: 43490 | D129: EPI - FAMILIA PINTOR - HORISTA (ENCARGOS COMPLEMENTARES - COLETADO CAIXA) | E129: Equipamento | F129: H | G129: 500.05471 | I129: 1.73 | K129: 865.09 | M129: 865.09 | N129: 0.0001 | O129: 0.9979 | P129: C
A130: 121 | B130: SINAPI | C130: 2705 | D130: ENERGIA ELETRICA ATE 2000 KWH INDUSTRIAL, SEM DEMANDA | E130: Material | F130: KWH | G130: 721.38861 | I130: 1.17 | K130: 844.02 | M130: 844.02 | N130: 0.0001 | O130: 0.998 | P130: C
A131: 122 | B131: SINAPI | C131: 43487 | D131: EPI - FAMILIA ENCARREGADO GERAL - HORISTA (ENCARGOS COMPLEMENTARES - COLETADO CAIXA) | E131: Equipamento | F131: H | G131: 660 | I131: 1.25 | K131: 825 | M131: 825 | N131: 0.0001 | O131: 0.9982 | P131: C
A132: 123 | B132: SINAPI | C132: 39017 | D132: ESPACADOR / DISTANCIADOR CIRCULAR COM ENTRADA LATERAL, EM PLASTICO, PARA VERGALHAO *4,2 A 12,5* MM, COBRIMENTO 20 MM | E132: Material | F132: UN | G132: 3263.51 | I132: 0.22 | K132: 717.97 | M132: 717.97 | N132: 0.0001 | O132: 0.9983 | P132: C
A133: 124 | B133: SINAPI | C133: 10535 | D133: BETONEIRA CAPACIDADE NOMINAL 400 L, CAPACIDADE DE MISTURA 280 L, MOTOR ELETRICO TRIFASICO 220/380 V POTENCIA 2 CV, SEM CARREGADOR | E133: Equipamento | F133: UN | G133: 0.1130863 | I133: 6214 | K133: 702.72 | M133: 702.72 | N133: 0.0001 | O133: 0.9984 | P133: C
A134: 125 | B134: SINAPI | C134: 6114 | D134: AJUDANTE DE ARMADOR (HORISTA) | E134: Mão de Obra | F134: H | G134: 56.989912 | I134: 12.3 | K134: 700.98 | M134: 700.98 | N134: 0.0001 | O134: 0.9985 | P134: C
A135: 126 | B135: SINAPI | C135: 6212 | D135: TABUA *2,5 X 30 CM EM PINUS, MISTA OU EQUIVALENTE DA REGIAO - BRUTA | E135: Material | F135: M | G135: 39.9168 | I135: 16.94 | K135: 676.19 | M135: 676.19 | N135: 0.0001 | O135: 0.9987 | P135: C
...

Sheet CURVA ABC SERVIÇOS
F2: BDI Padrão: 29,770%
A3: Bancos: SICRO3: PA 10/2023, SINAPI: PA 01/2024 (Preço desonerado) | D3: =PLANILHA!A4 -> OBJETO: CONTRATAÇÃO DE EMPRESA ESPECIALIZADA EM ENGENHARIA PARA EXECUÇÃO DE SERVIÇOS DE DRENAGEM, TERRAPLENAGEM E PAVIMENTAÇÃO ASFÁLTICA, LOCALIZADA NA AV. MAÇARANDUBA, RUA DEUSANIRA, AV. BRAGANÇA, RUA GRAVIOLA, RUA JAMBEIRO, RUA ÓBIDOS, RUA SÃO MIGUEL E RUA SEBERI NA CIDADE DE TUCUMÃ NO ESTADO DO PARÁ
D5: Curva ABC de Composições (Serviços)
A8: Seq. | B8: Banco | C8: Código | D8: Descrição | E8: Tipo | F8: Unidade | G8: Qtd. | H8: Preço | I8: Total | J8: % | K8: % Acumulada | L8: Classe
A9: 1 | B9: SINAPI | C9: 95995 | D9: EXECUÇÃO DE PAVIMENTO COM APLICAÇÃO DE CONCRETO ASFÁLTICO, CAMADA DE ROLAMENTO - EXCLUSIVE CARGA E TRANSPORTE. AF_11/2019 | E9: PAVIMENTACAO | F9: M3 | G9: 897.45 | H9: =PLANILHA!H73 -> 3335.41 | I9: =TRUNC(H9*G9,2) -> 2993363.7 | J9: =I9/$I$48 -> 0.38879774 | K9: =J9 -> 0.38879774 | L9: A
A10: 2 | B10: SINAPI | C10: 94994 | D10: EXECUÇÃO DE PASSEIO (CALÇADA) OU PISO DE CONCRETO COM CONCRETO MOLDADO IN LOCO, FEITO EM OBRA, ACABAMENTO CONVENCIONAL, ESPESSURA 8 CM, ARMADO. AF_08/2022 | E10: PISOS | F10: M2 | G10: 5547 | H10: =PLANILHA!H87 -> 143.57 | I10: =TRUNC(H10*G10,2) -> 796382.79 | J10: =I10/$I$48 -> 0.10343943 | K10: =J10+K9 -> 0.49223716 | L10: A
A11: 3 | B11: SINAPI | C11: 92223 | D11: TUBO DE CONCRETO PARA REDES COLETORAS DE ÁGUAS PLUVIAIS, DIÂMETRO DE 800 MM, JUNTA RÍGIDA, INSTALADO EM LOCAL COM ALTO NÍVEL DE INTERFERÊNCIAS - FORNECIMENTO E ASSENTAMENTO. AF_12/2015 | E11: ASSENTAMENTO DE TUBOS E PECAS | F11: M | G11: 1065.64 | H11: =PLANILHA!H35 -> 619.06 | I11: =TRUNC(H11*G11,2) -> 659695.09 | J11: =I11/$I$48 -> 0.085685531 | K11: =J11+K10 -> 0.57792269 | L11: A
A12: 4 | B12: SINAPI | C12: 95875 | D12: TRANSPORTE COM CAMINHÃO BASCULANTE DE 10 M³, EM VIA URBANA PAVIMENTADA, DMT ATÉ 30 KM (UNIDADE: M3XKM). AF_07/2020 | E12: TRANPORTES, CARGAS E DESCARGAS | F12: M3XKM | G12: 198517.86 | H12: =PLANILHA!H64 -> 3.21 | I12: =TRUNC(H12*G12,2) -> 637242.33 | J12: =I12/$I$48 -> 0.082769219 | K12: =J12+K11 -> 0.66069191 | L12: A
A13: 5 | B13: SINAPI | C13: 94267 | D13: GUIA (MEIO-FIO) E SARJETA CONJUGADOS DE CONCRETO, MOLDADA IN LOCO EM TRECHO RETO COM EXTRUSORA, 45 CM BASE (15 CM BASE DA GUIA + 30 CM BASE DA SARJETA) X 22 CM ALTURA. AF_06/2016 | E13: DRENAGEM/OBRAS DE CONTENCAO/POCOS DE VISITA E CAIXAS | F13: M | G13: 5544.83 | H13: =PLANILHA!H83 -> 85.51 | I13: =TRUNC(H13*G13,2) -> 474138.41 | J13: =I13/$I$48 -> 0.061584211 | K13: =J13+K12 -> 0.72227612 | L13: A
A14: 6 | B14: SINAPI | C14: 101126 | D14: ESCAVAÇÃO HORIZONTAL, INCLUINDO CARGA E DESCARGA EM SOLO DE 1A CATEGORIA COM TRATOR DE ESTEIRAS (170HP/LÂMINA: 5,20M3). AF_07/2020 | E14: MOVIMENTO DE TERRA | F14: M3 | G14: 19173.67 | H14: =PLANILHA!H63 -> 17.32 | I14: =TRUNC(H14*G14,2) -> 332087.96 | J14: =I14/$I$48 -> 0.043133765 | K14: =J14+K13 -> 0.76540989 | L14: A
A15: 7 | B15: SINAPI | C15: 101768 | D15: EXECUÇÃO E COMPACTAÇÃO DE BASE E OU SUB BASE PARA PAVIMENTAÇÃO DE SOLO ESTABILIZADO GRANULOMETRICAMENTE SEM MISTURA DE SOLOS - EXCLUSIVE SOLO, ESCAVAÇÃO, CARGA E TRANSPORTE. AF_11/2019 | E15: PAVIMENTACAO | F15: M3 | G15: 8101.44 | H15: =PLANILHA!H65 -> 31.07 | I15: =TRUNC(H15*G15,2) -> 251711.74 | J15: =I15/$I$48 -> 0.032693974 | K15: =J15+K14 -> 0.79810386 | L15: A
A16: 8 | B16: Próprio | C16: 8 | D16: EXECUÇÃO DE IMPRIMAÇÃO DE BASE DE PAVIMENTAÇÃO | E16: PAVIMENTACAO | F16: M2 | G16: 17949 | H16: =PLANILHA!H70 -> 10.52 | I16: =TRUNC(H16*G16,2) -> 188823.48 | J16: =I16/$I$48 -> 0.024525634 | K16: =J16+K15 -> 0.8226295 | L16: B
A17: 9 | B17: SINAPI | C17: 99267 | D17: BASE PARA POÇO DE VISITA RETANGULAR PARA DRENAGEM, EM ALVENARIA COM BLOCOS DE CONCRETO, DIMENSÕES INTERNAS = 1X2,5 M, PROFUNDIDADE = 1,40 M, EXCLUINDO TAMPÃO. AF_12/2020 | E17: DRENAGEM/OBRAS DE CONTENCAO/POCOS DE VISITA E CAIXAS | F17: UN | G17: 23 | H17: =PLANILHA!H39 -> 6562.4 | I17: =TRUNC(H17*G17,2) -> 150935.2 | J17: =I17/$I$48 -> 0.019604455 | K17: =J17+K16 -> 0.84223395 | L17: B
A18: 10 | B18: Próprio | C18: 1 | D18: ADMINISTRAÇÃO LOCAL DA OBRA | E18: SERVICOS DIVERSOS | F18: MÊS | G18: 3 | H18: =PLANILHA!H9 -> 48533.98 | I18: =TRUNC(H18*G18,2) -> 145601.94 | J18: =I18/$I$48 -> 0.018911736 | K18: =J18+K17 -> 0.86114569 | L18: B
A19: 11 | B19: SINAPI | C19: 97949 | D19: CAIXA PARA BOCA DE LOBO SIMPLES RETANGULAR, EM ALVENARIA COM TIJOLOS CERÂMICOS MACIÇOS, DIMENSÕES INTERNAS: 0,6X1X1,2 M. AF_12/2020 | E19: DRENAGEM/OBRAS DE CONTENCAO/POCOS DE VISITA E CAIXAS | F19: UN | G19: 44 | H19: =PLANILHA!H41 -> 2465.75 | I19: =TRUNC(H19*G19,2) -> 108493 | J19: =I19/$I$48 -> 0.014091783 | K19: =J19+K18 -> 0.87523747 | L19: B
A20: 12 | B20: SINAPI | C20: 93369 | D20: REATERRO MECANIZADO DE VALA COM ESCAVADEIRA HIDRÁULICA (CAPACIDADE DA CAÇAMBA: 0,8 M³ / POTÊNCIA: 111 HP), LARGURA DE 1,5 A 2,5 M, PROFUNDIDADE DE 1,5 A 3,0 M, COM SOLO (SEM SUBSTITUIÇÃO) DE 1ª CATEGORIA EM LOCAIS COM BAIXO NÍVEL DE INTERFERÊNCIA. AF_04/2016 | E20: MOVIMENTO DE TERRA | F20: M3 | G20: 4932.02 | H20: =PLANILHA!H38 -> 20.58 | I20: =TRUNC(H20*G20,2) -> 101500.97 | J20: =I20/$I$48 -> 0.013183613 | K20: =J20+K19 -> 0.88842108 | L20: B
A21: 13 | B21: Próprio | C21: 96402 | D21: EXECUÇÃO DE PINTURA DE LIGAÇÃO COM EMULSÃO ASFÁLTICA RR-2C. AF_11/2019 | E21: PAVIMENTACAO | F21: M2 | G21: 17949 | H21: =PLANILHA!H71 -> 4.97 | I21: =TRUNC(H21*G21,2) -> 89206.53 | J21: =I21/$I$48 -> 0.01158673 | K21: =J21+K20 -> 0.90000781 | L21: B
A22: 14 | B22: SINAPI | C22: 100576 | D22: REGULARIZAÇÃO E COMPACTAÇÃO DE SUBLEITO DE SOLO PREDOMINANTEMENTE ARGILOSO. AF_11/2019 | E22: PAVIMENTACAO | F22: M2 | G22: 22558.35 | H22: =PLANILHA!H53 -> 3.23 | I22: =TRUNC(H22*G22,2) -> 72863.47 | J22: =I22/$I$48 -> 0.009463986 | K22: =J22+K21 -> 0.9094718 | L22: C
A23: 15 | B23: SINAPI | C23: 92226 | D23: TUBO DE CONCRETO PARA REDES COLETORAS DE ÁGUAS PLUVIAIS, DIÂMETRO DE 1000 MM, JUNTA RÍGIDA, INSTALADO EM LOCAL COM ALTO NÍVEL DE INTERFERÊNCIAS - FORNECIMENTO E ASSENTAMENTO. AF_12/2015 | E23: ASSENTAMENTO DE TUBOS E PECAS | F23: M | G23: 88.4 | H23: =PLANILHA!H34 -> 748.5 | I23: =TRUNC(H23*G23,2) -> 66167.4 | J23: =I23/$I$48 -> 0.0085942565 | K23: =J23+K22 -> 0.91806606 | L23: C
A24: 16 | B24: SINAPI | C24: 97635 | D24: REMOÇÃO DE PISO DE BLOCO INTERTRAVADO OU DE PEDRA PORTUGUESA, DE FORMA MANUAL, COM REAPROVEITAMENTO. AF_09/2023 | E24: - | F24: M2 | G24: 3336 | H24: =PLANILHA!H20 -> 19.8 | I24: =TRUNC(H24*G24,2) -> 66052.8 | J24: =I24/$I$48 -> 0.0085793715 | K24: =J24+K23 -> 0.92664543 | L24: C
A25: 17 | B25: SINAPI | C25: 90087 | D25: ESCAVAÇÃO MECANIZADA DE VALA COM PROF. DE 3,0 M ATÉ 4,5 M(MÉDIA MONTANTE E JUSANTE/UMA COMPOSIÇÃO POR TRECHO), ESCAVADEIRA (1,2 M3), LARG. DE 1,5 M A 2,5 M, EM SOLO DE 1A CATEGORIA, EM LOCAIS COM ALTO NÍVEL DE INTERFERÊNCIA. AF_02/2021 | E25: MOVIMENTO DE TERRA | F25: M3 | G25: 5257.01 | H25: =PLANILHA!H30 -> 12.13 | I25: =TRUNC(H25*G25,2) -> 63767.53 | J25: =I25/$I$48 -> 0.0082825456 | K25: =J25+K24 -> 0.93492797 | L25: C
A26: 18 | B26: SINAPI | C26: 92219 | D26: TUBO DE CONCRETO PARA REDES COLETORAS DE ÁGUAS PLUVIAIS, DIÂMETRO DE 400 MM, JUNTA RÍGIDA, INSTALADO EM LOCAL COM ALTO NÍVEL DE INTERFERÊNCIAS - FORNECIMENTO E ASSENTAMENTO. AF_12/2015 | E26: ASSENTAMENTO DE TUBOS E PECAS | F26: M | G26: 274.01 | H26: =PLANILHA!H36 -> 222.29 | I26: =TRUNC(H26*G26,2) -> 60909.68 | J26: =I26/$I$48 -> 0.0079113493 | K26: =J26+K25 -> 0.94283932 | L26: C
A27: 19 | B27: SINAPI | C27: 102512 | D27: PINTURA DE EIXO VIÁRIO SOBRE ASFALTO COM TINTA RETRORREFLETIVA A BASE DE RESINA ACRÍLICA COM MICROESFERAS DE VIDRO, APLICAÇÃO MECÂNICA COM DEMARCADORA AUTOPROPELIDA. AF_05/2021 | E27: PINTURAS | F27: M | G27: 8633.45 | H27: =PLANILHA!H77 -> 6.85 | I27: =TRUNC(H27*G27,2) -> 59139.13 | J27: =I27/$I$48 -> 0.0076813786 | K27: =J27+K26 -> 0.9505207 | L27: C
A28: 20 | B28: SINAPI | C28: 97636 | D28: DEMOLIÇÃO PARCIAL DE PAVIMENTO ASFÁLTICO, DE FORMA MECANIZADA, SEM REAPROVEITAMENTO. AF_12/2017 | E28: SERVICOS PRELIMINARES | F28: M2 | G28: 2110.46 | H28: =PLANILHA!H19 -> 27.45 | I28: =TRUNC(H28*G28,2) -> 57932.12 | J28: =I28/$I$48 -> 0.0075246042 | K28: =J28+K27 -> 0.9580453 | L28: C
A29: 21 | B29: SINAPI | C29: 100323 | D29: LASTRO COM MATERIAL GRANULAR (AREIA MÉDIA), APLICADO EM PISOS OU LAJES SOBRE SOLO, ESPESSURA DE *10 CM*. AF_07/2019 | E29: FUNDACOES E ESTRUTURAS | F29: M3 | G29: 234.16 | H29: =PLANILHA!H33 -> 214.15 | I29: =TRUNC(H29*G29,2) -> 50145.36 | J29: =I29/$I$48 -> 0.0065132087 | K29: =J29+K28 -> 0.96455851 | L29: C
A30: 22 | B30: Próprio | C30: 3 | D30: MOBILIZAQÇÃO E DESMOBILIZAÇÃO DA OBRA | E30: CANTEIRO DE OBRAS | F30: UN | G30: 1 | H30: =PLANILHA!H26 -> 47992.78 | I30: =TRUNC(H30*G30,2) -> 47992.78 | J30: =I30/$I$48 -> 0.0062336175 | K30: =J30+K29 -> 0.97079213 | L30: C
A31: 23 | B31: SINAPI | C31: 102740 | D31: BOCA PARA BUEIRO SIMPLES TUBULAR D = 100 CM EM CONCRETO, ALAS COM ESCONSIDADE DE 0°, INCLUINDO FÔRMAS E MATERIAIS. AF_07/2021 | E31: DRENAGEM/OBRAS DE CONTENCAO/POCOS DE VISITA E CAIXAS | F31: UN | G31: 5 | H31: =PLANILHA!H42 -> 7701.62 | I31: =TRUNC(H31*G31,2) -> 38508.1 | J31: =I31/$I$48 -> 0.0050016849 | K31: =J31+K30 -> 0.97579382 | L31: C
A32: 24 | B32: SINAPI | C32: 104790 | D32: DEMOLIÇÃO DE PISO DE CONCRETO SIMPLES, DE FORMA MECANIZADA COM MARTELETE, SEM REAPROVEITAMENTO. AF_09/2023 | E32: - | F32: M3 | G32: 290.83 | H32: =PLANILHA!H17 -> 126.77 | I32: =TRUNC(H32*G32,2) -> 36868.51 | J32: =I32/$I$48 -> 0.0047887242 | K32: =J32+K31 -> 0.98058254 | L32: C
A33: 25 | B33: SINAPI | C33: 101617 | D33: PREPARO DE FUNDO DE VALA COM LARGURA MAIOR OU IGUAL A 1,5 M E MENOR QUE 2,5 M (ACERTO DO SOLO NATURAL). AF_08/2020 | E33: MOVIMENTO DE TERRA | F33: M2 | G33: 7888.55 | H33: =PLANILHA!H86 -> 3.69 | I33: =TRUNC(H33*G33,2) -> 29108.74 | J33: =I33/$I$48 -> 0.0037808343 | K33: =J33+K32 -> 0.98436337 | L33: C
A34: 26 | B34: SICRO3 | C34: 2003457 | D34: Dissipador de energia - DEB 05 - areia e pedra de mão comerciais | E34: CLASSE SICRO3 | F34: un | G34: 5 | H34: =PLANILHA!H43 -> 4023.5 | I34: =TRUNC(H34*G34,2) -> 20117.5 | J34: =I34/$I$48 -> 0.002612993 | K34: =J34+K33 -> 0.98697637 | L34: C
A35: 27 | B35: SINAPI | C35: 100950 | D35: TRANSPORTE COM CAMINHÃO CARROCERIA COM GUINDAUTO (MUNCK), MOMENTO MÁXIMO DE CARGA 11,7 TM, EM VIA URBANA EM LEITO NATURAL (UNIDADE: TXKM). AF_07/2020 | E35: TRANPORTES, CARGAS E DESCARGAS | F35: TXKM | G35: 3953 | H35: =PLANILHA!H37 -> 4.68 | I35: =TRUNC(H35*G35,2) -> 18500.04 | J35: =I35/$I$48 -> 0.0024029067 | K35: =J35+K34 -> 0.98937927 | L35: C
A36: 28 | B36: SINAPI | C36: 95876 | D36: TRANSPORTE COM CAMINHÃO BASCULANTE DE 14 M³, EM VIA URBANA PAVIMENTADA, DMT ATÉ 30 KM (UNIDADE: M3XKM). AF_07/2020 | E36: TRANPORTES, CARGAS E DESCARGAS | F36: M3XKM | G36: 5384.7 | H36: =PLANILHA!H72 -> 2.81 | I36: =TRUNC(H36*G36,2) -> 15131 | J36: =I36/$I$48 -> 0.0019653137 | K36: =J36+K35 -> 0.99134459 | L36: C
A37: 29 | B37: SINAPI | C37: 98525 | D37: LIMPEZA MECANIZADA DE CAMADA VEGETAL, VEGETAÇÃO E PEQUENAS ÁRVORES (DIÂMETRO DE TRONCO MENOR QUE 0,20 M), COM TRATOR DE ESTEIRAS.AF_05/2018 | E37: URBANIZACAO | F37: M2 | G37: 25258.83 | H37: =PLANILHA!H50 -> 0.49 | I37: =TRUNC(H37*G37,2) -> 12376.82 | J37: =I37/$I$48 -> 0.0016075827 | K37: =J37+K36 -> 0.99295217 | L37: C
A38: 30 | B38: SINAPI | C38: 102498 | D38: PINTURA DE MEIO-FIO COM TINTA BRANCA A BASE DE CAL (CAIAÇÃO). AF_05/2021 | E38: PINTURAS | F38: M | G38: 5544.83 | H38: =PLANILHA!H88 -> 2.11 | I38: =TRUNC(H38*G38,2) -> 11699.59 | J38: =I38/$I$48 -> 0.0015196196 | K38: =J38+K37 -> 0.99447179 | L38: C
A39: 31 | B39: Próprio | C39: 2 | D39: LOCAÇÃO DE CONTAINER PARA ESCRITÓRIO/VESTIÁRIOS E ALMOXARIFADO | E39: CANTEIRO DE OBRAS | F39: MÊS | G39: 3 | H39: =PLANILHA!H15 -> 3264.5 | I39: =TRUNC(H39*G39,2) -> 9793.5 | J39: =I39/$I$48 -> 0.0012720441 | K39: =J39+K38 -> 0.99574383 | L39: C
A40: 32 | B40: SINAPI | C40: 100982 | D40: CARGA, MANOBRA E DESCARGA DE ENTULHO EM CAMINHÃO BASCULANTE 10 M³ - CARGA COM ESCAVADEIRA HIDRÁULICA (CAÇAMBA DE 0,80 M³ / 111 HP) E DESCARGA LIVRE (UNIDADE: M3). AF_07/2020 | E40: TRANPORTES, CARGAS E DESCARGAS | F40: M3 | G40: 678.12 | H40: =PLANILHA!H21 -> 11.61 | I40: =TRUNC(H40*G40,2) -> 7872.97 | J40: =I40/$I$48 -> 0.001022593 | K40: =J40+K39 -> 0.99676643 | L40: C
A41: 33 | B41: SICRO3 | C41: 5213858 | D41: Fornecimento e implantação de suporte metálico galvanizado para placa de regulamentação - R1 - lado de 0,497 m | E41: CLASSE SICRO3 | F41: un | G41: 12 | H41: =PLANILHA!H79 -> 587.41 | I41: =TRUNC(H41*G41,2) -> 7048.92 | J41: =I41/$I$48 -> 0.00091556002 | K41: =J41+K40 -> 0.99768199 | L41: C
A42: 34 | B42: SINAPI | C42: 104796 | D42: DEMOLIÇÃO DE GUIAS, SARJETAS OU SARJETÕES, DE FORMA MECANIZADA, SEM REAPROVEITAMENTO. AF_09/2023 | E42: - | F42: M | G42: 330.64 | H42: =PLANILHA!H18 -> 16.29 | I42: =TRUNC(H42*G42,2) -> 5386.12 | J42: =I42/$I$48 -> 0.00069958464 | K42: =J42+K41 -> 0.99838157 | L42: C
A43: 35 | B43: SINAPI | C43: 90084 | D43: ESCAVAÇÃO MECANIZADA DE VALA COM PROF. MAIOR QUE 1,5 M ATÉ 3,0 M (MÉDIA MONTANTE E JUSANTE/UMA COMPOSIÇÃO POR TRECHO), ESCAVADEIRA (0,8 M3), LARGURA ATÉ 1,5 M, EM SOLO DE 1A CATEGORIA, EM LOCAIS COM ALTO NÍVEL DE INTERFERÊNCIA. AF_02/2021 | E43: MOVIMENTO DE TERRA | F43: M3 | G43: 314.5 | H43: =PLANILHA!H31 -> 13.97 | I43: =TRUNC(H43*G43,2) -> 4393.56 | J43: =I43/$I$48 -> 0.00057066443 | K43: =J43+K42 -> 0.99895224 | L43: C
A44: 36 | B44: SICRO3 | C44: 5213440 | D44: Fornecimento e implantação de placa de regulamentação em aço D = 0,60 m - película retrorrefletiva tipo I e SI | E44: CLASSE SICRO3 | F44: un | G44: 12 | H44: =PLANILHA!H78 -> 327.95 | I44: =TRUNC(H44*G44,2) -> 3935.4 | J44: =I44/$I$48 -> 0.0005111556 | K44: =J44+K43 -> 0.99946339 | L44: C
A45: 37 | B45: Próprio | C45: 103689 | D45: FORNECIMENTO E INSTALAÇÃO DE PLACA DE OBRA COM CHAPA GALVANIZADA E ESTRUTURA DE MADEIRA. AF_03/2022_PS | E45: PAVIMENTACAO | F45: M2 | G45: 6 | H45: =PLANILHA!H14 -> 401.63 | I45: =TRUNC(H45*G45,2) -> 2409.78 | J45: =I45/$I$48 -> 0.00031299805 | K45: =J45+K44 -> 0.99977639 | L45: C
A46: 38 | B46: SINAPI | C46: 99064 | D46: LOCAÇÃO DE PAVIMENTAÇÃO. AF_10/2018 | E46: SERVICOS TECNICOS | F46: M | G46: 2869.3 | H46: =PLANILHA!H47 -> 0.6 | I46: =TRUNC(H46*G46,2) -> 1721.58 | J46: =I46/$I$48 -> 0.00022361012 | K46: =J46+K45 -> 1 | L46: C
G48: Total com BDI | I48: =SUM(I9:I47) -> 7699025.5

Sheet COTAÇÃO
A5: MAPA DE COTAÇÃO
D6: FORNEC. 1 | E6: FORNEC. 3 | F6: FORNEC. 1 | G6: FORNEC. 3 | H6: FORNECEDOR 1 | I6: FORNECEDOR 2 | J6: FORNECEDOR 3 | K6: FORNECEDOR 4 | L6: MÉDIA
A7: EMPRESA | D7: EMAN ASFALTO | E7: ASFALTOS NORDESTE | F7: EMAN ASFALTO | G7: ASFALTOS NORDESTE | H7: EMAN ASFALTO | I7: CBA ASFALTO | J7: ASFALTOS NORDESTE | K7: GRECA ASFALTO
A8: TELEFONE | H8: (31) 99708-2988 | I8: (91)3269-0011 | J8: (85) 3311-2844 | K8: (85) 4011-8600
A9: DATA | H9: 45313 | I9: 45328 | J9: 45337 | K9: 45338
A10: ENDEREÇO | H10: ACARÁ - PA | I10: ANANINDEUA PA | J10: MARACANAÚ / CEARÁ | K10: MARACANAÚ / CEARÁ
A11: CONTATO | H11: DANIEL RIBEIRO | I11: JULIANA CAROLINE | J11: FRANCINY | K11: TATIANA
A12: ITEM | B12: PRODUTO | C12: UND | D12: PREÇO | E12: PREÇO | F12: FRETE | G12: FRETE | H12: PREÇO FINAL | I12: PREÇO FINAL | J12: PREÇO FINAL | K12: PREÇO FINAL | L12: MÉDIA
A13: 1 | B13: Emulsão de Imprimação - EAI | C13: T | D13: 5408 | E13: 4110 | F13: 710 | G13: 2850 | H13: =D13+F13 -> 6118 | I13: 5900 | J13: =E13+G13 -> 6960 | K13: 4395.12 | L13: =AVERAGE(H13:K13) -> 5843.28
A14: 2 | B14: Cimento Asfaltico CAP 50/70 | C14: T | D14: 7929 | E14: 6080 | F14: 710 | G14: 2850 | H14: =D14+F14 -> 8639 | I14: 7200 | J14: =E14+G14 -> 8930 | K14: 5854.01 | L14: =AVERAGE(H14:K14) -> 7655.7525
A15: 3 | B15: Emulão asfáltica RR2C | C15: T | D15: 6260 | E15: 4410 | F15: 710 | G15: 2850 | H15: =D15+F15 -> 6970 | I15: 6937 | J15: =E15+G15 -> 7260 | K15: 4877.3 | L15: =AVERAGE(H15:K15) -> 6511.075

Sheet DADOS
A4: EMPOLAMENTO DE TRANSPORTE | B4: 0.25
A5: DISTÂNCIA MÉDIA DE TRANSPORTE - BOTA FORA | B5: 8
A6: DISTÂNCIA MÉDIA DE TRANSPORTE - JAZIDA | B6: 8
A7: CONSIDERADO 10% DE DEMOLIÇÃO E RETIRADA DE MEIO FIO | B7: =PLANILHA!F18 -> 330.64
A8: CONSIDERADO 10% DE DEMOLIÇÃO E RETIRADA REVESTIMENTO ASFALTICO | B8: 0.1
A9: MASSA ESPECÍFICA DE SOLOS (SOLTA) | B9: 1.875
A10: DISTÂNCIA MÉDIA DA USINA DE ASFALTO | B10: 6
